Workbook

Sheet Смета 12 гр. по ФЕР
A1: =Source!B1 -> Smeta.RU (495) 974-1589 | J1: ПРИЛОЖЕНИЕ 1 к ФОРМЕ 7
B6: СМЕТА
B7: =IF(Source!G20<>"Новая локальная смета", Source!G20, "")
B9: =IF(Source!G12<>"Новый объект", Source!G12, "") -> на капитальный ремонт помещения №8 спортивного корпуса №№5,6,7,8 вспомогательных спортивных и хозяйственных помещений Снежинского физико-технического института - филиала НИЯУ МИФИ (СФТИ НИЯУ МИФИ) по адресу: Челябинская область,г.Снежинск,ул.Комсомольская,8 | AD9: =IF(Source!G12<>"Новый объект", Source!G12, "") -> на капитальный ремонт помещения №8 спортивного корпуса №№5,6,7,8 вспомогательных спортивных и хозяйственных помещений Снежинского физико-технического института - филиала НИЯУ МИФИ (СФТИ НИЯУ МИФИ) по адресу: Челябинская область,г.Снежинск,ул.Комсомольская,8
G12: базовая цена | I12: текущая цена
C13: Сметная стоимость | G13: =SUM(O24:O745)/1000 -> 582.17763 | I13: =(Source!F346/1000) -> 4177.684 | K13: тыс. руб.
C14: Строительные работы | G14: =SUM(W24:W745)/1000 -> 558.4385 | I14: =(Source!F333)/1000 -> 3396.0763 | K14: тыс. руб.
C15: Монтажные работы | G15: =SUM(X24:X745)/1000 -> 23.73913 | I15: =(Source!F334)/1000 -> 144.33388 | K15: тыс. руб.
C16: Оборудование | G16: =SUM(Y24:Y745)/1000 -> 0 | I16: =(Source!F325)/1000 -> 0 | K16: тыс. руб.
C17: Прочие работы | G17: =SUM(Z24:Z745)/1000 -> 0 | I17: =(Source!F335+Source!F336)/1000 -> 0 | K17: тыс. руб.
C18: Нормативная трудоемкость | G18: =I18 -> 4083.4615 | I18: =(Source!F338+Source!F339) -> 4083.4615 | K18: чел. -ч.
C19: Средства на оплату труда | G19: =SUM(R24:R745)/1000 -> 36.36576 | I19: =(Source!F331+ Source!F330)/1000 -> 221.10401 | K19: тыс. руб.
A21: Составлена в ценах IV квартал 2017 года
A22: № п/п | B22: Шифр расценки и коды ресурсов | C22: Наименование работ и затрат | D22: Ед. изм. | E22: Кол-во единиц | F22: Цена на ед. изм. | G22: Попра-вочные коэфф. | H22: Стоимость в ценах 2001г. | I22: Пункт коэфф. пересчета | J22: Коэфф. пересчета | K22: Стоимость в текущих ценах | L22: ЗТР всего чел.-час
A23: 1 | B23: 2 | C23: 3 | D23: 4 | E23: 5 | F23: 6 | G23: 7 | H23: 8 | I23: 9 | J23: 10 | K23: 11 | L23: 12
A24: =CONCATENATE("Раздел: ",IF(Source!G24<>"Новый раздел", Source!G24, "")) -> Раздел: 1 Общестроительные работы
A25: =Source!E28 -> 1 | B25: =Source!F28 -> 08-07-002-01 | C25: =Source!G28 -> Установка и разборка внутренних трубчатых инвентарных лесов при высоте помещений до 6 м | D25: =Source!H28 -> 100 м2 | E25: =Source!I28 -> 1.342 | F25: =Source!AL28+Source!AM28+Source!AO28 -> 812.07 | I25: =Source!BO28 | S25: =ROUND((Source!FX28/100)*((ROUND(Source!AF28*Source!I28, 2)+ROUND(Source!AE28*Source!I28, 2))), 2) -> 1031.64 | T25: =Source!X28 -> 6283.79 | U25: =ROUND((Source!FY28/100)*((ROUND(Source!AF28*Source!I28, 2)+ROUND(Source!AE28*Source!I28, 2))), 2) -> 638.9 | V25: =Source!Y28 -> 3884.53
C26: ="Объем: "&Source!I28&"=134,2/"&"100" -> Объем: 1,342=134,2/100
C27: Зарплата | F27: =Source!AO28 -> 606.53 | G27: =Source!DG28 -> )*1,15 | H27: =ROUND(Source!AF28*Source!I28, 2) -> 936.06 | J27: =IF(Source!BA28<> 0, Source!BA28, 1) -> 6.08 | K27: =Source!S28 -> 5691.24 | R27: =H27 -> 936.06
C28: Эксплуатация машин | F28: =Source!AM28 -> 11.83 | G28: =Source!DE28 -> )*1,25 | H28: =ROUND(Source!AD28*Source!I28, 2) -> 19.85 | J28: =IF(Source!BB28<> 0, Source!BB28, 1) -> 6.08 | K28: =Source!Q28 -> 120.68
C29: в т.ч. зарплата машинистов | F29: =Source!AN28 -> 2.09 | G29: =Source!DF28 -> )*1,25 | H29: =ROUND(Source!AE28*Source!I28, 2) -> 3.5 | J29: =IF(Source!BS28<> 0, Source!BS28, 1) -> 6.08 | K29: =Source!R28 -> 21.3 | R29: =H29 -> 3.5
C30: Материальные ресурсы | F30: =Source!AL28 -> 193.71 | G30: =Source!DD28 | H30: =ROUND(Source!AC28*Source!I28, 2) -> 259.96 | J30: =IF(Source!BC28<> 0, Source!BC28, 1) -> 6.08 | K30: =Source!P28 -> 1580.55
C31: НР от ФОТ | D31: % | E31: =Source!BZ28 -> 122 | F31: =CONCATENATE(" )", Source!DL28, Source!FT28, "=", Source!FX28) -> )*0,9=109,8 | H31: =SUM(S25:S33) -> 1031.64 | J31: =Source!AT28 -> 110 | K31: =SUM(T25:T33) -> 6283.79
C32: СП от ФОТ | D32: % | E32: =Source!CA28 -> 80 | F32: =CONCATENATE(" )", Source!DM28, Source!FU28, "=", Source!FY28) -> )*0,85=68 | H32: =SUM(U25:U33) -> 638.9 | J32: =Source!AU28 -> 68 | K32: =SUM(V25:V33) -> 3884.53
C33: Затраты труда | D33: чел-ч | E33: =Source!AQ28 -> 70.2 | G33: =Source!DI28 -> )*1,15 | L33: =Source!U28 -> 108.33966
G34: =H27+H28+H30+H31+H32 -> 2886.41 | J34: =K27+K28+K30+K31+K32 -> 17560.79 | L34: =Source!U28 -> 108.33966 | O34: =G34 -> 2886.41 | P34: =J34 -> 17560.79 | Q34: =L34 -> 108.33966 | W34: =IF(Source!BI28<=1,H27+H28+H30+H31+H32, 0) -> 2886.41 | X34: =IF(Source!BI28=2,H27+H28+H30+H31+H32, 0) -> 0 | Y34: =IF(Source!BI28=3,H27+H28+H30+H31+H32, 0) -> 0 | Z34: =IF(Source!BI28=4,H27+H28+H30+H31+H32, 0) -> 0
A35: =Source!E29 -> 2 | B35: =Source!F29 -> 08-07-001-02 | C35: =Source!G29 -> Установка и разборка наружных инвентарных лесов высотой до 16 м трубчатых для прочих отделочных работ | D35: =Source!H29 -> 100 м2 | E35: =Source!I29 -> 2.94 | F35: =Source!AL29+Source!AM29+Source!AO29 -> 500.19 | I35: =Source!BO29 | S35: =ROUND((Source!FX29/100)*((ROUND(Source!AF29*Source!I29, 2)+ROUND(Source!AE29*Source!I29, 2))), 2) -> 1398.52 | T35: =Source!X29 -> 8518.48 | U35: =ROUND((Source!FY29/100)*((ROUND(Source!AF29*Source!I29, 2)+ROUND(Source!AE29*Source!I29, 2))), 2) -> 866.12 | V35: =Source!Y29 -> 5265.97
C36: ="Объем: "&Source!I29&"=294/"&"100" -> Объем: 2,94=294/100
C37: Зарплата | F37: =Source!AO29 -> 375.84 | G37: =Source!DG29 -> )*1,15 | H37: =ROUND(Source!AF29*Source!I29, 2) -> 1270.73 | J37: =IF(Source!BA29<> 0, Source!BA29, 1) -> 6.08 | K37: =Source!S29 -> 7726.02 | R37: =H37 -> 1270.73
C38: Эксплуатация машин | F38: =Source!AM29 -> 4.6 | G38: =Source!DE29 -> )*1,25 | H38: =ROUND(Source!AD29*Source!I29, 2) -> 16.91 | J38: =IF(Source!BB29<> 0, Source!BB29, 1) -> 6.08 | K38: =Source!Q29 -> 102.78
C39: в т.ч. зарплата машинистов | F39: =Source!AN29 -> 0.81 | G39: =Source!DF29 -> )*1,25 | H39: =ROUND(Source!AE29*Source!I29, 2) -> 2.97 | J39: =IF(Source!BS29<> 0, Source!BS29, 1) -> 6.08 | K39: =Source!R29 -> 18.05 | R39: =H39 -> 2.97
C40: Материальные ресурсы | F40: =Source!AL29 -> 119.75 | G40: =Source!DD29 | H40: =ROUND(Source!AC29*Source!I29, 2) -> 352.07 | J40: =IF(Source!BC29<> 0, Source!BC29, 1) -> 6.08 | K40: =Source!P29 -> 2140.56
C41: НР от ФОТ | D41: % | E41: =Source!BZ29 -> 122 | F41: =CONCATENATE(" )", Source!DL29, Source!FT29, "=", Source!FX29) -> )*0,9=109,8 | H41: =SUM(S35:S43) -> 1398.52 | J41: =Source!AT29 -> 110 | K41: =SUM(T35:T43) -> 8518.48
C42: СП от ФОТ | D42: % | E42: =Source!CA29 -> 80 | F42: =CONCATENATE(" )", Source!DM29, Source!FU29, "=", Source!FY29) -> )*0,85=68 | H42: =SUM(U35:U43) -> 866.12 | J42: =Source!AU29 -> 68 | K42: =SUM(V35:V43) -> 5265.97
C43: Затраты труда | D43: чел-ч | E43: =Source!AQ29 -> 43.5 | G43: =Source!DI29 -> )*1,15 | L43: =Source!U29 -> 147.0735
G44: =H37+H38+H40+H41+H42 -> 3904.35 | J44: =K37+K38+K40+K41+K42 -> 23753.81 | L44: =Source!U29 -> 147.0735 | O44: =G44 -> 3904.35 | P44: =J44 -> 23753.81 | Q44: =L44 -> 147.0735 | W44: =IF(Source!BI29<=1,H37+H38+H40+H41+H42, 0) -> 3904.35 | X44: =IF(Source!BI29=2,H37+H38+H40+H41+H42, 0) -> 0 | Y44: =IF(Source!BI29=3,H37+H38+H40+H41+H42, 0) -> 0 | Z44: =IF(Source!BI29=4,H37+H38+H40+H41+H42, 0) -> 0
A45: =Source!E30 -> 3 | B45: =Source!F30 -> 09-06-001-02 | C45: =Source!G30 -> Демонтаж:Монтаж лотков, решеток, затворов из полосовой и тонколистовой стали | D45: =Source!H30 -> т | E45: =Source!I30 -> 0.497 | F45: =Source!AL30+Source!AM30+Source!AO30 -> 641 | I45: =Source!BO30 | S45: =ROUND((Source!FX30/100)*((ROUND(Source!AF30*Source!I30, 2)+ROUND(Source!AE30*Source!I30, 2))), 2) -> 123.17 | T45: =Source!X30 -> 748.83 | U45: =ROUND((Source!FY30/100)*((ROUND(Source!AF30*Source!I30, 2)+ROUND(Source!AE30*Source!I30, 2))), 2) -> 109.86 | V45: =Source!Y30 -> 665.63
C46: Зарплата | F46: =Source!AO30 -> 433.24 | G46: =Source!DG30 -> )*0,7 | H46: =ROUND(Source!AF30*Source!I30, 2) -> 150.73 | J46: =IF(Source!BA30<> 0, Source!BA30, 1) -> 6.08 | K46: =Source!S30 -> 916.41 | R46: =H46 -> 150.73
C47: Эксплуатация машин | F47: =Source!AM30 -> 125.8 | G47: =Source!DE30 -> )*0,7 | H47: =ROUND(Source!AD30*Source!I30, 2) -> 43.77 | J47: =IF(Source!BB30<> 0, Source!BB30, 1) -> 6.08 | K47: =Source!Q30 -> 266.1
C48: в т.ч. зарплата машинистов | F48: =Source!AN30 -> 3.82 | G48: =Source!DF30 -> )*0,7 | H48: =ROUND(Source!AE30*Source!I30, 2) -> 1.33 | J48: =IF(Source!BS30<> 0, Source!BS30, 1) -> 6.08 | K48: =Source!R30 -> 8.07 | R48: =H48 -> 1.33
C49: НР от ФОТ | D49: % | E49: =Source!BZ30 -> 90 | F49: =CONCATENATE(" )", Source!DL30, Source!FT30, "=", Source!FX30) -> )*0,9=81 | H49: =SUM(S45:S51) -> 123.17 | J49: =Source!AT30 -> 81 | K49: =SUM(T45:T51) -> 748.83
C50: СП от ФОТ | D50: % | E50: =Source!CA30 -> 85 | F50: =CONCATENATE(" )", Source!DM30, Source!FU30, "=", Source!FY30) -> )*0,85=72,25 | H50: =SUM(U45:U51) -> 109.86 | J50: =Source!AU30 -> 72 | K50: =SUM(V45:V51) -> 665.63
C51: Затраты труда | D51: чел-ч | E51: =Source!AQ30 -> 50.79 | G51: =Source!DI30 -> )*0,7 | L51: =Source!U30 -> 17.669841
G52: =H46+H47+H49+H50 -> 427.53 | J52: =K46+K47+K49+K50 -> 2596.97 | L52: =Source!U30 -> 17.669841 | O52: =G52 -> 427.53 | P52: =J52 -> 2596.97 | Q52: =L52 -> 17.669841 | W52: =IF(Source!BI30<=1,H46+H47+H49+H50, 0) -> 427.53 | X52: =IF(Source!BI30=2,H46+H47+H49+H50, 0) -> 0 | Y52: =IF(Source!BI30=3,H46+H47+H49+H50, 0) -> 0 | Z52: =IF(Source!BI30=4,H46+H47+H49+H50, 0) -> 0
A53: =Source!E31 -> 4 | B53: =Source!F31 -> 57-3-1 | C53: =Source!G31 -> Разборка плинтусов деревянных и из пластмассовых материалов | D53: =Source!H31 -> 100 м | E53: =Source!I31 -> 0.73 | F53: =Source!AL31+Source!AM31+Source!AO31 -> 29.41 | I53: =Source!BO31 | S53: =ROUND((Source!FX31/100)*((ROUND(Source!AF31*Source!I31, 2)+ROUND(Source!AE31*Source!I31, 2))), 2) -> 17.18 | T53: =Source!X31 -> 104.42 | U53: =ROUND((Source!FY31/100)*((ROUND(Source!AF31*Source!I31, 2)+ROUND(Source!AE31*Source!I31, 2))), 2) -> 14.6 | V53: =Source!Y31 -> 88.76
C54: Зарплата | F54: =Source!AO31 -> 29.41 | G54: =Source!DG31 | H54: =ROUND(Source!AF31*Source!I31, 2) -> 21.47 | J54: =IF(Source!BA31<> 0, Source!BA31, 1) -> 6.08 | K54: =Source!S31 -> 130.53 | R54: =H54 -> 21.47
C55: НР от ФОТ | D55: % | E55: =Source!BZ31 -> 80 | H55: =SUM(S53:S57) -> 17.18 | J55: =Source!AT31 -> 80 | K55: =SUM(T53:T57) -> 104.42
C56: СП от ФОТ | D56: % | E56: =Source!CA31 -> 68 | H56: =SUM(U53:U57) -> 14.6 | J56: =Source!AU31 -> 68 | K56: =SUM(V53:V57) -> 88.76
C57: Затраты труда | D57: чел-ч | E57: =Source!AQ31 -> 3.77 | G57: =Source!DI31 | L57: =Source!U31 -> 2.7521
G58: =H54+H55+H56 -> 53.25 | J58: =K54+K55+K56 -> 323.71 | L58: =Source!U31 -> 2.7521 | O58: =G58 -> 53.25 | P58: =J58 -> 323.71 | Q58: =L58 -> 2.7521 | W58: =IF(Source!BI31<=1,H54+H55+H56, 0) -> 53.25 | X58: =IF(Source!BI31=2,H54+H55+H56, 0) -> 0 | Y58: =IF(Source!BI31=3,H54+H55+H56, 0) -> 0 | Z58: =IF(Source!BI31=4,H54+H55+H56, 0) -> 0
A59: =Source!E32 -> 5 | B59: =Source!F32 -> 57-1-3 | C59: =Source!G32 -> Разборка оснований покрытия полов простильных полов | D59: =Source!H32 -> 100 м2 | E59: =Source!I32 -> 2.94 | F59: =Source!AL32+Source!AM32+Source!AO32 -> 136.03 | I59: =Source!BO32 | S59: =ROUND((Source!FX32/100)*((ROUND(Source!AF32*Source!I32, 2)+ROUND(Source!AE32*Source!I32, 2))), 2) -> 319.94 | T59: =Source!X32 -> 1945.25 | U59: =ROUND((Source!FY32/100)*((ROUND(Source!AF32*Source!I32, 2)+ROUND(Source!AE32*Source!I32, 2))), 2) -> 271.95 | V59: =Source!Y32 -> 1653.46
C60: Зарплата | F60: =Source!AO32 -> 136.03 | G60: =Source!DG32 | H60: =ROUND(Source!AF32*Source!I32, 2) -> 399.93 | J60: =IF(Source!BA32<> 0, Source!BA32, 1) -> 6.08 | K60: =Source!S32 -> 2431.56 | R60: =H60 -> 399.93
C61: НР от ФОТ | D61: % | E61: =Source!BZ32 -> 80 | H61: =SUM(S59:S63) -> 319.94 | J61: =Source!AT32 -> 80 | K61: =SUM(T59:T63) -> 1945.25
C62: СП от ФОТ | D62: % | E62: =Source!CA32 -> 68 | H62: =SUM(U59:U63) -> 271.95 | J62: =Source!AU32 -> 68 | K62: =SUM(V59:V63) -> 1653.46
C63: Затраты труда | D63: чел-ч | E63: =Source!AQ32 -> 17.44 | G63: =Source!DI32 | L63: =Source!U32 -> 51.2736
G64: =H60+H61+H62 -> 991.82 | J64: =K60+K61+K62 -> 6030.27 | L64: =Source!U32 -> 51.2736 | O64: =G64 -> 991.82 | P64: =J64 -> 6030.27 | Q64: =L64 -> 51.2736 | W64: =IF(Source!BI32<=1,H60+H61+H62, 0) -> 991.82 | X64: =IF(Source!BI32=2,H60+H61+H62, 0) -> 0 | Y64: =IF(Source!BI32=3,H60+H61+H62, 0) -> 0 | Z64: =IF(Source!BI32=4,H60+H61+H62, 0) -> 0
A65: =Source!E33 -> 6 | B65: =Source!F33 -> 57-1-2 | C65: =Source!G33 -> Разборка оснований покрытия полов лаг из досок и брусков | D65: =Source!H33 -> 100 м2 | E65: =Source!I33 -> 2.94 | F65: =Source!AL33+Source!AM33+Source!AO33 -> 59.83 | I65: =Source!BO33 | S65: =ROUND((Source!FX33/100)*((ROUND(Source!AF33*Source!I33, 2)+ROUND(Source!AE33*Source!I33, 2))), 2) -> 140.72 | T65: =Source!X33 -> 855.58 | U65: =ROUND((Source!FY33/100)*((ROUND(Source!AF33*Source!I33, 2)+ROUND(Source!AE33*Source!I33, 2))), 2) -> 119.61 | V65: =Source!Y33 -> 727.24
C66: Зарплата | F66: =Source!AO33 -> 59.83 | G66: =Source!DG33 | H66: =ROUND(Source!AF33*Source!I33, 2) -> 175.9 | J66: =IF(Source!BA33<> 0, Source!BA33, 1) -> 6.08 | K66: =Source!S33 -> 1069.47 | R66: =H66 -> 175.9
C67: НР от ФОТ | D67: % | E67: =Source!BZ33 -> 80 | H67: =SUM(S65:S69) -> 140.72 | J67: =Source!AT33 -> 80 | K67: =SUM(T65:T69) -> 855.58
C68: СП от ФОТ | D68: % | E68: =Source!CA33 -> 68 | H68: =SUM(U65:U69) -> 119.61 | J68: =Source!AU33 -> 68 | K68: =SUM(V65:V69) -> 727.24
C69: Затраты труда | D69: чел-ч | E69: =Source!AQ33 -> 7.67 | G69: =Source!DI33 | L69: =Source!U33 -> 22.5498
G70: =H66+H67+H68 -> 436.23 | J70: =K66+K67+K68 -> 2652.29 | L70: =Source!U33 -> 22.5498 | O70: =G70 -> 436.23 | P70: =J70 -> 2652.29 | Q70: =L70 -> 22.5498 | W70: =IF(Source!BI33<=1,H66+H67+H68, 0) -> 436.23 | X70: =IF(Source!BI33=2,H66+H67+H68, 0) -> 0 | Y70: =IF(Source!BI33=3,H66+H67+H68, 0) -> 0 | Z70: =IF(Source!BI33=4,H66+H67+H68, 0) -> 0
A71: =Source!E34 -> 7 | B71: =Source!F34 -> 57-1-1 | C71: =Source!G34 -> Разборка оснований покрытия полов кирпичных столбиков под лаги | D71: =Source!H34 -> 100 м2 | E71: =Source!I34 -> 2.94 | F71: =Source!AL34+Source!AM34+Source!AO34 -> 67.94 | I71: =Source!BO34 | S71: =ROUND((Source!FX34/100)*((ROUND(Source!AF34*Source!I34, 2)+ROUND(Source!AE34*Source!I34, 2))), 2) -> 159.79 | T71: =Source!X34 -> 971.55 | U71: =ROUND((Source!FY34/100)*((ROUND(Source!AF34*Source!I34, 2)+ROUND(Source!AE34*Source!I34, 2))), 2) -> 135.82 | V71: =Source!Y34 -> 825.82
C72: Зарплата | F72: =Source!AO34 -> 67.94 | G72: =Source!DG34 | H72: =ROUND(Source!AF34*Source!I34, 2) -> 199.74 | J72: =IF(Source!BA34<> 0, Source!BA34, 1) -> 6.08 | K72: =Source!S34 -> 1214.44 | R72: =H72 -> 199.74
C73: НР от ФОТ | D73: % | E73: =Source!BZ34 -> 80 | H73: =SUM(S71:S75) -> 159.79 | J73: =Source!AT34 -> 80 | K73: =SUM(T71:T75) -> 971.55
C74: СП от ФОТ | D74: % | E74: =Source!CA34 -> 68 | H74: =SUM(U71:U75) -> 135.82 | J74: =Source!AU34 -> 68 | K74: =SUM(V71:V75) -> 825.82
C75: Затраты труда | D75: чел-ч | E75: =Source!AQ34 -> 8.71 | G75: =Source!DI34 | L75: =Source!U34 -> 25.6074
G76: =H72+H73+H74 -> 495.35 | J76: =K72+K73+K74 -> 3011.81 | L76: =Source!U34 -> 25.6074 | O76: =G76 -> 495.35 | P76: =J76 -> 3011.81 | Q76: =L76 -> 25.6074 | W76: =IF(Source!BI34<=1,H72+H73+H74, 0) -> 495.35 | X76: =IF(Source!BI34=2,H72+H73+H74, 0) -> 0 | Y76: =IF(Source!BI34=3,H72+H73+H74, 0) -> 0 | Z76: =IF(Source!BI34=4,H72+H73+H74, 0) -> 0
A77: =Source!E35 -> 8 | B77: =Source!F35 -> 46-04-012-03 | C77: =Source!G35 -> Разборка деревянных заполнений проемов дверных и воротных | D77: =Source!H35 -> 100 м2 | E77: =Source!I35 -> 0.1595 | F77: =Source!AL35+Source!AM35+Source!AO35 -> 1082.58 | I77: =Source!BO35 | S77: =ROUND((Source!FX35/100)*((ROUND(Source!AF35*Source!I35, 2)+ROUND(Source!AE35*Source!I35, 2))), 2) -> 149.24 | T77: =Source!X35 -> 907.37 | U77: =ROUND((Source!FY35/100)*((ROUND(Source!AF35*Source!I35, 2)+ROUND(Source!AE35*Source!I35, 2))), 2) -> 89.7 | V77: =Source!Y35 -> 549.92
C78: Зарплата | F78: =Source!AO35 -> 840.63 | G78: =Source!DG35 | H78: =ROUND(Source!AF35*Source!I35, 2) -> 134.08 | J78: =IF(Source!BA35<> 0, Source!BA35, 1) -> 6.08 | K78: =Source!S35 -> 815.21 | R78: =H78 -> 134.08
C79: Эксплуатация машин | F79: =Source!AM35 -> 241.95 | G79: =Source!DE35 | H79: =ROUND(Source!AD35*Source!I35, 2) -> 38.59 | J79: =IF(Source!BB35<> 0, Source!BB35, 1) -> 6.08 | K79: =Source!Q35 -> 234.63
C80: в т.ч. зарплата машинистов | F80: =Source!AN35 -> 104.49 | G80: =Source!DF35 | H80: =ROUND(Source!AE35*Source!I35, 2) -> 16.67 | J80: =IF(Source!BS35<> 0, Source!BS35, 1) -> 6.08 | K80: =Source!R35 -> 101.33 | R80: =H80 -> 16.67
C81: НР от ФОТ | D81: % | E81: =Source!BZ35 -> 110 | F81: =CONCATENATE(" )", Source!DL35, Source!FT35, "=", Source!FX35) -> )*0,9=99 | H81: =SUM(S77:S83) -> 149.24 | J81: =Source!AT35 -> 99 | K81: =SUM(T77:T83) -> 907.37
C82: СП от ФОТ | D82: % | E82: =Source!CA35 -> 70 | F82: =CONCATENATE(" )", Source!DM35, Source!FU35, "=", Source!FY35) -> )*0,85=59,5 | H82: =SUM(U77:U83) -> 89.7 | J82: =Source!AU35 -> 60 | K82: =SUM(V77:V83) -> 549.92
C83: Затраты труда | D83: чел-ч | E83: =Source!AQ35 -> 103.91 | G83: =Source!DI35 | L83: =Source!U35 -> 16.573645
G84: =H78+H79+H81+H82 -> 411.61 | J84: =K78+K79+K81+K82 -> 2507.13 | L84: =Source!U35 -> 16.573645 | O84: =G84 -> 411.61 | P84: =J84 -> 2507.13 | Q84: =L84 -> 16.573645 | W84: =IF(Source!BI35<=1,H78+H79+H81+H82, 0) -> 411.61 | X84: =IF(Source!BI35=2,H78+H79+H81+H82, 0) -> 0 | Y84: =IF(Source!BI35=3,H78+H79+H81+H82, 0) -> 0 | Z84: =IF(Source!BI35=4,H78+H79+H81+H82, 0) -> 0
A85: =Source!E36 -> 9 | B85: =Source!F36 -> 09-04-012-01 | C85: =Source!G36 -> Демонтаж: Установка металлических дверных блоков из готовых проемов | D85: =Source!H36 -> м2 | E85: =Source!I36 -> 2.54 | F85: =Source!AL36+Source!AM36+Source!AO36 -> 63.94 | I85: =Source!BO36 | S85: =ROUND((Source!FX36/100)*((ROUND(Source!AF36*Source!I36, 2)+ROUND(Source!AE36*Source!I36, 2))), 2) -> 37.14 | T85: =Source!X36 -> 225.79 | U85: =ROUND((Source!FY36/100)*((ROUND(Source!AF36*Source!I36, 2)+ROUND(Source!AE36*Source!I36, 2))), 2) -> 33.13 | V85: =Source!Y36 -> 200.7
C86: Зарплата | F86: =Source!AO36 -> 23.81 | G86: =Source!DG36 -> )*0,7 | H86: =ROUND(Source!AF36*Source!I36, 2) -> 42.34 | J86: =IF(Source!BA36<> 0, Source!BA36, 1) -> 6.08 | K86: =Source!S36 -> 257.44 | R86: =H86 -> 42.34
C87: Эксплуатация машин | F87: =Source!AM36 -> 14.41 | G87: =Source!DE36 -> )*0,7 | H87: =ROUND(Source!AD36*Source!I36, 2) -> 25.63 | J87: =IF(Source!BB36<> 0, Source!BB36, 1) -> 6.08 | K87: =Source!Q36 -> 155.82
C88: в т.ч. зарплата машинистов | F88: =Source!AN36 -> 1.97 | G88: =Source!DF36 -> )*0,7 | H88: =ROUND(Source!AE36*Source!I36, 2) -> 3.51 | J88: =IF(Source!BS36<> 0, Source!BS36, 1) -> 6.08 | K88: =Source!R36 -> 21.31 | R88: =H88 -> 3.51
C89: НР от ФОТ | D89: % | E89: =Source!BZ36 -> 90 | F89: =CONCATENATE(" )", Source!DL36, Source!FT36, "=", Source!FX36) -> )*0,9=81 | H89: =SUM(S85:S91) -> 37.14 | J89: =Source!AT36 -> 81 | K89: =SUM(T85:T91) -> 225.79
C90: СП от ФОТ | D90: % | E90: =Source!CA36 -> 85 | F90: =CONCATENATE(" )", Source!DM36, Source!FU36, "=", Source!FY36) -> )*0,85=72,25 | H90: =SUM(U85:U91) -> 33.13 | J90: =Source!AU36 -> 72 | K90: =SUM(V85:V91) -> 200.7
C91: Затраты труда | D91: чел-ч | E91: =Source!AQ36 -> 2.4 | G91: =Source!DI36 -> )*0,7 | L91: =Source!U36 -> 4.2672
G92: =H86+H87+H89+H90 -> 138.24 | J92: =K86+K87+K89+K90 -> 839.75 | L92: =Source!U36 -> 4.2672 | O92: =G92 -> 138.24 | P92: =J92 -> 839.75 | Q92: =L92 -> 4.2672 | W92: =IF(Source!BI36<=1,H86+H87+H89+H90, 0) -> 138.24 | X92: =IF(Source!BI36=2,H86+H87+H89+H90, 0) -> 0 | Y92: =IF(Source!BI36=3,H86+H87+H89+H90, 0) -> 0 | Z92: =IF(Source!BI36=4,H86+H87+H89+H90, 0) -> 0
A93: =Source!E37 -> 10 | B93: =Source!F37 -> 10-01-014-04 прим. | C93: =Source!G37 -> Демонтаж: Устройство чистых перегородок каркасных с обшивкой фанерой с одной стороны (Экраны) | D93: =Source!H37 -> 100 м2 | E93: =Source!I37 -> 1.05 | F93: =Source!AL37+Source!AM37+Source!AO37 -> 4094.31 | I93: =Source!BO37 | S93: =ROUND((Source!FX37/100)*((ROUND(Source!AF37*Source!I37, 2)+ROUND(Source!AE37*Source!I37, 2))), 2) -> 834.19 | T93: =Source!X37 -> 5062.3 | U93: =ROUND((Source!FY37/100)*((ROUND(Source!AF37*Source!I37, 2)+ROUND(Source!AE37*Source!I37, 2))), 2) -> 420.63 | V93: =Source!Y37 -> 2578.91
C94: ="Объем: "&Source!I37&"=105/"&"100" -> Объем: 1,05=105/100
C95: Зарплата | F95: =Source!AO37 -> 933.12 | G95: =Source!DG37 -> )*0,8 | H95: =ROUND(Source!AF37*Source!I37, 2) -> 783.83 | J95: =IF(Source!BA37<> 0, Source!BA37, 1) -> 6.08 | K95: =Source!S37 -> 4765.66 | R95: =H95 -> 783.83
C96: Эксплуатация машин | F96: =Source!AM37 -> 11.17 | G96: =Source!DE37 -> )*0,8 | H96: =ROUND(Source!AD37*Source!I37, 2) -> 9.39 | J96: =IF(Source!BB37<> 0, Source!BB37, 1) -> 6.08 | K96: =Source!Q37 -> 57.07
C97: в т.ч. зарплата машинистов | F97: =Source!AN37 -> 1.97 | G97: =Source!DF37 -> )*0,8 | H97: =ROUND(Source!AE37*Source!I37, 2) -> 1.66 | J97: =IF(Source!BS37<> 0, Source!BS37, 1) -> 6.08 | K97: =Source!R37 -> 10.09 | R97: =H97 -> 1.66
C98: НР от ФОТ | D98: % | E98: =Source!BZ37 -> 118 | F98: =CONCATENATE(" )", Source!DL37, Source!FT37, "=", Source!FX37) -> )*0,9=106,2 | H98: =SUM(S93:S100) -> 834.19 | J98: =Source!AT37 -> 106 | K98: =SUM(T93:T100) -> 5062.3
C99: СП от ФОТ | D99: % | E99: =Source!CA37 -> 63 | F99: =CONCATENATE(" )", Source!DM37, Source!FU37, "=", Source!FY37) -> )*0,85=53,55 | H99: =SUM(U93:U100) -> 420.63 | J99: =Source!AU37 -> 54 | K99: =SUM(V93:V100) -> 2578.91
C100: Затраты труда | D100: чел-ч | E100: =Source!AQ37 -> 108 | G100: =Source!DI37 -> )*0,8 | L100: =Source!U37 -> 90.72
G101: =H95+H96+H98+H99 -> 2048.04 | J101: =K95+K96+K98+K99 -> 12463.94 | L101: =Source!U37 -> 90.72 | O101: =G101 -> 2048.04 | P101: =J101 -> 12463.94 | Q101: =L101 -> 90.72 | W101: =IF(Source!BI37<=1,H95+H96+H98+H99, 0) -> 2048.04 | X101: =IF(Source!BI37=2,H95+H96+H98+H99, 0) -> 0 | Y101: =IF(Source!BI37=3,H95+H96+H98+H99, 0) -> 0 | Z101: =IF(Source!BI37=4,H95+H96+H98+H99, 0) -> 0
A102: =Source!E38 -> 11 | B102: =Source!F38 -> 10-01-014-02 прим | C102: =Source!G38 -> Демонтаж:Устройство чистых перегородок дощатых однослойных (короб деревянный) | D102: =Source!H38 -> 100 м2 | E102: =Source!I38 -> 0.1534 | F102: =Source!AL38+Source!AM38+Source!AO38 -> 8166.64 | I102: =Source!BO38 | S102: =ROUND((Source!FX38/100)*((ROUND(Source!AF38*Source!I38, 2)+ROUND(Source!AE38*Source!I38, 2))), 2) -> 139.44 | T102: =Source!X38 -> 846.17 | U102: =ROUND((Source!FY38/100)*((ROUND(Source!AF38*Source!I38, 2)+ROUND(Source!AE38*Source!I38, 2))), 2) -> 70.31 | V102: =Source!Y38 -> 431.07
C103: ="Объем: "&Source!I38&"=15,34/"&"100" -> Объем: 0,1534=15,34/100
C104: Зарплата | F104: =Source!AO38 -> 1049.35 | G104: =Source!DG38 -> )*0,8 | H104: =ROUND(Source!AF38*Source!I38, 2) -> 128.78 | J104: =IF(Source!BA38<> 0, Source!BA38, 1) -> 6.08 | K104: =Source!S38 -> 782.96 | R104: =H104 -> 128.78
C105: Эксплуатация машин | F105: =Source!AM38 -> 150.68 | G105: =Source!DE38 -> )*0,8 | H105: =ROUND(Source!AD38*Source!I38, 2) -> 18.49 | J105: =IF(Source!BB38<> 0, Source!BB38, 1) -> 6.08 | K105: =Source!Q38 -> 112.43
C106: в т.ч. зарплата машинистов | F106: =Source!AN38 -> 20.52 | G106: =Source!DF38 -> )*0,8 | H106: =ROUND(Source!AE38*Source!I38, 2) -> 2.52 | J106: =IF(Source!BS38<> 0, Source!BS38, 1) -> 6.08 | K106: =Source!R38 -> 15.31 | R106: =H106 -> 2.52
C107: НР от ФОТ | D107: % | E107: =Source!BZ38 -> 118 | F107: =CONCATENATE(" )", Source!DL38, Source!FT38, "=", Source!FX38) -> )*0,9=106,2 | H107: =SUM(S102:S109) -> 139.44 | J107: =Source!AT38 -> 106 | K107: =SUM(T102:T109) -> 846.17
C108: СП от ФОТ | D108: % | E108: =Source!CA38 -> 63 | F108: =CONCATENATE(" )", Source!DM38, Source!FU38, "=", Source!FY38) -> )*0,85=53,55 | H108: =SUM(U102:U109) -> 70.31 | J108: =Source!AU38 -> 54 | K108: =SUM(V102:V109) -> 431.07
...

Sheet Source
A1: 0 | B1: Smeta.RU (495) 974-1589 | D1: _PS_ | F1: 0 | G1: 0 | H1: 0 | I1: Smeta.RU | K1: 0 | L1: 13277 | M1: 10
A12: 1 | B12: 406 | C12: 0 | D12: =ROW(A348) -> 348 | E12: 0 | F12: Новый объект | G12: на капитальный ремонт помещения №8 спортивного корпуса №№5,6,7,8 вспомогательных спортивных и хозяйственных помещений Снежинского физико-технического института - филиала НИЯУ МИФИ (СФТИ НИЯУ МИФИ) по адресу: Челябинская область,г.Снежинск,ул.Комсомольская,8 | I12: 0 | K12: 0 | O12: 0 | P12: 0 | Q12: 0 | R12: 0 | V12: 0 | BH12: Сметные нормы списания | BI12: Коды ценников | BJ12: 1 | BK12: 1 | BL12: 0 | BM12: 0 | BN12: 1 | BO12: 0 | BP12: 2 | BQ12: 2 | BR12: 1 | BS12: 1 | BT12: 0 | BU12: 0 | BV12: 0 | BW12: 0 | BX12: 0 | BY12: ФЕР-2017 | BZ12: ТР для Версии 10: Центральные регионы (с учетом п-ма 2536-ИП/12/ГС от 22.03.2017 г | CA12: ФЕР-2017 | CB12: ФЕР-2017 | CC12: ФЕР-2017 | CD12: ФЕР-2017 | CE12: Поправки для ГСН 2017 от 31.03.2017 г | CF12: 0 | CG12: 0 | CH12: 524296 | CK12: 4 | EC12: 0
A15: 15 | B15: 1
A18: 52 | B18: =B348 -> 406 | C18: =C348 -> 1 | D18: =D348 -> 12 | E18: =E348 -> 0 | F18: =F348 -> Новый объект | G18: =G348 -> на капитальный ремонт помещения №8 спортивного корпуса №№5,6,7,8 вспомогательных спортивных и хозяйственных помещений Снежинского физико-технического института - филиала НИЯУ МИФИ (СФТИ НИЯУ МИФИ) по адресу: Челябинская область,г.Снежинск,ул.Комсомольская,8 | O18: =O348 -> 3164700 | P18: =P348 -> 2905257.3 | Q18: =Q348 -> 48564.65 | R18: =R348 -> 10225.95 | S18: =S348 -> 210878.06 | T18: =T348 -> 0 | U18: =U348 -> 3929.8622 | V18: =V348 -> 153.5993 | ... GX18: =GX348 -> 0
A20: 3 | B20: 1 | D20: =ROW(A316) -> 316 | F20: Новая локальная смета | G20: Новая локальная смета | I20: 0 | K20: 0 | V20: 0 | BX20: 0 | CF20: 0 | CG20: 0
A22: 52 | B22: =B316 -> 1 | C22: =C316 -> 3 | D22: =D316 -> 20 | E22: =E316 -> 0 | F22: =F316 -> Новая локальная смета | G22: =G316 -> Новая локальная смета | O22: =O316 -> 3164700 | P22: =P316 -> 2905257.3 | Q22: =Q316 -> 48564.65 | R22: =R316 -> 10225.95 | S22: =S316 -> 210878.06 | T22: =T316 -> 0 | U22: =U316 -> 3929.8622 | V22: =V316 -> 153.5993 | ... GX22: =GX316 -> 0
A24: 4 | B24: 1 | D24: =ROW(A124) -> 124 | F24: Новый раздел | G24: 1 Общестроительные работы | I24: 0 | K24: 0 | V24: 0 | BX24: 0 | CJ24: 0
A26: 52 | B26: =B124 -> 1 | C26: =C124 -> 4 | D26: =D124 -> 24 | E26: =E124 -> 0 | F26: =F124 -> Новый раздел | G26: =G124 -> 1 Общестроительные работы | O26: =O124 -> 2490105.7 | P26: =P124 -> 2293921.9 | Q26: =Q124 -> 29163.56 | R26: =R124 -> 8348.73 | S26: =S124 -> 167020.26 | T26: =T124 -> 0 | U26: =U124 -> 3148.8753 | V26: =V124 -> 129.51814 | ... GX26: =GX124 -> 0
A28: 17 | B28: 1 | C28: =ROW(SmtRes!A4) -> 4 | D28: =ROW(EtalonRes!A6) -> 6 | E28: 1 | F28: 08-07-002-01 | G28: Установка и разборка внутренних трубчатых инвентарных лесов при высоте помещений до 6 м | H28: 100 м2 | I28: =ROUND(134.2/100,9) -> 1.342 | J28: 0 | O28: =ROUND(CP28,2) -> 7392.47 | P28: =ROUND(CQ28*I28,2) -> 1580.55 | Q28: =ROUND(CR28*I28,2) -> 120.68 | R28: =ROUND(CS28*I28,2) -> 21.3 | S28: =ROUND(CT28*I28,2) -> 5691.24 | T28: =ROUND(CU28*I28,2) -> 0 | U28: =CV28*I28 -> 108.33966 | V28: =CW28*I28 -> 0.30195 | W28: =ROUND(CX28*I28,2) -> 0 | X28: =ROUND(CY28,2) -> 6283.79 | Y28: =ROUND(CZ28,2) -> 3884.53 | AA28: 39278658 | AB28: =ROUND((AC28+AD28+AF28),2) -> 906.01 | AC28: =ROUND((ES28),2) -> 193.71 | AD28: =ROUND(((((ET28*1.25))-((EU28*1.25)))+AE28),2) -> 14.79 | AE28: =ROUND(((EU28*1.25)),2) -> 2.61 | AF28: =ROUND(((EV28*1.15)),2) -> 697.51 | AG28: =ROUND((AP28),2) -> 0 | AH28: =((EW28*1.15)) -> 80.73 | AI28: =((EX28*1.25)) -> 0.225 | AJ28: =ROUND((AS28),2) -> 0 | AK28: 812.07 | AL28: 193.71 | AM28: 11.83 | AN28: 2.09 | AO28: 606.53 | AP28: 0 | AQ28: 70.2 | AR28: 0.18 | AS28: 0 | AT28: 110 | AU28: 68 | AV28: 1 | AW28: 1 | AZ28: 6.08 | BA28: 6.08 | BB28: 6.08 | BC28: 6.08 | BH28: 0 | BI28: 1 | BJ28: ФЕР-2001, 08-07-002-01, приказ Минстроя России №1039/пр от 30.12.2016г. | BM28: 8001 | BN28: 0 | BP28: 0 | BQ28: 2 | BR28: 0 | BS28: 6.08 | BT28: 1 | BU28: 1 | BV28: 1 | BW28: 1 | BX28: 1 | BZ28: 122 | CA28: 80 | CF28: 0 | CG28: 0 | CM28: 0 | CN28: Поправка: МДС 81-35.2004, п.4.7 Наименование: Работы, выполняемые при реконструкции зданий и сооружений работы, аналогичные технологическим процессам в новом строительстве (в том числе возведение новых конструктивных элементов) стоимость которых определена по соответствующим сборникам ФЕР, кроме сборника № 46 «Работы при реконструкции зданий и сооружений» | CO28: 0 | CP28: =(P28+Q28+S28) -> 7392.47 | CQ28: =AC28*BC28 -> 1177.7568 | CR28: =AD28*BB28 -> 89.9232 | CS28: =AE28*BS28 -> 15.8688 | CT28: =AF28*BA28 -> 4240.8608 | CU28: =AG28 -> 0 | CV28: =AH28 -> 80.73 | CW28: =AI28 -> 0.225 | CX28: =AJ28 -> 0 | CY28: =(((S28+R28)*AT28)/100) -> 6283.794 | CZ28: =(((S28+R28)*AU28)/100) -> 3884.5272 | DE28: )*1,25 | DF28: )*1,25 | DG28: )*1,15 | DI28: )*1,15 | DJ28: )*1,25 | DN28: 0 | DO28: 0 | DP28: 1 | DQ28: 1 | DU28: 1005 | DV28: 100 м2 | DW28: 100 м2 | DX28: 100 | EE28: 39174501 | EF28: 2 | EG28: Общестроительные работы | EH28: 0 | EJ28: 1 | EK28: 8001 | EL28: Конструкции из кирпича и блоков | EM28: ФЕР-08 | EO28: Поправка: МДС 81-35.2004, п.4.7 | EQ28: 0 | ER28: 812.07 | ES28: 193.71 | ET28: 11.83 | EU28: 2.09 | EV28: 606.53 | EW28: 70.2 | EX28: 0.18 | EY28: 0 | FQ28: 0 | FR28: =ROUND(IF(AND(BH28=3,BI28=3),P28,0),2) -> 0 | FS28: 0 | FT28: *0,9 | FU28: *0,85 | FX28: 109.8 | FY28: 68 | GD28: 0 | GF28: -268904767 | GG28: 1 | GH28: 1 | GI28: 4 | GJ28: 0 | GK28: =ROUND(R28*(R12)/100,2) -> 0 | GL28: =ROUND(IF(AND(BH28=3,BI28=3,FS28<>0),P28,0),2) -> 0 | GM28: =ROUND(O28+X28+Y28+GK28,2)+GX28 -> 17560.79 | GN28: =IF(OR(BI28=0,BI28=1),ROUND(O28+X28+Y28+GK28,2),0) -> 17560.79 | GO28: =IF(BI28=2,ROUND(O28+X28+Y28+GK28,2),0) -> 0 | GP28: =IF(BI28=4,ROUND(O28+X28+Y28+GK28,2)+GX28,0) -> 0 | GR28: 0 | GS28: 3 | GT28: 0 | GV28: =ROUND(GT28,2) -> 0 | GW28: 1 | GX28: =ROUND(GV28*GW28*I28,2) -> 0 | HA28: 0 | HB28: 0 | IK28: 0
A29: 17 | B29: 1 | C29: =ROW(SmtRes!A8) -> 8 | D29: =ROW(EtalonRes!A12) -> 12 | E29: 2 | F29: 08-07-001-02 | G29: Установка и разборка наружных инвентарных лесов высотой до 16 м трубчатых для прочих отделочных работ | H29: 100 м2 | I29: =ROUND(294/100,9) -> 2.94 | J29: 0 | O29: =ROUND(CP29,2) -> 9969.36 | P29: =ROUND(CQ29*I29,2) -> 2140.56 | Q29: =ROUND(CR29*I29,2) -> 102.78 | R29: =ROUND(CS29*I29,2) -> 18.05 | S29: =ROUND(CT29*I29,2) -> 7726.02 | T29: =ROUND(CU29*I29,2) -> 0 | U29: =CV29*I29 -> 147.0735 | V29: =CW29*I29 -> 0.25725 | W29: =ROUND(CX29*I29,2) -> 0 | X29: =ROUND(CY29,2) -> 8518.48 | Y29: =ROUND(CZ29,2) -> 5265.97 | AA29: 39278658 | AB29: =ROUND((AC29+AD29+AF29),2) -> 557.72 | AC29: =ROUND((ES29),2) -> 119.75 | AD29: =ROUND(((((ET29*1.25))-((EU29*1.25)))+AE29),2) -> 5.75 | AE29: =ROUND(((EU29*1.25)),2) -> 1.01 | AF29: =ROUND(((EV29*1.15)),2) -> 432.22 | AG29: =ROUND((AP29),2) -> 0 | AH29: =((EW29*1.15)) -> 50.025 | AI29: =((EX29*1.25)) -> 0.0875 | AJ29: =ROUND((AS29),2) -> 0 | AK29: 500.19 | AL29: 119.75 | AM29: 4.6 | AN29: 0.81 | AO29: 375.84 | AP29: 0 | AQ29: 43.5 | AR29: 0.07 | AS29: 0 | AT29: 110 | AU29: 68 | AV29: 1 | AW29: 1 | AZ29: 6.08 | BA29: 6.08 | BB29: 6.08 | BC29: 6.08 | BH29: 0 | BI29: 1 | BJ29: ФЕР-2001, 08-07-001-02, приказ Минстроя России №1039/пр от 30.12.2016г. | BM29: 8001 | BN29: 0 | BP29: 0 | BQ29: 2 | BR29: 0 | BS29: 6.08 | BT29: 1 | BU29: 1 | BV29: 1 | BW29: 1 | BX29: 1 | BZ29: 122 | CA29: 80 | CF29: 0 | CG29: 0 | CM29: 0 | CN29: Поправка: МДС 81-35.2004, п.4.7 Наименование: Работы, выполняемые при реконструкции зданий и сооружений работы, аналогичные технологическим процессам в новом строительстве (в том числе возведение новых конструктивных элементов) стоимость которых определена по соответствующим сборникам ФЕР, кроме сборника № 46 «Работы при реконструкции зданий и сооружений» | CO29: 0 | CP29: =(P29+Q29+S29) -> 9969.36 | CQ29: =AC29*BC29 -> 728.08 | CR29: =AD29*BB29 -> 34.96 | CS29: =AE29*BS29 -> 6.1408 | CT29: =AF29*BA29 -> 2627.8976 | CU29: =AG29 -> 0 | CV29: =AH29 -> 50.025 | CW29: =AI29 -> 0.0875 | CX29: =AJ29 -> 0 | CY29: =(((S29+R29)*AT29)/100) -> 8518.477 | CZ29: =(((S29+R29)*AU29)/100) -> 5265.9676 | DE29: )*1,25 | DF29: )*1,25 | DG29: )*1,15 | DI29: )*1,15 | DJ29: )*1,25 | DN29: 0 | DO29: 0 | DP29: 1 | DQ29: 1 | DU29: 1005 | DV29: 100 м2 | DW29: 100 м2 | DX29: 100 | EE29: 39174501 | EF29: 2 | EG29: Общестроительные работы | EH29: 0 | EJ29: 1 | EK29: 8001 | EL29: Конструкции из кирпича и блоков | EM29: ФЕР-08 | EO29: Поправка: МДС 81-35.2004, п.4.7 | EQ29: 0 | ER29: 500.19 | ES29: 119.75 | ET29: 4.6 | EU29: 0.81 | EV29: 375.84 | EW29: 43.5 | EX29: 0.07 | EY29: 0 | FQ29: 0 | FR29: =ROUND(IF(AND(BH29=3,BI29=3),P29,0),2) -> 0 | FS29: 0 | FT29: *0,9 | FU29: *0,85 | FX29: 109.8 | FY29: 68 | GD29: 0 | GF29: 1648279235 | GG29: 1 | GH29: 1 | GI29: 4 | GJ29: 0 | GK29: =ROUND(R29*(R12)/100,2) -> 0 | GL29: =ROUND(IF(AND(BH29=3,BI29=3,FS29<>0),P29,0),2) -> 0 | GM29: =ROUND(O29+X29+Y29+GK29,2)+GX29 -> 23753.81 | GN29: =IF(OR(BI29=0,BI29=1),ROUND(O29+X29+Y29+GK29,2),0) -> 23753.81 | GO29: =IF(BI29=2,ROUND(O29+X29+Y29+GK29,2),0) -> 0 | GP29: =IF(BI29=4,ROUND(O29+X29+Y29+GK29,2)+GX29,0) -> 0 | GR29: 0 | GS29: 3 | GT29: 0 | GV29: =ROUND(GT29,2) -> 0 | GW29: 1 | GX29: =ROUND(GV29*GW29*I29,2) -> 0 | HA29: 0 | HB29: 0 | IK29: 0
A30: 17 | B30: 1 | C30: =ROW(SmtRes!A26) -> 26 | D30: =ROW(EtalonRes!A31) -> 31 | E30: 3 | F30: 09-06-001-02 | G30: Демонтаж:Монтаж лотков, решеток, затворов из полосовой и тонколистовой стали | H30: т | I30: 0.497 | J30: 0 | O30: =ROUND(CP30,2) -> 1182.51 | P30: =ROUND(CQ30*I30,2) -> 0 | Q30: =ROUND(CR30*I30,2) -> 266.1 | R30: =ROUND(CS30*I30,2) -> 8.07 | S30: =ROUND(CT30*I30,2) -> 916.41 | T30: =ROUND(CU30*I30,2) -> 0 | U30: =CV30*I30 -> 17.669841 | V30: =CW30*I30 -> 0.107849 | W30: =ROUND(CX30*I30,2) -> 0 | X30: =ROUND(CY30,2) -> 748.83 | Y30: =ROUND(CZ30,2) -> 665.63 | AA30: 39278658 | AB30: =ROUND((AC30+AD30+AF30),2) -> 391.33 | AC30: =ROUND(((ES30*0)),2) -> 0 | AD30: =ROUND(((((ET30*0.7))-((EU30*0.7)))+AE30),2) -> 88.06 | AE30: =ROUND(((EU30*0.7)),2) -> 2.67 | AF30: =ROUND(((EV30*0.7)),2) -> 303.27 | AG30: =ROUND((AP30),2) -> 0 | AH30: =((EW30*0.7)) -> 35.553 | AI30: =((EX30*0.7)) -> 0.217 | AJ30: =ROUND((AS30),2) -> 0 | AK30: 641 | AL30: 81.96 | AM30: 125.8 | AN30: 3.82 | AO30: 433.24 | AP30: 0 | AQ30: 50.79 | AR30: 0.31 | AS30: 0 | AT30: 81 | AU30: 72 | AV30: 1 | AW30: 1 | AZ30: 6.08 | BA30: 6.08 | BB30: 6.08 | BC30: 6.08 | BH30: 0 | BI30: 1 | BJ30: ФЕР-2001, 09-06-001-02, приказ Минстроя России №1039/пр от 30.12.2016г. | BM30: 9001 | BN30: 0 | BP30: 0 | BQ30: 2 | BR30: 0 | BS30: 6.08 | BT30: 1 | BU30: 1 | BV30: 1 | BW30: 1 | BX30: 1 | BZ30: 90 | CA30: 85 | CF30: 0 | CG30: 0 | CM30: 0 | CN30: Поправка: МДС 81-36.2004, п.3.3.1.д Наименование: При демонтаже металлических конструкций | CO30: 0 | CP30: =(P30+Q30+S30) -> 1182.51 | CQ30: =AC30*BC30 -> 0 | CR30: =AD30*BB30 -> 535.4048 | CS30: =AE30*BS30 -> 16.2336 | CT30: =AF30*BA30 -> 1843.8816 | CU30: =AG30 -> 0 | CV30: =AH30 -> 35.553 | CW30: =AI30 -> 0.217 | CX30: =AJ30 -> 0 | CY30: =(((S30+R30)*AT30)/100) -> 748.8288 | CZ30: =(((S30+R30)*AU30)/100) -> 665.6256 | DD30: )*0 | DE30: )*0,7 | DF30: )*0,7 | DG30: )*0,7 | DI30: )*0,7 | DJ30: )*0,7 | DN30: 0 | DO30: 0 | DP30: 1 | DQ30: 1 | DU30: 1009 | DV30: т | DW30: т | DX30: 1000 | EE30: 39174502 | EF30: 2 | EG30: Общестроительные работы | EH30: 0 | EJ30: 1 | EK30: 9001 | EL30: Металлические конструкции | EM30: ФЕР-09 | EO30: Поправка: МДС 81-36.2004, п.3.3.1.д | EQ30: 0 | ER30: 641 | ES30: 81.96 | ET30: 125.8 | EU30: 3.82 | EV30: 433.24 | EW30: 50.79 | EX30: 0.31 | EY30: 0 | FQ30: 0 | FR30: =ROUND(IF(AND(BH30=3,BI30=3),P30,0),2) -> 0 | FS30: 0 | FT30: *0,9 | FU30: *0,85 | FX30: 81 | FY30: 72.25 | GD30: 0 | GF30: -1385784566 | GG30: 1 | GH30: 1 | GI30: 4 | GJ30: 0 | GK30: =ROUND(R30*(R12)/100,2) -> 0 | GL30: =ROUND(IF(AND(BH30=3,BI30=3,FS30<>0),P30,0),2) -> 0 | GM30: =ROUND(O30+X30+Y30+GK30,2)+GX30 -> 2596.97 | GN30: =IF(OR(BI30=0,BI30=1),ROUND(O30+X30+Y30+GK30,2),0) -> 2596.97 | GO30: =IF(BI30=2,ROUND(O30+X30+Y30+GK30,2),0) -> 0 | GP30: =IF(BI30=4,ROUND(O30+X30+Y30+GK30,2)+GX30,0) -> 0 | GR30: 0 | GS30: 3 | GT30: 0 | GV30: =ROUND(GT30,2) -> 0 | GW30: 1 | GX30: =ROUND(GV30*GW30*I30,2) -> 0 | HA30: 0 | HB30: 0 | IK30: 0
A31: 17 | B31: 1 | C31: =ROW(SmtRes!A27) -> 27 | D31: =ROW(EtalonRes!A33) -> 33 | E31: 4 | F31: 57-3-1 | G31: Разборка плинтусов деревянных и из пластмассовых материалов | H31: 100 м | I31: 0.73 | J31: 0 | O31: =ROUND(CP31,2) -> 130.53 | P31: =ROUND(CQ31*I31,2) -> 0 | Q31: =ROUND(CR31*I31,2) -> 0 | R31: =ROUND(CS31*I31,2) -> 0 | S31: =ROUND(CT31*I31,2) -> 130.53 | T31: =ROUND(CU31*I31,2) -> 0 | U31: =CV31*I31 -> 2.7521 | V31: =CW31*I31 -> 0 | W31: =ROUND(CX31*I31,2) -> 0 | X31: =ROUND(CY31,2) -> 104.42 | Y31: =ROUND(CZ31,2) -> 88.76 | AA31: 39278658 | AB31: =ROUND((AC31+AD31+AF31),2) -> 29.41 | AC31: =ROUND((ES31),2) -> 0 | AD31: =ROUND((((ET31)-(EU31))+AE31),2) -> 0 | AE31: =ROUND((EU31),2) -> 0 | AF31: =ROUND((EV31),2) -> 29.41 | AG31: =ROUND((AP31),2) -> 0 | AH31: =(EW31) -> 3.77 | AI31: =(EX31) -> 0 | AJ31: =ROUND((AS31),2) -> 0 | AK31: 29.41 | AL31: 0 | AM31: 0 | AN31: 0 | AO31: 29.41 | AP31: 0 | AQ31: 3.77 | AR31: 0 | AS31: 0 | AT31: 80 | AU31: 68 | AV31: 1 | AW31: 1 | AZ31: 6.08 | BA31: 6.08 | BB31: 6.08 | BC31: 6.08 | BH31: 0 | BI31: 1 | BJ31: ФЕРр-2001, 57-3-1, приказ Минстроя России №1039/пр от 30.12.2016г. | BM31: 57001 | BN31: 0 | BP31: 0 | BQ31: 6 | BR31: 0 | BS31: 6.08 | BT31: 1 | BU31: 1 | BV31: 1 | BW31: 1 | BX31: 1 | BZ31: 80 | CA31: 68 | CF31: 0 | CG31: 0 | CM31: 0 | CO31: 0 | CP31: =(P31+Q31+S31) -> 130.53 | CQ31: =AC31*BC31 -> 0 | CR31: =AD31*BB31 -> 0 | CS31: =AE31*BS31 -> 0 | CT31: =AF31*BA31 -> 178.8128 | CU31: =AG31 -> 0 | CV31: =AH31 -> 3.77 | CW31: =AI31 -> 0 | CX31: =AJ31 -> 0 | CY31: =(((S31+R31)*AT31)/100) -> 104.424 | CZ31: =(((S31+R31)*AU31)/100) -> 88.7604 | DN31: 0 | DO31: 0 | DP31: 1 | DQ31: 1 | DU31: 1003 | DV31: 100 м | DW31: 100 м | DX31: 100 | EE31: 39174582 | EF31: 6 | EG31: Ремонтно-строительные работы | EH31: 0 | EJ31: 1 | EK31: 57001 | EL31: Полы | EM31: рФЕР-57 | EQ31: 0 | ER31: 29.41 | ES31: 0 | ET31: 0 | EU31: 0 | EV31: 29.41 | EW31: 3.77 | EX31: 0 | EY31: 0 | FQ31: 0 | FR31: =ROUND(IF(AND(BH31=3,BI31=3),P31,0),2) -> 0 | FS31: 0 | FX31: 80 | FY31: 68 | GD31: 0 | GF31: -1389370821 | GG31: 1 | GH31: 1 | GI31: 4 | GJ31: 0 | GK31: =ROUND(R31*(R12)/100,2) -> 0 | GL31: =ROUND(IF(AND(BH31=3,BI31=3,FS31<>0),P31,0),2) -> 0 | GM31: =ROUND(O31+X31+Y31+GK31,2)+GX31 -> 323.71 | GN31: =IF(OR(BI31=0,BI31=1),ROUND(O31+X31+Y31+GK31,2),0) -> 323.71 | GO31: =IF(BI31=2,ROUND(O31+X31+Y31+GK31,2),0) -> 0 | GP31: =IF(BI31=4,ROUND(O31+X31+Y31+GK31,2)+GX31,0) -> 0 | GR31: 0 | GS31: 3 | GT31: 0 | GV31: =ROUND(GT31,2) -> 0 | GW31: 1 | GX31: =ROUND(GV31*GW31*I31,2) -> 0 | HA31: 0 | HB31: 0 | IK31: 0
A32: 17 | B32: 1 | C32: =ROW(SmtRes!A28) -> 28 | D32: =ROW(EtalonRes!A35) -> 35 | E32: 5 | F32: 57-1-3 | G32: Разборка оснований покрытия полов простильных полов | H32: 100 м2 | I32: 2.94 | J32: 0 | O32: =ROUND(CP32,2) -> 2431.56 | P32: =ROUND(CQ32*I32,2) -> 0 | Q32: =ROUND(CR32*I32,2) -> 0 | R32: =ROUND(CS32*I32,2) -> 0 | S32: =ROUND(CT32*I32,2) -> 2431.56 | T32: =ROUND(CU32*I32,2) -> 0 | U32: =CV32*I32 -> 51.2736 | V32: =CW32*I32 -> 0 | W32: =ROUND(CX32*I32,2) -> 0 | X32: =ROUND(CY32,2) -> 1945.25 | Y32: =ROUND(CZ32,2) -> 1653.46 | AA32: 39278658 | AB32: =ROUND((AC32+AD32+AF32),2) -> 136.03 | AC32: =ROUND((ES32),2) -> 0 | AD32: =ROUND((((ET32)-(EU32))+AE32),2) -> 0 | AE32: =ROUND((EU32),2) -> 0 | AF32: =ROUND((EV32),2) -> 136.03 | AG32: =ROUND((AP32),2) -> 0 | AH32: =(EW32) -> 17.44 | AI32: =(EX32) -> 0 | AJ32: =ROUND((AS32),2) -> 0 | AK32: 136.03 | AL32: 0 | AM32: 0 | AN32: 0 | AO32: 136.03 | AP32: 0 | AQ32: 17.44 | AR32: 0 | AS32: 0 | AT32: 80 | AU32: 68 | AV32: 1 | AW32: 1 | AZ32: 6.08 | BA32: 6.08 | BB32: 6.08 | BC32: 6.08 | BH32: 0 | BI32: 1 | BJ32: ФЕРр-2001, 57-1-3, приказ Минстроя России №1039/пр от 30.12.2016г. | BM32: 57001 | BN32: 0 | BP32: 0 | BQ32: 6 | BR32: 0 | BS32: 6.08 | BT32: 1 | BU32: 1 | BV32: 1 | BW32: 1 | BX32: 1 | BZ32: 80 | CA32: 68 | CF32: 0 | CG32: 0 | CM32: 0 | CO32: 0 | CP32: =(P32+Q32+S32) -> 2431.56 | CQ32: =AC32*BC32 -> 0 | CR32: =AD32*BB32 -> 0 | CS32: =AE32*BS32 -> 0 | CT32: =AF32*BA32 -> 827.0624 | CU32: =AG32 -> 0 | CV32: =AH32 -> 17.44 | CW32: =AI32 -> 0 | CX32: =AJ32 -> 0 | CY32: =(((S32+R32)*AT32)/100) -> 1945.248 | CZ32: =(((S32+R32)*AU32)/100) -> 1653.4608 | DN32: 0 | DO32: 0 | DP32: 1 | DQ32: 1 | DU32: 1005 | DV32: 100 м2 | DW32: 100 м2 | DX32: 100 | EE32: 39174582 | EF32: 6 | EG32: Ремонтно-строительные работы | EH32: 0 | EJ32: 1 | EK32: 57001 | EL32: Полы | EM32: рФЕР-57 | EQ32: 0 | ER32: 136.03 | ES32: 0 | ET32: 0 | EU32: 0 | EV32: 136.03 | EW32: 17.44 | EX32: 0 | EY32: 0 | FQ32: 0 | FR32: =ROUND(IF(AND(BH32=3,BI32=3),P32,0),2) -> 0 | FS32: 0 | FX32: 80 | FY32: 68 | GD32: 0 | GF32: -1405761312 | GG32: 1 | GH32: 1 | GI32: 4 | GJ32: 0 | GK32: =ROUND(R32*(R12)/100,2) -> 0 | GL32: =ROUND(IF(AND(BH32=3,BI32=3,FS32<>0),P32,0),2) -> 0 | GM32: =ROUND(O32+X32+Y32+GK32,2)+GX32 -> 6030.27 | GN32: =IF(OR(BI32=0,BI32=1),ROUND(O32+X32+Y32+GK32,2),0) -> 6030.27 | GO32: =IF(BI32=2,ROUND(O32+X32+Y32+GK32,2),0) -> 0 | GP32: =IF(BI32=4,ROUND(O32+X32+Y32+GK32,2)+GX32,0) -> 0 | GR32: 0 | GS32: 3 | GT32: 0 | GV32: =ROUND(GT32,2) -> 0 | GW32: 1 | GX32: =ROUND(GV32*GW32*I32,2) -> 0 | HA32: 0 | HB32: 0 | IK32: 0
A33: 17 | B33: 1 | C33: =ROW(SmtRes!A29) -> 29 | D33: =ROW(EtalonRes!A37) -> 37 | E33: 6 | F33: 57-1-2 | G33: Разборка оснований покрытия полов лаг из досок и брусков | H33: 100 м2 | I33: 2.94 | J33: 0 | O33: =ROUND(CP33,2) -> 1069.47 | P33: =ROUND(CQ33*I33,2) -> 0 | Q33: =ROUND(CR33*I33,2) -> 0 | R33: =ROUND(CS33*I33,2) -> 0 | S33: =ROUND(CT33*I33,2) -> 1069.47 | T33: =ROUND(CU33*I33,2) -> 0 | U33: =CV33*I33 -> 22.5498 | V33: =CW33*I33 -> 0 | W33: =ROUND(CX33*I33,2) -> 0 | X33: =ROUND(CY33,2) -> 855.58 | Y33: =ROUND(CZ33,2) -> 727.24 | AA33: 39278658 | AB33: =ROUND((AC33+AD33+AF33),2) -> 59.83 | AC33: =ROUND((ES33),2) -> 0 | AD33: =ROUND((((ET33)-(EU33))+AE33),2) -> 0 | AE33: =ROUND((EU33),2) -> 0 | AF33: =ROUND((EV33),2) -> 59.83 | AG33: =ROUND((AP33),2) -> 0 | AH33: =(EW33) -> 7.67 | AI33: =(EX33) -> 0 | AJ33: =ROUND((AS33),2) -> 0 | AK33: 59.83 | AL33: 0 | AM33: 0 | AN33: 0 | AO33: 59.83 | AP33: 0 | AQ33: 7.67 | AR33: 0 | AS33: 0 | AT33: 80 | AU33: 68 | AV33: 1 | AW33: 1 | AZ33: 6.08 | BA33: 6.08 | BB33: 6.08 | BC33: 6.08 | BH33: 0 | BI33: 1 | BJ33: ФЕРр-2001, 57-1-2, приказ Минстроя России №1039/пр от 30.12.2016г. | BM33: 57001 | BN33: 0 | BP33: 0 | BQ33: 6 | BR33: 0 | BS33: 6.08 | BT33: 1 | BU33: 1 | BV33: 1 | BW33: 1 | BX33: 1 | BZ33: 80 | CA33: 68 | CF33: 0 | CG33: 0 | CM33: 0 | CO33: 0 | CP33: =(P33+Q33+S33) -> 1069.47 | CQ33: =AC33*BC33 -> 0 | CR33: =AD33*BB33 -> 0 | CS33: =AE33*BS33 -> 0 | CT33: =AF33*BA33 -> 363.7664 | CU33: =AG33 -> 0 | CV33: =AH33 -> 7.67 | CW33: =AI33 -> 0 | CX33: =AJ33 -> 0 | CY33: =(((S33+R33)*AT33)/100) -> 855.576 | CZ33: =(((S33+R33)*AU33)/100) -> 727.2396 | DN33: 0 | DO33: 0 | DP33: 1 | DQ33: 1 | DU33: 1005 | DV33: 100 м2 | DW33: 100 м2 | DX33: 100 | EE33: 39174582 | EF33: 6 | EG33: Ремонтно-строительные работы | EH33: 0 | EJ33: 1 | EK33: 57001 | EL33: Полы | EM33: рФЕР-57 | EQ33: 0 | ER33: 59.83 | ES33: 0 | ET33: 0 | EU33: 0 | EV33: 59.83 | EW33: 7.67 | EX33: 0 | EY33: 0 | FQ33: 0 | FR33: =ROUND(IF(AND(BH33=3,BI33=3),P33,0),2) -> 0 | FS33: 0 | FX33: 80 | FY33: 68 | GD33: 0 | GF33: 530355128 | GG33: 1 | GH33: 1 | GI33: 4 | GJ33: 0 | GK33: =ROUND(R33*(R12)/100,2) -> 0 | GL33: =ROUND(IF(AND(BH33=3,BI33=3,FS33<>0),P33,0),2) -> 0 | GM33: =ROUND(O33+X33+Y33+GK33,2)+GX33 -> 2652.29 | GN33: =IF(OR(BI33=0,BI33=1),ROUND(O33+X33+Y33+GK33,2),0) -> 2652.29 | GO33: =IF(BI33=2,ROUND(O33+X33+Y33+GK33,2),0) -> 0 | GP33: =IF(BI33=4,ROUND(O33+X33+Y33+GK33,2)+GX33,0) -> 0 | GR33: 0 | GS33: 3 | GT33: 0 | GV33: =ROUND(GT33,2) -> 0 | GW33: 1 | GX33: =ROUND(GV33*GW33*I33,2) -> 0 | HA33: 0 | HB33: 0 | IK33: 0
A34: 17 | B34: 1 | C34: =ROW(SmtRes!A30) -> 30 | D34: =ROW(EtalonRes!A39) -> 39 | E34: 7 | F34: 57-1-1 | G34: Разборка оснований покрытия полов кирпичных столбиков под лаги | H34: 100 м2 | I34: 2.94 | J34: 0 | O34: =ROUND(CP34,2) -> 1214.44 | P34: =ROUND(CQ34*I34,2) -> 0 | Q34: =ROUND(CR34*I34,2) -> 0 | R34: =ROUND(CS34*I34,2) -> 0 | S34: =ROUND(CT34*I34,2) -> 1214.44 | T34: =ROUND(CU34*I34,2) -> 0 | U34: =CV34*I34 -> 25.6074 | V34: =CW34*I34 -> 0 | W34: =ROUND(CX34*I34,2) -> 0 | X34: =ROUND(CY34,2) -> 971.55 | Y34: =ROUND(CZ34,2) -> 825.82 | AA34: 39278658 | AB34: =ROUND((AC34+AD34+AF34),2) -> 67.94 | AC34: =ROUND((ES34),2) -> 0 | AD34: =ROUND((((ET34)-(EU34))+AE34),2) -> 0 | AE34: =ROUND((EU34),2) -> 0 | AF34: =ROUND((EV34),2) -> 67.94 | AG34: =ROUND((AP34),2) -> 0 | AH34: =(EW34) -> 8.71 | AI34: =(EX34) -> 0 | AJ34: =ROUND((AS34),2) -> 0 | AK34: 67.94 | AL34: 0 | AM34: 0 | AN34: 0 | AO34: 67.94 | AP34: 0 | AQ34: 8.71 | AR34: 0 | AS34: 0 | AT34: 80 | AU34: 68 | AV34: 1 | AW34: 1 | AZ34: 6.08 | BA34: 6.08 | BB34: 6.08 | BC34: 6.08 | BH34: 0 | BI34: 1 | BJ34: ФЕРр-2001, 57-1-1, приказ Минстроя России №1039/пр от 30.12.2016г. | BM34: 57001 | BN34: 0 | BP34: 0 | BQ34: 6 | BR34: 0 | BS34: 6.08 | BT34: 1 | BU34: 1 | BV34: 1 | BW34: 1 | BX34: 1 | BZ34: 80 | CA34: 68 | CF34: 0 | CG34: 0 | CM34: 0 | CO34: 0 | CP34: =(P34+Q34+S34) -> 1214.44 | CQ34: =AC34*BC34 -> 0 | CR34: =AD34*BB34 -> 0 | CS34: =AE34*BS34 -> 0 | CT34: =AF34*BA34 -> 413.0752 | CU34: =AG34 -> 0 | CV34: =AH34 -> 8.71 | CW34: =AI34 -> 0 | CX34: =AJ34 -> 0 | CY34: =(((S34+R34)*AT34)/100) -> 971.552 | CZ34: =(((S34+R34)*AU34)/100) -> 825.8192 | DN34: 0 | DO34: 0 | DP34: 1 | DQ34: 1 | DU34: 1005 | DV34: 100 м2 | DW34: 100 м2 | DX34: 100 | EE34: 39174582 | EF34: 6 | EG34: Ремонтно-строительные работы | EH34: 0 | EJ34: 1 | EK34: 57001 | EL34: Полы | EM34: рФЕР-57 | EQ34: 0 | ER34: 67.94 | ES34: 0 | ET34: 0 | EU34: 0 | EV34: 67.94 | EW34: 8.71 | EX34: 0 | EY34: 0 | FQ34: 0 | FR34: =ROUND(IF(AND(BH34=3,BI34=3),P34,0),2) -> 0 | FS34: 0 | FX34: 80 | FY34: 68 | GD34: 0 | GF34: -1310318022 | GG34: 1 | GH34: 1 | GI34: 4 | GJ34: 0 | GK34: =ROUND(R34*(R12)/100,2) -> 0 | GL34: =ROUND(IF(AND(BH34=3,BI34=3,FS34<>0),P34,0),2) -> 0 | GM34: =ROUND(O34+X34+Y34+GK34,2)+GX34 -> 3011.81 | GN34: =IF(OR(BI34=0,BI34=1),ROUND(O34+X34+Y34+GK34,2),0) -> 3011.81 | GO34: =IF(BI34=2,ROUND(O34+X34+Y34+GK34,2),0) -> 0 | GP34: =IF(BI34=4,ROUND(O34+X34+Y34+GK34,2)+GX34,0) -> 0 | GR34: 0 | GS34: 3 | GT34: 0 | GV34: =ROUND(GT34,2) -> 0 | GW34: 1 | GX34: =ROUND(GV34*GW34*I34,2) -> 0 | HA34: 0 | HB34: 0 | IK34: 0
A35: 17 | B35: 1 | C35: =ROW(SmtRes!A33) -> 33 | D35: =ROW(EtalonRes!A42) -> 42 | E35: 8 | F35: 46-04-012-03 | G35: Разборка деревянных заполнений проемов дверных и воротных | H35: 100 м2 | I35: 0.1595 | J35: 0 | O35: =ROUND(CP35,2) -> 1049.84 | P35: =ROUND(CQ35*I35,2) -> 0 | Q35: =ROUND(CR35*I35,2) -> 234.63 | R35: =ROUND(CS35*I35,2) -> 101.33 | S35: =ROUND(CT35*I35,2) -> 815.21 | T35: =ROUND(CU35*I35,2) -> 0 | U35: =CV35*I35 -> 16.573645 | V35: =CW35*I35 -> 1.23453 | W35: =ROUND(CX35*I35,2) -> 0 | X35: =ROUND(CY35,2) -> 907.37 | Y35: =ROUND(CZ35,2) -> 549.92 | AA35: 39278658 | AB35: =ROUND((AC35+AD35+AF35),2) -> 1082.58 | AC35: =ROUND((ES35),2) -> 0 | AD35: =ROUND((((ET35)-(EU35))+AE35),2) -> 241.95 | AE35: =ROUND((EU35),2) -> 104.49 | AF35: =ROUND((EV35),2) -> 840.63 | AG35: =ROUND((AP35),2) -> 0 | AH35: =(EW35) -> 103.91 | AI35: =(EX35) -> 7.74 | AJ35: =ROUND((AS35),2) -> 0 | AK35: 1082.58 | AL35: 0 | AM35: 241.95 | AN35: 104.49 | AO35: 840.63 | AP35: 0 | AQ35: 103.91 | AR35: 7.74 | AS35: 0 | AT35: 99 | AU35: 60 | AV35: 1 | AW35: 1 | AZ35: 6.08 | BA35: 6.08 | BB35: 6.08 | BC35: 6.08 | BH35: 0 | BI35: 1 | BJ35: ФЕР-2001, 46-04-012-03, приказ Минстроя России №1039/пр от 30.12.2016г. | BM35: 46001 | BN35: 0 | BP35: 0 | BQ35: 2 | BR35: 0 | BS35: 6.08 | BT35: 1 | BU35: 1 | BV35: 1 | BW35: 1 | BX35: 1 | BZ35: 110 | CA35: 70 | CF35: 0 | CG35: 0 | CM35: 0 | CO35: 0 | CP35: =(P35+Q35+S35) -> 1049.84 | CQ35: =AC35*BC35 -> 0 | CR35: =AD35*BB35 -> 1471.056 | CS35: =AE35*BS35 -> 635.2992 | CT35: =AF35*BA35 -> 5111.0304 | CU35: =AG35 -> 0 | CV35: =AH35 -> 103.91 | CW35: =AI35 -> 7.74 | CX35: =AJ35 -> 0 | CY35: =(((S35+R35)*AT35)/100) -> 907.3746 | CZ35: =(((S35+R35)*AU35)/100) -> 549.924 | DN35: 0 | DO35: 0 | DP35: 1 | DQ35: 1 | DU35: 1005 | DV35: 100 м2 | DW35: 100 м2 | DX35: 100 | EE35: 39174571 | EF35: 2 | EG35: Общестроительные работы | EH35: 0 | EJ35: 1 | EK35: 46001 | EL35: Реконструкция зданий и сооружений | EM35: ФЕР-46 | EQ35: 0 | ER35: 1082.58 | ES35: 0 | ET35: 241.95 | EU35: 104.49 | EV35: 840.63 | EW35: 103.91 | EX35: 7.74 | EY35: 0 | FQ35: 0 | FR35: =ROUND(IF(AND(BH35=3,BI35=3),P35,0),2) -> 0 | FS35: 0 | FT35: *0,9 | FU35: *0,85 | FX35: 99 | FY35: 59.5 | GD35: 0 | GF35: 309229644 | GG35: 1 | GH35: 1 | GI35: 4 | GJ35: 0 | GK35: =ROUND(R35*(R12)/100,2) -> 0 | GL35: =ROUND(IF(AND(BH35=3,BI35=3,FS35<>0),P35,0),2) -> 0 | GM35: =ROUND(O35+X35+Y35+GK35,2)+GX35 -> 2507.13 | GN35: =IF(OR(BI35=0,BI35=1),ROUND(O35+X35+Y35+GK35,2),0) -> 2507.13 | GO35: =IF(BI35=2,ROUND(O35+X35+Y35+GK35,2),0) -> 0 | GP35: =IF(BI35=4,ROUND(O35+X35+Y35+GK35,2)+GX35,0) -> 0 | GR35: 0 | GS35: 3 | GT35: 0 | GV35: =ROUND(GT35,2) -> 0 | GW35: 1 | GX35: =ROUND(GV35*GW35*I35,2) -> 0 | HA35: 0 | HB35: 0 | IK35: 0
A36: 17 | B36: 1 | C36: =ROW(SmtRes!A40) -> 40 | D36: =ROW(EtalonRes!A51) -> 51 | E36: 9 | F36: 09-04-012-01 | G36: Демонтаж: Установка металлических дверных блоков из готовых проемов | H36: м2 | I36: 2.54 | J36: 0 | O36: =ROUND(CP36,2) -> 413.26 | P36: =ROUND(CQ36*I36,2) -> 0 | Q36: =ROUND(CR36*I36,2) -> 155.82 | R36: =ROUND(CS36*I36,2) -> 21.31 | S36: =ROUND(CT36*I36,2) -> 257.44 | T36: =ROUND(CU36*I36,2) -> 0 | U36: =CV36*I36 -> 4.2672 | V36: =CW36*I36 -> 0.30226 | W36: =ROUND(CX36*I36,2) -> 0 | X36: =ROUND(CY36,2) -> 225.79 | Y36: =ROUND(CZ36,2) -> 200.7 | AA36: 39278658 | AB36: =ROUND((AC36+AD36+AF36),2) -> 26.76 | AC36: =ROUND(((ES36*0)),2) -> 0 | AD36: =ROUND(((((ET36*0.7))-((EU36*0.7)))+AE36),2) -> 10.09 | AE36: =ROUND(((EU36*0.7)),2) -> 1.38 | AF36: =ROUND(((EV36*0.7)),2) -> 16.67 | AG36: =ROUND((AP36),2) -> 0 | AH36: =((EW36*0.7)) -> 1.68 | AI36: =((EX36*0.7)) -> 0.119 | AJ36: =ROUND((AS36),2) -> 0 | AK36: 63.94 | AL36: 25.72 | AM36: 14.41 | AN36: 1.97 | AO36: 23.81 | AP36: 0 | AQ36: 2.4 | AR36: 0.17 | AS36: 0 | AT36: 81 | AU36: 72 | AV36: 1 | AW36: 1 | AZ36: 6.08 | BA36: 6.08 | BB36: 6.08 | BC36: 6.08 | BH36: 0 | BI36: 1 | BJ36: ФЕР-2001, 09-04-012-01, приказ Минстроя России №1039/пр от 30.12.2016г. | BM36: 9001 | BN36: 0 | BP36: 0 | BQ36: 2 | BR36: 0 | BS36: 6.08 | BT36: 1 | BU36: 1 | BV36: 1 | BW36: 1 | BX36: 1 | BZ36: 90 | CA36: 85 | CF36: 0 | CG36: 0 | CM36: 0 | CN36: Поправка: МДС 81-36.2004, п.3.3.1.д Наименование: При демонтаже металлических конструкций | CO36: 0 | CP36: =(P36+Q36+S36) -> 413.26 | CQ36: =AC36*BC36 -> 0 | CR36: =AD36*BB36 -> 61.3472 | CS36: =AE36*BS36 -> 8.3904 | CT36: =AF36*BA36 -> 101.3536 | CU36: =AG36 -> 0 | CV36: =AH36 -> 1.68 | CW36: =AI36 -> 0.119 | CX36: =AJ36 -> 0 | CY36: =(((S36+R36)*AT36)/100) -> 225.7875 | CZ36: =(((S36+R36)*AU36)/100) -> 200.7 | DD36: )*0 | DE36: )*0,7 | DF36: )*0,7 | DG36: )*0,7 | DI36: )*0,7 | DJ36: )*0,7 | DN36: 0 | DO36: 0 | DP36: 1 | DQ36: 1 | DU36: 1005 | DV36: м2 | DW36: м2 | DX36: 1 | EE36: 39174502 | EF36: 2 | EG36: Общестроительные работы | EH36: 0 | EJ36: 1 | EK36: 9001 | EL36: Металлические конструкции | EM36: ФЕР-09 | EO36: Поправка: МДС 81-36.2004, п.3.3.1.д | EQ36: 0 | ER36: 63.94 | ES36: 25.72 | ET36: 14.41 | EU36: 1.97 | EV36: 23.81 | EW36: 2.4 | EX36: 0.17 | EY36: 0 | FQ36: 0 | FR36: =ROUND(IF(AND(BH36=3,BI36=3),P36,0),2) -> 0 | FS36: 0 | FT36: *0,9 | FU36: *0,85 | FX36: 81 | FY36: 72.25 | GD36: 0 | GF36: -1886295131 | GG36: 1 | GH36: 1 | GI36: 4 | GJ36: 0 | GK36: =ROUND(R36*(R12)/100,2) -> 0 | GL36: =ROUND(IF(AND(BH36=3,BI36=3,FS36<>0),P36,0),2) -> 0 | GM36: =ROUND(O36+X36+Y36+GK36,2)+GX36 -> 839.75 | GN36: =IF(OR(BI36=0,BI36=1),ROUND(O36+X36+Y36+GK36,2),0) -> 839.75 | GO36: =IF(BI36=2,ROUND(O36+X36+Y36+GK36,2),0) -> 0 | GP36: =IF(BI36=4,ROUND(O36+X36+Y36+GK36,2)+GX36,0) -> 0 | GR36: 0 | GS36: 3 | GT36: 0 | GV36: =ROUND(GT36,2) -> 0 | GW36: 1 | GX36: =ROUND(GV36*GW36*I36,2) -> 0 | HA36: 0 | HB36: 0 | IK36: 0
A37: 17 | B37: 1 | C37: =ROW(SmtRes!A48) -> 48 | D37: =ROW(EtalonRes!A59) -> 59 | E37: 10 | F37: 10-01-014-04 прим. | G37: Демонтаж: Устройство чистых перегородок каркасных с обшивкой фанерой с одной стороны (Экраны) | H37: 100 м2 | I37: =ROUND(105/100,9) -> 1.05 | J37: 0 | O37: =ROUND(CP37,2) -> 4822.73 | P37: =ROUND(CQ37*I37,2) -> 0 | Q37: =ROUND(CR37*I37,2) -> 57.07 | R37: =ROUND(CS37*I37,2) -> 10.09 | S37: =ROUND(CT37*I37,2) -> 4765.66 | T37: =ROUND(CU37*I37,2) -> 0 | U37: =CV37*I37 -> 90.72 | V37: =CW37*I37 -> 0.1428 | W37: =ROUND(CX37*I37,2) -> 0 | X37: =ROUND(CY37,2) -> 5062.3 | Y37: =ROUND(CZ37,2) -> 2578.91 | AA37: 39278658 | AB37: =ROUND((AC37+AD37+AF37),2) -> 755.44 | AC37: =ROUND(((ES37*0)),2) -> 0 | AD37: =ROUND(((((ET37*0.8))-((EU37*0.8)))+AE37),2) -> 8.94 | AE37: =ROUND(((EU37*0.8)),2) -> 1.58 | AF37: =ROUND(((EV37*0.8)),2) -> 746.5 | AG37: =ROUND((AP37),2) -> 0 | AH37: =((EW37*0.8)) -> 86.4 | AI37: =((EX37*0.8)) -> 0.136 | AJ37: =ROUND((AS37),2) -> 0 | AK37: 4094.31 | AL37: 3150.02 | AM37: 11.17 | AN37: 1.97 | AO37: 933.12 | AP37: 0 | AQ37: 108 | AR37: 0.17 | AS37: 0 | AT37: 106 | AU37: 54 | AV37: 1 | AW37: 1 | AZ37: 6.08 | BA37: 6.08 | BB37: 6.08 | BC37: 6.08 | BH37: 0 | BI37: 1 | BJ37: ФЕР-2001, 10-01-014-04, приказ Минстроя России №1039/пр от 30.12.2016г. | BM37: 10001 | BN37: 0 | BP37: 0 | BQ37: 2 | BR37: 0 | BS37: 6.08 | BT37: 1 | BU37: 1 | BV37: 1 | BW37: 1 | BX37: 1 | BZ37: 118 | CA37: 63 | CF37: 0 | CG37: 0 | CM37: 0 | CN37: Поправка: Табл.2, п.2 Наименование: При демонтаже (разборке) сборных деревянных конструкций Поправка: МДС 81-36.2004, п.3.3.1.д Наименование: При демонтаже металлических конструкций Поправка: МДС 81-36.2004, п.3.3.1.а Наименование: При демонтаже (разборке) сборных бетонных и железобетонных конструкций | CO37: 0 | CP37: =(P37+Q37+S37) -> 4822.73 | CQ37: =AC37*BC37 -> 0 | CR37: =AD37*BB37 -> 54.3552 | CS37: =AE37*BS37 -> 9.6064 | CT37: =AF37*BA37 -> 4538.72 | CU37: =AG37 -> 0 | CV37: =AH37 -> 86.4 | CW37: =AI37 -> 0.136 | CX37: =AJ37 -> 0 | CY37: =(((S37+R37)*AT37)/100) -> 5062.295 | CZ37: =(((S37+R37)*AU37)/100) -> 2578.905 | DD37: )*0 | DE37: )*0,8 | DF37: )*0,8 | DG37: )*0,8 | DI37: )*0,8 | DJ37: )*0,8 | DN37: 0 | DO37: 0 | DP37: 1 | DQ37: 1 | DU37: 1005 | DV37: 100 м2 | DW37: 100 м2 | DX37: 100 | EE37: 39174503 | EF37: 2 | EG37: Общестроительные работы | EH37: 0 | EJ37: 1 | EK37: 10001 | EL37: Деревянные конструкции | EM37: ФЕР-10 | EO37: Поправка: Табл.2, п.2 Поправка: МДС 81-36.2004, п.3.3.1.д Поправка: МДС 81-36.2004, п.3.3.1.а | EQ37: 0 | ER37: 4094.31 | ES37: 3150.02 | ET37: 11.17 | EU37: 1.97 | EV37: 933.12 | EW37: 108 | EX37: 0.17 | EY37: 0 | FQ37: 0 | FR37: =ROUND(IF(AND(BH37=3,BI37=3),P37,0),2) -> 0 | FS37: 0 | FT37: *0,9 | FU37: *0,85 | FX37: 106.2 | FY37: 53.55 | GD37: 0 | GF37: 1445814459 | GG37: 1 | GH37: 1 | GI37: 4 | GJ37: 0 | GK37: =ROUND(R37*(R12)/100,2) -> 0 | GL37: =ROUND(IF(AND(BH37=3,BI37=3,FS37<>0),P37,0),2) -> 0 | GM37: =ROUND(O37+X37+Y37+GK37,2)+GX37 -> 12463.94 | GN37: =IF(OR(BI37=0,BI37=1),ROUND(O37+X37+Y37+GK37,2),0) -> 12463.94 | GO37: =IF(BI37=2,ROUND(O37+X37+Y37+GK37,2),0) -> 0 | GP37: =IF(BI37=4,ROUND(O37+X37+Y37+GK37,2)+GX37,0) -> 0 | GR37: 0 | GS37: 3 | GT37: 0 | GV37: =ROUND(GT37,2) -> 0 | GW37: 1 | GX37: =ROUND(GV37*GW37*I37,2) -> 0 | HA37: 0 | HB37: 0 | IK37: 0
A38: 17 | B38: 1 | C38: =ROW(SmtRes!A56) -> 56 | D38: =ROW(EtalonRes!A67) -> 67 | E38: 11 | F38: 10-01-014-02 прим | G38: Демонтаж:Устройство чистых перегородок дощатых однослойных (короб деревянный) | H38: 100 м2 | I38: =ROUND(15.34/100,9) -> 0.1534 | J38: 0 | O38: =ROUND(CP38,2) -> 895.39 | P38: =ROUND(CQ38*I38,2) -> 0 | Q38: =ROUND(CR38*I38,2) -> 112.43 | R38: =ROUND(CS38*I38,2) -> 15.31 | S38: =ROUND(CT38*I38,2) -> 782.96 | T38: =ROUND(CU38*I38,2) -> 0 | U38: =CV38*I38 -> 15.918011 | V38: =CW38*I38 -> 0.1975792 | W38: =ROUND(CX38*I38,2) -> 0 | X38: =ROUND(CY38,2) -> 846.17 | Y38: =ROUND(CZ38,2) -> 431.07 | AA38: 39278658 | AB38: =ROUND((AC38+AD38+AF38),2) -> 960.03 | AC38: =ROUND(((ES38*0)),2) -> 0 | AD38: =ROUND(((((ET38*0.8))-((EU38*0.8)))+AE38),2) -> 120.55 | AE38: =ROUND(((EU38*0.8)),2) -> 16.42 | AF38: =ROUND(((EV38*0.8)),2) -> 839.48 | AG38: =ROUND((AP38),2) -> 0 | AH38: =((EW38*0.8)) -> 103.768 | AI38: =((EX38*0.8)) -> 1.288 | AJ38: =ROUND((AS38),2) -> 0 | AK38: 8166.64 | AL38: 6966.61 | AM38: 150.68 | AN38: 20.52 | AO38: 1049.35 | AP38: 0 | AQ38: 129.71 | AR38: 1.61 | AS38: 0 | AT38: 106 | AU38: 54 | AV38: 1 | AW38: 1 | AZ38: 6.08 | BA38: 6.08 | BB38: 6.08 | BC38: 6.08 | BH38: 0 | BI38: 1 | BJ38: ФЕР-2001, 10-01-014-02, приказ Минстроя России №1039/пр от 30.12.2016г. | BM38: 10001 | BN38: 0 | BP38: 0 | BQ38: 2 | BR38: 0 | BS38: 6.08 | BT38: 1 | BU38: 1 | BV38: 1 | BW38: 1 | BX38: 1 | BZ38: 118 | CA38: 63 | CF38: 0 | CG38: 0 | CM38: 0 | CN38: Поправка: Табл.2, п.2 Наименование: При демонтаже (разборке) сборных деревянных конструкций | CO38: 0 | CP38: =(P38+Q38+S38) -> 895.39 | CQ38: =AC38*BC38 -> 0 | CR38: =AD38*BB38 -> 732.944 | CS38: =AE38*BS38 -> 99.8336 | CT38: =AF38*BA38 -> 5104.0384 | CU38: =AG38 -> 0 | CV38: =AH38 -> 103.768 | CW38: =AI38 -> 1.288 | CX38: =AJ38 -> 0 | CY38: =(((S38+R38)*AT38)/100) -> 846.1662 | CZ38: =(((S38+R38)*AU38)/100) -> 431.0658 | DD38: )*0 | DE38: )*0,8 | DF38: )*0,8 | DG38: )*0,8 | DI38: )*0,8 | DJ38: )*0,8 | DN38: 0 | DO38: 0 | DP38: 1 | DQ38: 1 | DU38: 1005 | DV38: 100 м2 | DW38: 100 м2 | DX38: 100 | EE38: 39174503 | EF38: 2 | EG38: Общестроительные работы | EH38: 0 | EJ38: 1 | EK38: 10001 | EL38: Деревянные конструкции | EM38: ФЕР-10 | EO38: Поправка: Табл.2, п.2 | EQ38: 0 | ER38: 8166.64 | ES38: 6966.61 | ET38: 150.68 | EU38: 20.52 | EV38: 1049.35 | EW38: 129.71 | EX38: 1.61 | EY38: 0 | FQ38: 0 | FR38: =ROUND(IF(AND(BH38=3,BI38=3),P38,0),2) -> 0 | FS38: 0 | FT38: *0,9 | FU38: *0,85 | FX38: 106.2 | FY38: 53.55 | GD38: 0 | GF38: 1270186788 | GG38: 1 | GH38: 1 | GI38: 4 | GJ38: 0 | GK38: =ROUND(R38*(R12)/100,2) -> 0 | GL38: =ROUND(IF(AND(BH38=3,BI38=3,FS38<>0),P38,0),2) -> 0 | GM38: =ROUND(O38+X38+Y38+GK38,2)+GX38 -> 2172.63 | GN38: =IF(OR(BI38=0,BI38=1),ROUND(O38+X38+Y38+GK38,2),0) -> 2172.63 | GO38: =IF(BI38=2,ROUND(O38+X38+Y38+GK38,2),0) -> 0 | GP38: =IF(BI38=4,ROUND(O38+X38+Y38+GK38,2)+GX38,0) -> 0 | GR38: 0 | GS38: 3 | GT38: 0 | GV38: =ROUND(GT38,2) -> 0 | GW38: 1 | GX38: =ROUND(GV38*GW38*I38,2) -> 0 | HA38: 0 | HB38: 0 | IK38: 0
A39: 17 | B39: 1 | C39: =ROW(SmtRes!A64) -> 64 | D39: =ROW(EtalonRes!A75) -> 75 | E39: 12 | F39: 10-01-052-02 прим. | G39: Разборка: Устройство внутриквартирных лестниц без подшивки (стенка шведская) | H39: м2 | I39: 16.8 | J39: 0 | O39: =ROUND(CP39,2) -> 3529.07 | P39: =ROUND(CQ39*I39,2) -> 0 | Q39: =ROUND(CR39*I39,2) -> 321.75 | R39: =ROUND(CS39*I39,2) -> 57.2 | S39: =ROUND(CT39*I39,2) -> 3207.32 | T39: =ROUND(CU39*I39,2) -> 0 | U39: =CV39*I39 -> 54.8352 | V39: =CW39*I39 -> 0.8064 | W39: =ROUND(CX39*I39,2) -> 0 | X39: =ROUND(CY39,2) -> 3460.39 | Y39: =ROUND(CZ39,2) -> 1762.84 | AA39: 39278658 | AB39: =ROUND((AC39+AD39+AF39),2) -> 34.55 | AC39: =ROUND(((ES39*0)),2) -> 0 | AD39: =ROUND(((((ET39*0.8))-((EU39*0.8)))+AE39),2) -> 3.15 | AE39: =ROUND(((EU39*0.8)),2) -> 0.56 | AF39: =ROUND(((EV39*0.8)),2) -> 31.4 | AG39: =ROUND((AP39),2) -> 0 | AH39: =((EW39*0.8)) -> 3.264 | AI39: =((EX39*0.8)) -> 0.048 | AJ39: =ROUND((AS39),2) -> 0 | AK39: 441.48 | AL39: 398.29 | AM39: 3.94 | AN39: 0.7 | AO39: 39.25 | AP39: 0 | AQ39: 4.08 | AR39: 0.06 | AS39: 0 | AT39: 106 | AU39: 54 | AV39: 1 | AW39: 1 | AZ39: 6.08 | BA39: 6.08 | BB39: 6.08 | BC39: 6.08 | BH39: 0 | BI39: 1 | BJ39: ФЕР-2001, 10-01-052-02, приказ Минстроя России №1039/пр от 30.12.2016г. | BM39: 10001 | BN39: 0 | BP39: 0 | BQ39: 2 | BR39: 0 | BS39: 6.08 | BT39: 1 | BU39: 1 | BV39: 1 | BW39: 1 | BX39: 1 | BZ39: 118 | CA39: 63 | CF39: 0 | CG39: 0 | CM39: 0 | CN39: Поправка: Табл.2, п.2 Наименование: При демонтаже (разборке) сборных деревянных конструкций | CO39: 0 | CP39: =(P39+Q39+S39) -> 3529.07 | CQ39: =AC39*BC39 -> 0 | CR39: =AD39*BB39 -> 19.152 | CS39: =AE39*BS39 -> 3.4048 | CT39: =AF39*BA39 -> 190.912 | CU39: =AG39 -> 0 | CV39: =AH39 -> 3.264 | CW39: =AI39 -> 0.048 | CX39: =AJ39 -> 0 | CY39: =(((S39+R39)*AT39)/100) -> 3460.3912 | CZ39: =(((S39+R39)*AU39)/100) -> 1762.8408 | DD39: )*0 | DE39: )*0,8 | DF39: )*0,8 | DG39: )*0,8 | DI39: )*0,8 | DJ39: )*0,8 | DN39: 0 | DO39: 0 | DP39: 1 | DQ39: 1 | DU39: 1005 | DV39: м2 | DW39: м2 | DX39: 1 | EE39: 39174503 | EF39: 2 | EG39: Общестроительные работы | EH39: 0 | EJ39: 1 | EK39: 10001 | EL39: Деревянные конструкции | EM39: ФЕР-10 | EO39: Поправка: Табл.2, п.2 | EQ39: 0 | ER39: 441.48 | ES39: 398.29 | ET39: 3.94 | EU39: 0.7 | EV39: 39.25 | EW39: 4.08 | EX39: 0.06 | EY39: 0 | FQ39: 0 | FR39: =ROUND(IF(AND(BH39=3,BI39=3),P39,0),2) -> 0 | FS39: 0 | FT39: *0,9 | FU39: *0,85 | FX39: 106.2 | FY39: 53.55 | GD39: 0 | GF39: -360648514 | GG39: 1 | GH39: 1 | GI39: 4 | GJ39: 0 | GK39: =ROUND(R39*(R12)/100,2) -> 0 | GL39: =ROUND(IF(AND(BH39=3,BI39=3,FS39<>0),P39,0),2) -> 0 | GM39: =ROUND(O39+X39+Y39+GK39,2)+GX39 -> 8752.3 | GN39: =IF(OR(BI39=0,BI39=1),ROUND(O39+X39+Y39+GK39,2),0) -> 8752.3 | GO39: =IF(BI39=2,ROUND(O39+X39+Y39+GK39,2),0) -> 0 | GP39: =IF(BI39=4,ROUND(O39+X39+Y39+GK39,2)+GX39,0) -> 0 | GR39: 0 | GS39: 3 | GT39: 0 | GV39: =ROUND(GT39,2) -> 0 | GW39: 1 | GX39: =ROUND(GV39*GW39*I39,2) -> 0 | HA39: 0 | HB39: 0 | IK39: 0
A40: 17 | B40: 1 | C40: =ROW(SmtRes!A69) -> 69 | D40: =ROW(EtalonRes!A80) -> 80 | E40: 13 | F40: 10-02-031-03 прим. | G40: Разборка:Сборка перегородок дощатых щитовых (короб из ДСП) | H40: 100 м2 | I40: =ROUND(10.2/100,9) -> 0.102 | J40: 0 | O40: =ROUND(CP40,2) -> 254.95 | P40: =ROUND(CQ40*I40,2) -> 0 | Q40: =ROUND(CR40*I40,2) -> 68.94 | R40: =ROUND(CS40*I40,2) -> 10.11 | S40: =ROUND(CT40*I40,2) -> 186.01 | T40: =ROUND(CU40*I40,2) -> 0 | U40: =CV40*I40 -> 3.744624 | V40: =CW40*I40 -> 0.13464 | W40: =ROUND(CX40*I40,2) -> 0 | X40: =ROUND(CY40,2) -> 207.89 | Y40: =ROUND(CZ40,2) -> 105.9 | AA40: 39278658 | AB40: =ROUND((AC40+AD40+AF40),2) -> 411.11 | AC40: =ROUND(((ES40*0)),2) -> 0 | AD40: =ROUND(((((ET40*0.8))-((EU40*0.8)))+AE40),2) -> 111.17 | AE40: =ROUND(((EU40*0.8)),2) -> 16.31 | AF40: =ROUND(((EV40*0.8)),2) -> 299.94 | AG40: =ROUND((AP40),2) -> 0 | AH40: =((EW40*0.8)) -> 36.712 | AI40: =((EX40*0.8)) -> 1.32 | AJ40: =ROUND((AS40),2) -> 0 | AK40: 609.7 | AL40: 95.82 | AM40: 138.96 | AN40: 20.39 | AO40: 374.92 | AP40: 0 | AQ40: 45.89 | AR40: 1.65 | AS40: 0 | AT40: 106 | AU40: 54 | AV40: 1 | AW40: 1 | AZ40: 6.08 | BA40: 6.08 | BB40: 6.08 | BC40: 6.08 | BH40: 0 | BI40: 1 | BJ40: ФЕР-2001, 10-02-031-03, приказ Минстроя России №1039/пр от 30.12.2016г. | BM40: 10001 | BN40: 0 | BP40: 0 | BQ40: 2 | BR40: 0 | BS40: 6.08 | BT40: 1 | BU40: 1 | BV40: 1 | BW40: 1 | BX40: 1 | BZ40: 118 | CA40: 63 | CF40: 0 | CG40: 0 | CM40: 0 | CN40: Поправка: Табл.2, п.2 Наименование: При демонтаже (разборке) сборных деревянных конструкций | CO40: 0 | CP40: =(P40+Q40+S40) -> 254.95 | CQ40: =AC40*BC40 -> 0 | CR40: =AD40*BB40 -> 675.9136 | CS40: =AE40*BS40 -> 99.1648 | CT40: =AF40*BA40 -> 1823.6352 | CU40: =AG40 -> 0 | CV40: =AH40 -> 36.712 | CW40: =AI40 -> 1.32 | CX40: =AJ40 -> 0 | CY40: =(((S40+R40)*AT40)/100) -> 207.8872 | CZ40: =(((S40+R40)*AU40)/100) -> 105.9048 | DD40: )*0 | DE40: )*0,8 | DF40: )*0,8 | DG40: )*0,8 | DI40: )*0,8 | DJ40: )*0,8 | DN40: 0 | DO40: 0 | DP40: 1 | DQ40: 1 | DU40: 1005 | DV40: 100 м2 | DW40: 100 м2 | DX40: 100 | EE40: 39174503 | EF40: 2 | EG40: Общестроительные работы | EH40: 0 | EJ40: 1 | EK40: 10001 | EL40: Деревянные конструкции | EM40: ФЕР-10 | EO40: Поправка: Табл.2, п.2 | EQ40: 0 | ER40: 609.7 | ES40: 95.82 | ET40: 138.96 | EU40: 20.39 | EV40: 374.92 | EW40: 45.89 | EX40: 1.65 | EY40: 0 | FQ40: 0 | FR40: =ROUND(IF(AND(BH40=3,BI40=3),P40,0),2) -> 0 | FS40: 0 | FT40: *0,9 | FU40: *0,85 | FX40: 106.2 | FY40: 53.55 | GD40: 0 | GF40: 286433594 | GG40: 1 | GH40: 1 | GI40: 4 | GJ40: 0 | GK40: =ROUND(R40*(R12)/100,2) -> 0 | GL40: =ROUND(IF(AND(BH40=3,BI40=3,FS40<>0),P40,0),2) -> 0 | GM40: =ROUND(O40+X40+Y40+GK40,2)+GX40 -> 568.74 | GN40: =IF(OR(BI40=0,BI40=1),ROUND(O40+X40+Y40+GK40,2),0) -> 568.74 | GO40: =IF(BI40=2,ROUND(O40+X40+Y40+GK40,2),0) -> 0 | GP40: =IF(BI40=4,ROUND(O40+X40+Y40+GK40,2)+GX40,0) -> 0 | GR40: 0 | GS40: 3 | GT40: 0 | GV40: =ROUND(GT40,2) -> 0 | GW40: 1 | GX40: =ROUND(GV40*GW40*I40,2) -> 0 | HA40: 0 | HB40: 0 | IK40: 0
A41: 17 | B41: 1 | C41: =ROW(SmtRes!A79) -> 79 | D41: =ROW(EtalonRes!A90) -> 90 | E41: 14 | F41: 15-02-024-04 прим. | G41: Разборка:Облицовка древесноволокнистыми листами стен при отделке под оклейку обоями | H41: 100 м2 | I41: =ROUND(103/100,9) -> 1.03 | J41: 0 | O41: =ROUND(CP41,2) -> 2951.53 | P41: =ROUND(CQ41*I41,2) -> 0 | Q41: =ROUND(CR41*I41,2) -> 178.79 | R41: =ROUND(CS41*I41,2) -> 42.77 | S41: =ROUND(CT41*I41,2) -> 2772.74 | T41: =ROUND(CU41*I41,2) -> 0 | U41: =CV41*I41 -> 54.8784 | V41: =CW41*I41 -> 0.56856 | W41: =ROUND(CX41*I41,2) -> 0 | X41: =ROUND(CY41,2) -> 2674.73 | Y41: =ROUND(CZ41,2) -> 1323.29 | AA41: 39278658 | AB41: =ROUND((AC41+AD41+AF41),2) -> 471.31 | AC41: =ROUND(((ES41*0)),2) -> 0 | AD41: =ROUND(((((ET41*0.8))-((EU41*0.8)))+AE41),2) -> 28.55 | AE41: =ROUND(((EU41*0.8)),2) -> 6.83 | AF41: =ROUND(((EV41*0.8)),2) -> 442.76 | AG41: =ROUND((AP41),2) -> 0 | AH41: =((EW41*0.8)) -> 53.28 | AI41: =((EX41*0.8)) -> 0.552 | AJ41: =ROUND((AS41),2) -> 0 | AK41: 1979.02 | AL41: 1389.88 | AM41: 35.69 | AN41: 8.54 | AO41: 553.45 | AP41: 0 | AQ41: 66.6 | AR41: 0.69 | AS41: 0 | AT41: 95 | AU41: 47 | AV41: 1 | AW41: 1 | AZ41: 6.08 | BA41: 6.08 | BB41: 6.08 | BC41: 6.08 | BH41: 0 | BI41: 1 | BJ41: ФЕР-2001, 15-02-024-04, приказ Минстроя России №1039/пр от 30.12.2016г. | BM41: 15001 | BN41: 0 | BP41: 0 | BQ41: 2 | BR41: 0 | BS41: 6.08 | BT41: 1 | BU41: 1 | BV41: 1 | BW41: 1 | BX41: 1 | BZ41: 105 | CA41: 55 | CF41: 0 | CG41: 0 | CM41: 0 | CN41: Поправка: Табл.2, п.2 Наименование: При демонтаже (разборке) сборных деревянных конструкций | CO41: 0 | CP41: =(P41+Q41+S41) -> 2951.53 | CQ41: =AC41*BC41 -> 0 | CR41: =AD41*BB41 -> 173.584 | CS41: =AE41*BS41 -> 41.5264 | CT41: =AF41*BA41 -> 2691.9808 | CU41: =AG41 -> 0 | CV41: =AH41 -> 53.28 | CW41: =AI41 -> 0.552 | CX41: =AJ41 -> 0 | CY41: =(((S41+R41)*AT41)/100) -> 2674.7345 | CZ41: =(((S41+R41)*AU41)/100) -> 1323.2897 | DD41: )*0 | DE41: )*0,8 | DF41: )*0,8 | DG41: )*0,8 | DI41: )*0,8 | DJ41: )*0,8 | DN41: 0 | DO41: 0 | DP41: 1 | DQ41: 1 | DU41: 1005 | DV41: 100 м2 | DW41: 100 м2 | DX41: 100 | EE41: 39174529 | EF41: 2 | EG41: Общестроительные работы | EH41: 0 | EJ41: 1 | EK41: 15001 | EL41: Отделочные работы | EM41: ФЕР-15 | EO41: Поправка: Табл.2, п.2 | EQ41: 0 | ER41: 1979.02 | ES41: 1389.88 | ET41: 35.69 | EU41: 8.54 | EV41: 553.45 | EW41: 66.6 | EX41: 0.69 | EY41: 0 | FQ41: 0 | FR41: =ROUND(IF(AND(BH41=3,BI41=3),P41,0),2) -> 0 | FS41: 0 | FT41: *0,9 | FU41: *0,85 | FX41: 94.5 | FY41: 46.75 | GD41: 0 | GF41: 1327723444 | GG41: 1 | GH41: 1 | GI41: 4 | GJ41: 0 | GK41: =ROUND(R41*(R12)/100,2) -> 0 | GL41: =ROUND(IF(AND(BH41=3,BI41=3,FS41<>0),P41,0),2) -> 0 | GM41: =ROUND(O41+X41+Y41+GK41,2)+GX41 -> 6949.55 | GN41: =IF(OR(BI41=0,BI41=1),ROUND(O41+X41+Y41+GK41,2),0) -> 6949.55 | GO41: =IF(BI41=2,ROUND(O41+X41+Y41+GK41,2),0) -> 0 | GP41: =IF(BI41=4,ROUND(O41+X41+Y41+GK41,2)+GX41,0) -> 0 | GR41: 0 | GS41: 3 | GT41: 0 | GV41: =ROUND(GT41,2) -> 0 | GW41: 1 | GX41: =ROUND(GV41*GW41*I41,2) -> 0 | HA41: 0 | HB41: 0 | IK41: 0
A42: 17 | B42: 1 | C42: =ROW(SmtRes!A90) -> 90 | D42: =ROW(EtalonRes!A101) -> 101 | E42: 15 | F42: 15-02-041-03 | G42: Разборка :Устройство металлического каркаса из направляющих профилей под облицовку различными материалами стен | H42: 100 м2 | I42: =ROUND(103/100,9) -> 1.03 | J42: 0 | O42: =ROUND(CP42,2) -> 1730.74 | P42: =ROUND(CQ42*I42,2) -> 0 | Q42: =ROUND(CR42*I42,2) -> 6.58 | R42: =ROUND(CS42*I42,2) -> 2.57 | S42: =ROUND(CT42*I42,2) -> 1724.16 | T42: =ROUND(CU42*I42,2) -> 0 | U42: =CV42*I42 -> 33.24531 | V42: =CW42*I42 -> 0.02884 | W42: =ROUND(CX42*I42,2) -> 0 | X42: =ROUND(CY42,2) -> 1640.39 | Y42: =ROUND(CZ42,2) -> 811.56 | AA42: 39278658 | AB42: =ROUND((AC42+AD42+AF42),2) -> 276.37 | AC42: =ROUND(((ES42*0)),2) -> 0 | AD42: =ROUND(((((ET42*0.7))-((EU42*0.7)))+AE42),2) -> 1.05 | AE42: =ROUND(((EU42*0.7)),2) -> 0.41 | AF42: =ROUND(((EV42*0.7)),2) -> 275.32 | AG42: =ROUND((AP42),2) -> 0 | AH42: =((EW42*0.7)) -> 32.277 | AI42: =((EX42*0.7)) -> 0.028 | AJ42: =ROUND((AS42),2) -> 0 | AK42: 3623.45 | AL42: 3228.62 | AM42: 1.51 | AN42: 0.59 | AO42: 393.32 | AP42: 0 | AQ42: 46.11 | AR42: 0.04 | AS42: 0 | AT42: 95 | AU42: 47 | AV42: 1 | AW42: 1 | AZ42: 6.08 | BA42: 6.08 | BB42: 6.08 | BC42: 6.08 | BH42: 0 | BI42: 1 | BJ42: ФЕР-2001, 15-02-041-03, приказ Минстроя России №886/пр от 15.06.2017 | BM42: 15001 | BN42: 0 | BP42: 0 | BQ42: 2 | BR42: 0 | BS42: 6.08 | BT42: 1 | BU42: 1 | BV42: 1 | BW42: 1 | BX42: 1 | BZ42: 105 | CA42: 55 | CF42: 0 | CG42: 0 | CM42: 0 | CN42: Поправка: Табл.2, п.2 Наименование: При демонтаже (разборке) сборных деревянных конструкций Поправка: МДС 81-36.2004, п.3.3.1.д Наименование: При демонтаже металлических конструкций Поправка: МДС 81-36.2004, п.3.3.1.д Наименование: При демонтаже металлических конструкций | CO42: 0 | CP42: =(P42+Q42+S42) -> 1730.74 | CQ42: =AC42*BC42 -> 0 | CR42: =AD42*BB42 -> 6.384 | CS42: =AE42*BS42 -> 2.4928 | CT42: =AF42*BA42 -> 1673.9456 | CU42: =AG42 -> 0 | CV42: =AH42 -> 32.277 | CW42: =AI42 -> 0.028 | CX42: =AJ42 -> 0 | CY42: =(((S42+R42)*AT42)/100) -> 1640.3935 | CZ42: =(((S42+R42)*AU42)/100) -> 811.5631 | DD42: )*0 | DE42: )*0,7 | DF42: )*0,7 | DG42: )*0,7 | DI42: )*0,7 | DJ42: )*0,7 | DN42: 0 | DO42: 0 | DP42: 1 | DQ42: 1 | DU42: 1005 | DV42: 100 м2 | DW42: 100 м2 | DX42: 100 | EE42: 39174529 | EF42: 2 | EG42: Общестроительные работы | EH42: 0 | EJ42: 1 | EK42: 15001 | EL42: Отделочные работы | EM42: ФЕР-15 | EO42: Поправка: Табл.2, п.2 Поправка: МДС 81-36.2004, п.3.3.1.д Поправка: МДС 81-36.2004, п.3.3.1.д | EQ42: 0 | ER42: 3623.45 | ES42: 3228.62 | ET42: 1.51 | EU42: 0.59 | EV42: 393.32 | EW42: 46.11 | EX42: 0.04 | EY42: 0 | FQ42: 0 | FR42: =ROUND(IF(AND(BH42=3,BI42=3),P42,0),2) -> 0 | FS42: 0 | FT42: *0,9 | FU42: *0,85 | FX42: 94.5 | FY42: 46.75 | GD42: 0 | GF42: 227955695 | GG42: 1 | GH42: 1 | GI42: 4 | GJ42: 0 | GK42: =ROUND(R42*(R12)/100,2) -> 0 | GL42: =ROUND(IF(AND(BH42=3,BI42=3,FS42<>0),P42,0),2) -> 0 | GM42: =ROUND(O42+X42+Y42+GK42,2)+GX42 -> 4182.69 | GN42: =IF(OR(BI42=0,BI42=1),ROUND(O42+X42+Y42+GK42,2),0) -> 4182.69 | GO42: =IF(BI42=2,ROUND(O42+X42+Y42+GK42,2),0) -> 0 | GP42: =IF(BI42=4,ROUND(O42+X42+Y42+GK42,2)+GX42,0) -> 0 | GR42: 0 | GS42: 3 | GT42: 0 | GV42: =ROUND(GT42,2) -> 0 | GW42: 1 | GX42: =ROUND(GV42*GW42*I42,2) -> 0 | HA42: 0 | HB42: 0 | IK42: 0
A43: 17 | B43: 1 | C43: =ROW(SmtRes!A91) -> 91 | D43: =ROW(EtalonRes!A103) -> 103 | E43: 16 | F43: 56-3-2 прим. | G43: Снятие подоконных досок из ПВХ в каменных зданиях | H43: 100 м2 | I43: 0.018 | J43: 0 | O43: =ROUND(CP43,2) -> 83.36 | P43: =ROUND(CQ43*I43,2) -> 0 | Q43: =ROUND(CR43*I43,2) -> 0 | R43: =ROUND(CS43*I43,2) -> 0 | S43: =ROUND(CT43*I43,2) -> 83.36 | T43: =ROUND(CU43*I43,2) -> 0 | U43: =CV43*I43 -> 1.70946 | V43: =CW43*I43 -> 0 | W43: =ROUND(CX43*I43,2) -> 0 | X43: =ROUND(CY43,2) -> 68.36 | Y43: =ROUND(CZ43,2) -> 51.68 | AA43: 39278658 | AB43: =ROUND((AC43+AD43+AF43),2) -> 761.66 | AC43: =ROUND((ES43),2) -> 0 | AD43: =ROUND((((ET43)-(EU43))+AE43),2) -> 0 | AE43: =ROUND((EU43),2) -> 0 | AF43: =ROUND((EV43),2) -> 761.66 | AG43: =ROUND((AP43),2) -> 0 | AH43: =(EW43) -> 94.97 | AI43: =(EX43) -> 0 | AJ43: =ROUND((AS43),2) -> 0 | AK43: 761.66 | AL43: 0 | AM43: 0 | AN43: 0 | AO43: 761.66 | AP43: 0 | AQ43: 94.97 | AR43: 0 | AS43: 0 | AT43: 82 | AU43: 62 | AV43: 1 | AW43: 1 | AZ43: 6.08 | BA43: 6.08 | BB43: 6.08 | BC43: 6.08 | BH43: 0 | BI43: 1 | BJ43: ФЕРр-2001, 56-3-2, приказ Минстроя России №1039/пр от 30.12.2016г. | BM43: 56001 | BN43: 0 | BP43: 0 | BQ43: 6 | BR43: 0 | BS43: 6.08 | BT43: 1 | BU43: 1 | BV43: 1 | BW43: 1 | BX43: 1 | BZ43: 82 | CA43: 62 | CF43: 0 | CG43: 0 | CM43: 0 | CO43: 0 | CP43: =(P43+Q43+S43) -> 83.36 | CQ43: =AC43*BC43 -> 0 | CR43: =AD43*BB43 -> 0 | CS43: =AE43*BS43 -> 0 | CT43: =AF43*BA43 -> 4630.8928 | CU43: =AG43 -> 0 | CV43: =AH43 -> 94.97 | CW43: =AI43 -> 0 | CX43: =AJ43 -> 0 | CY43: =(((S43+R43)*AT43)/100) -> 68.3552 | CZ43: =(((S43+R43)*AU43)/100) -> 51.6832 | DN43: 0 | DO43: 0 | DP43: 1 | DQ43: 1 | DU43: 1005 | DV43: 100 м2 | DW43: 100 м2 | DX43: 100 | EE43: 39174581 | EF43: 6 | EG43: Ремонтно-строительные работы | EH43: 0 | EJ43: 1 | EK43: 56001 | EL43: Проемы | EM43: рФЕР-56 | EQ43: 0 | ER43: 761.66 | ES43: 0 | ET43: 0 | EU43: 0 | EV43: 761.66 | EW43: 94.97 | EX43: 0 | EY43: 0 | FQ43: 0 | FR43: =ROUND(IF(AND(BH43=3,BI43=3),P43,0),2) -> 0 | FS43: 0 | FX43: 82 | FY43: 62 | GD43: 0 | GF43: -1660984937 | GG43: 1 | GH43: 1 | GI43: 4 | GJ43: 0 | GK43: =ROUND(R43*(R12)/100,2) -> 0 | GL43: =ROUND(IF(AND(BH43=3,BI43=3,FS43<>0),P43,0),2) -> 0 | GM43: =ROUND(O43+X43+Y43+GK43,2)+GX43 -> 203.4 | GN43: =IF(OR(BI43=0,BI43=1),ROUND(O43+X43+Y43+GK43,2),0) -> 203.4 | GO43: =IF(BI43=2,ROUND(O43+X43+Y43+GK43,2),0) -> 0 | GP43: =IF(BI43=4,ROUND(O43+X43+Y43+GK43,2)+GX43,0) -> 0 | GR43: 0 | GS43: 3 | GT43: 0 | GV43: =ROUND(GT43,2) -> 0 | GW43: 1 | GX43: =ROUND(GV43*GW43*I43,2) -> 0 | HA43: 0 | HB43: 0 | IK43: 0
A44: 17 | B44: 1 | C44: =ROW(SmtRes!A92) -> 92 | D44: =ROW(EtalonRes!A104) -> 104 | E44: 17 | F44: 46-02-009-02 | G44: Отбивка штукатурки с поверхностей стен и потолков кирпичных | H44: 100 м2 | I44: =ROUND(486.7/100,9) -> 4.867 | J44: 0 | O44: =ROUND(CP44,2) -> 5267.26 | P44: =ROUND(CQ44*I44,2) -> 0 | Q44: =ROUND(CR44*I44,2) -> 0 | R44: =ROUND(CS44*I44,2) -> 0 | S44: =ROUND(CT44*I44,2) -> 5267.26 | T44: =ROUND(CU44*I44,2) -> 0 | U44: =CV44*I44 -> 111.06494 | V44: =CW44*I44 -> 0 | W44: =ROUND(CX44*I44,2) -> 0 | X44: =ROUND(CY44,2) -> 5214.59 | Y44: =ROUND(CZ44,2) -> 3160.36 | AA44: 39278658 | AB44: =ROUND((AC44+AD44+AF44),2) -> 178 | AC44: =ROUND((ES44),2) -> 0 | AD44: =ROUND((((ET44)-(EU44))+AE44),2) -> 0 | AE44: =ROUND((EU44),2) -> 0 | AF44: =ROUND((EV44),2) -> 178 | AG44: =ROUND((AP44),2) -> 0 | AH44: =(EW44) -> 22.82 | AI44: =(EX44) -> 0 | AJ44: =ROUND((AS44),2) -> 0 | AK44: 178 | AL44: 0 | AM44: 0 | AN44: 0 | AO44: 178 | AP44: 0 | AQ44: 22.82 | AR44: 0 | AS44: 0 | AT44: 99 | AU44: 60 | AV44: 1 | AW44: 1 | AZ44: 6.08 | BA44: 6.08 | BB44: 6.08 | BC44: 6.08 | BH44: 0 | BI44: 1 | BJ44: ФЕР-2001, 46-02-009-02, приказ Минстроя России №1039/пр от 30.12.2016г. | BM44: 46001 | BN44: 0 | BP44: 0 | BQ44: 2 | BR44: 0 | BS44: 6.08 | BT44: 1 | BU44: 1 | BV44: 1 | BW44: 1 | BX44: 1 | BZ44: 110 | CA44: 70 | CF44: 0 | CG44: 0 | CM44: 0 | CO44: 0 | CP44: =(P44+Q44+S44) -> 5267.26 | CQ44: =AC44*BC44 -> 0 | CR44: =AD44*BB44 -> 0 | CS44: =AE44*BS44 -> 0 | CT44: =AF44*BA44 -> 1082.24 | CU44: =AG44 -> 0 | CV44: =AH44 -> 22.82 | CW44: =AI44 -> 0 | CX44: =AJ44 -> 0 | CY44: =(((S44+R44)*AT44)/100) -> 5214.5874 | CZ44: =(((S44+R44)*AU44)/100) -> 3160.356 | DN44: 0 | DO44: 0 | DP44: 1 | DQ44: 1 | DU44: 1005 | DV44: 100 м2 | DW44: 100 м2 | DX44: 100 | EE44: 39174571 | EF44: 2 | EG44: Общестроительные работы | EH44: 0 | EJ44: 1 | EK44: 46001 | EL44: Реконструкция зданий и сооружений | EM44: ФЕР-46 | EQ44: 0 | ER44: 178 | ES44: 0 | ET44: 0 | EU44: 0 | EV44: 178 | EW44: 22.82 | EX44: 0 | EY44: 0 | FQ44: 0 | FR44: =ROUND(IF(AND(BH44=3,BI44=3),P44,0),2) -> 0 | FS44: 0 | FT44: *0,9 | FU44: *0,85 | FX44: 99 | FY44: 59.5 | GD44: 0 | GF44: 1716417608 | GG44: 1 | GH44: 1 | GI44: 4 | GJ44: 0 | GK44: =ROUND(R44*(R12)/100,2) -> 0 | GL44: =ROUND(IF(AND(BH44=3,BI44=3,FS44<>0),P44,0),2) -> 0 | GM44: =ROUND(O44+X44+Y44+GK44,2)+GX44 -> 13642.21 | GN44: =IF(OR(BI44=0,BI44=1),ROUND(O44+X44+Y44+GK44,2),0) -> 13642.21 | GO44: =IF(BI44=2,ROUND(O44+X44+Y44+GK44,2),0) -> 0 | GP44: =IF(BI44=4,ROUND(O44+X44+Y44+GK44,2)+GX44,0) -> 0 | GR44: 0 | GS44: 3 | GT44: 0 | GV44: =ROUND(GT44,2) -> 0 | GW44: 1 | GX44: =ROUND(GV44*GW44*I44,2) -> 0 | HA44: 0 | HB44: 0 | IK44: 0
A45: 17 | B45: 1 | C45: =ROW(SmtRes!A99) -> 99 | D45: =ROW(EtalonRes!A110) -> 110 | E45: 18 | F45: 15-04-006-02 | G45: Покрытие поверхностей грунтовкой глубокого проникновения за 2 раза потолков | H45: 100 м2 | I45: =ROUND(486.7/100,9) -> 4.867 | J45: 0 | O45: =ROUND(CP45,2) -> 6648.88 | P45: =ROUND(CQ45*I45,2) -> 10.65 | Q45: =ROUND(CR45*I45,2) -> 84.34 | R45: =ROUND(CS45*I45,2) -> 18.05 | S45: =ROUND(CT45*I45,2) -> 6553.89 | T45: =ROUND(CU45*I45,2) -> 0 | U45: =CV45*I45 -> 112.05294 | V45: =CW45*I45 -> 0.24335 | W45: =ROUND(CX45*I45,2) -> 0 | X45: =ROUND(CY45,2) -> 6243.34 | Y45: =ROUND(CZ45,2) -> 3088.81 | AA45: 39278658 | AB45: =ROUND((AC45+AD45+AF45),2) -> 224.69 | AC45: =ROUND((ES45),2) -> 0.36 | AD45: =ROUND(((((ET45*1.25))-((EU45*1.25)))+AE45),2) -> 2.85 | AE45: =ROUND(((EU45*1.25)),2) -> 0.61 | AF45: =ROUND(((EV45*1.15)),2) -> 221.48 | AG45: =ROUND((AP45),2) -> 0 | AH45: =((EW45*1.15)) -> 23.023 | AI45: =((EX45*1.25)) -> 0.05 | AJ45: =ROUND((AS45),2) -> 0 | AK45: 195.23 | AL45: 0.36 | AM45: 2.28 | AN45: 0.49 | AO45: 192.59 | AP45: 0 | AQ45: 20.02 | AR45: 0.04 | AS45: 0 | AT45: 95 | AU45: 47 | AV45: 1 | AW45: 1 | AZ45: 6.08 | BA45: 6.08 | BB45: 6.08 | BC45: 6.08 | BH45: 0 | BI45: 1 | BJ45: ФЕР-2001, 15-04-006-02, приказ Минстроя России №1039/пр от 30.12.2016г. | BM45: 15001 | BN45: 0 | BP45: 0 | BQ45: 2 | BR45: 0 | BS45: 6.08 | BT45: 1 | BU45: 1 | BV45: 1 | BW45: 1 | BX45: 1 | BZ45: 105 | CA45: 55 | CF45: 0 | CG45: 0 | CM45: 0 | CN45: Поправка: МДС 81-35.2004, п.4.7 Наименование: Работы, выполняемые при реконструкции зданий и сооружений работы, аналогичные технологическим процессам в новом строительстве (в том числе возведение новых конструктивных элементов) стоимость которых определена по соответствующим сборникам ФЕР, кроме сборника № 46 «Работы при реконструкции зданий и сооружений» | CO45: 0 | CP45: =(P45+Q45+S45) -> 6648.88 | CQ45: =AC45*BC45 -> 2.1888 | CR45: =AD45*BB45 -> 17.328 | CS45: =AE45*BS45 -> 3.7088 | CT45: =AF45*BA45 -> 1346.5984 | CU45: =AG45 -> 0 | CV45: =AH45 -> 23.023 | CW45: =AI45 -> 0.05 | CX45: =AJ45 -> 0 | CY45: =(((S45+R45)*AT45)/100) -> 6243.343 | CZ45: =(((S45+R45)*AU45)/100) -> 3088.8118 | DE45: )*1,25 | DF45: )*1,25 | DG45: )*1,15 | DI45: )*1,15 | DJ45: )*1,25 | DN45: 0 | DO45: 0 | DP45: 1 | DQ45: 1 | DU45: 1005 | DV45: 100 м2 | DW45: 100 м2 | DX45: 100 | EE45: 39174529 | EF45: 2 | EG45: Общестроительные работы | EH45: 0 | EJ45: 1 | EK45: 15001 | EL45: Отделочные работы | EM45: ФЕР-15 | EO45: Поправка: МДС 81-35.2004, п.4.7 | EQ45: 0 | ER45: 195.23 | ES45: 0.36 | ET45: 2.28 | EU45: 0.49 | EV45: 192.59 | EW45: 20.02 | EX45: 0.04 | EY45: 0 | FQ45: 0 | FR45: =ROUND(IF(AND(BH45=3,BI45=3),P45,0),2) -> 0 | FS45: 0 | FT45: *0,9 | FU45: *0,85 | FX45: 94.5 | FY45: 46.75 | GD45: 0 | GF45: 833545510 | GG45: 1 | GH45: 1 | GI45: 4 | GJ45: 0 | GK45: =ROUND(R45*(R12)/100,2) -> 0 | GL45: =ROUND(IF(AND(BH45=3,BI45=3,FS45<>0),P45,0),2) -> 0 | GM45: =ROUND(O45+X45+Y45+GK45,2)+GX45 -> 15981.03 | GN45: =IF(OR(BI45=0,BI45=1),ROUND(O45+X45+Y45+GK45,2),0) -> 15981.03 | GO45: =IF(BI45=2,ROUND(O45+X45+Y45+GK45,2),0) -> 0 | GP45: =IF(BI45=4,ROUND(O45+X45+Y45+GK45,2)+GX45,0) -> 0 | GR45: 0 | GS45: 3 | GT45: 0 | GV45: =ROUND(GT45,2) -> 0 | GW45: 1 | GX45: =ROUND(GV45*GW45*I45,2) -> 0 | HA45: 0 | HB45: 0 | IK45: 0
A46: 18 | B46: 1 | C46: 98 | E46: 18,1 | F46: 14.3.01.02-0103 | G46: Грунтовка воднодисперсионная CERESIT CT 17 | H46: л | I46: =I45*J46 -> 97.34 | J46: 20 | O46: =ROUND(CP46,2) -> 5409.3 | P46: =ROUND(CQ46*I46,2) -> 5409.3 | Q46: =ROUND(CR46*I46,2) -> 0 | R46: =ROUND(CS46*I46,2) -> 0 | S46: =ROUND(CT46*I46,2) -> 0 | T46: =ROUND(CU46*I46,2) -> 0 | U46: =CV46*I46 -> 0 | V46: =CW46*I46 -> 0 | W46: =ROUND(CX46*I46,2) -> 0 | X46: =ROUND(CY46,2) -> 0 | Y46: =ROUND(CZ46,2) -> 0 | AA46: 39278658 | AB46: =ROUND((AC46+AD46+AF46),2) -> 9.14 | AC46: =ROUND((ES46),2) -> 9.14 | AD46: =ROUND((((ET46)-(EU46))+AE46),2) -> 0 | AE46: =ROUND((EU46),2) -> 0 | AF46: =ROUND((EV46),2) -> 0 | AG46: =ROUND((AP46),2) -> 0 | AH46: =(EW46) -> 0 | AI46: =(EX46) -> 0 | AJ46: =ROUND((AS46),2) -> 0 | AK46: 9.14 | AL46: 9.14 | AM46: 0 | AN46: 0 | AO46: 0 | AP46: 0 | AQ46: 0 | AR46: 0 | AS46: 0 | AT46: 95 | AU46: 47 | AV46: 1 | AW46: 1 | AZ46: 6.08 | BA46: 1 | BB46: 1 | BC46: 6.08 | BH46: 3 | BI46: 1 | BJ46: ФССЦ-2001, 14.3.01.02-0103, приказ Минстроя России №1039/пр от 30.12.2016г. | BM46: 15001 | BN46: 0 | BP46: 0 | BQ46: 2 | BR46: 0 | BS46: 1 | BT46: 1 | BU46: 1 | BV46: 1 | BW46: 1 | BX46: 1 | BZ46: 105 | CA46: 55 | CF46: 0 | CG46: 0 | CM46: 0 | CO46: 0 | CP46: =(P46+Q46+S46) -> 5409.3 | CQ46: =AC46*BC46 -> 55.5712 | CR46: =AD46*BB46 -> 0 | CS46: =AE46*BS46 -> 0 | CT46: =AF46*BA46 -> 0 | CU46: =AG46 -> 0 | CV46: =AH46 -> 0 | CW46: =AI46 -> 0 | CX46: =AJ46 -> 0 | CY46: =(((S46+R46)*AT46)/100) -> 0 | CZ46: =(((S46+R46)*AU46)/100) -> 0 | DN46: 0 | DO46: 0 | DP46: 1 | DQ46: 1 | DU46: 1002 | DV46: л | DW46: л | DX46: 1 | EE46: 39174529 | EF46: 2 | EG46: Общестроительные работы | EH46: 0 | EJ46: 1 | EK46: 15001 | EL46: Отделочные работы | EM46: ФЕР-15 | EQ46: 0 | ER46: 9.14 | ES46: 9.14 | ET46: 0 | EU46: 0 | EV46: 0 | EW46: 0 | EX46: 0 | FQ46: 0 | FR46: =ROUND(IF(AND(BH46=3,BI46=3),P46,0),2) -> 0 | FS46: 0 | FT46: *0,9 | FU46: *0,85 | FX46: 94.5 | FY46: 46.75 | GD46: 0 | GF46: -972933126 | GG46: 1 | GH46: 1 | GI46: 4 | GJ46: 0 | GK46: =ROUND(R46*(R12)/100,2) -> 0 | GL46: =ROUND(IF(AND(BH46=3,BI46=3,FS46<>0),P46,0),2) -> 0 | GM46: =ROUND(O46+X46+Y46+GK46,2)+GX46 -> 5409.3 | GN46: =IF(OR(BI46=0,BI46=1),ROUND(O46+X46+Y46+GK46,2),0) -> 5409.3 | GO46: =IF(BI46=2,ROUND(O46+X46+Y46+GK46,2),0) -> 0 | GP46: =IF(BI46=4,ROUND(O46+X46+Y46+GK46,2)+GX46,0) -> 0 | GR46: 0 | GS46: 3 | GT46: 0 | GV46: =ROUND(GT46,2) -> 0 | GW46: 1 | GX46: =ROUND(GV46*GW46*I46,2) -> 0 | HA46: 0 | HB46: 0 | IK46: 0
A47: 18 | B47: 1 | C47: 99 | E47: 18,2 | F47: 14.4.01.21 | G47: Грунтовка | H47: т | I47: =I45*J47 -> 0.09734 | J47: 0.02 | O47: =ROUND(CP47,2) -> 0 | P47: =ROUND(CQ47*I47,2) -> 0 | Q47: =ROUND(CR47*I47,2) -> 0 | R47: =ROUND(CS47*I47,2) -> 0 | S47: =ROUND(CT47*I47,2) -> 0 | T47: =ROUND(CU47*I47,2) -> 0 | U47: =CV47*I47 -> 0 | V47: =CW47*I47 -> 0 | W47: =ROUND(CX47*I47,2) -> 0 | X47: =ROUND(CY47,2) -> 0 | Y47: =ROUND(CZ47,2) -> 0 | AA47: 39278658 | AB47: =ROUND((AC47+AD47+AF47),2) -> 0 | AC47: =ROUND((ES47),2) -> 0 | AD47: =ROUND((((ET47)-(EU47))+AE47),2) -> 0 | AE47: =ROUND((EU47),2) -> 0 | AF47: =ROUND((EV47),2) -> 0 | AG47: =ROUND((AP47),2) -> 0 | AH47: =(EW47) -> 0 | AI47: =(EX47) -> 0 | AJ47: =ROUND((AS47),2) -> 0 | AK47: 0 | AL47: 0 | AM47: 0 | AN47: 0 | AO47: 0 | AP47: 0 | AQ47: 0 | AR47: 0 | AS47: 0 | AT47: 95 | AU47: 47 | AV47: 1 | AW47: 1 | AZ47: 6.08 | BA47: 1 | BB47: 1 | BC47: 6.08 | BH47: 3 | BI47: 1 | BM47: 15001 | BN47: 0 | BP47: 0 | BQ47: 2 | BR47: 0 | BS47: 1 | BT47: 1 | BU47: 1 | BV47: 1 | BW47: 1 | BX47: 1 | BZ47: 105 | CA47: 55 | CF47: 0 | CG47: 0 | CM47: 0 | CO47: 0 | CP47: =(P47+Q47+S47) -> 0 | CQ47: =AC47*BC47 -> 0 | CR47: =AD47*BB47 -> 0 | CS47: =AE47*BS47 -> 0 | CT47: =AF47*BA47 -> 0 | CU47: =AG47 -> 0 | CV47: =AH47 -> 0 | CW47: =AI47 -> 0 | CX47: =AJ47 -> 0 | CY47: =(((S47+R47)*AT47)/100) -> 0 | CZ47: =(((S47+R47)*AU47)/100) -> 0 | DN47: 0 | DO47: 0 | DP47: 1 | DQ47: 1 | DU47: 1009 | DV47: т | DW47: т | DX47: 1000 | EE47: 39174529 | EF47: 2 | EG47: Общестроительные работы | EH47: 0 | EJ47: 1 | EK47: 15001 | EL47: Отделочные работы | EM47: ФЕР-15 | EQ47: 0 | ER47: 0 | ES47: 0 | ET47: 0 | EU47: 0 | EV47: 0 | EW47: 0 | EX47: 0 | FQ47: 0 | FR47: =ROUND(IF(AND(BH47=3,BI47=3),P47,0),2) -> 0 | FS47: 0 | FT47: *0,9 | FU47: *0,85 | FX47: 94.5 | FY47: 46.75 | GD47: 0 | GF47: -1212923053 | GG47: 1 | GH47: 1 | GI47: 4 | GJ47: 0 | GK47: =ROUND(R47*(R12)/100,2) -> 0 | GL47: =ROUND(IF(AND(BH47=3,BI47=3,FS47<>0),P47,0),2) -> 0 | GM47: =ROUND(O47+X47+Y47+GK47,2)+GX47 -> 0 | GN47: =IF(OR(BI47=0,BI47=1),ROUND(O47+X47+Y47+GK47,2),0) -> 0 | GO47: =IF(BI47=2,ROUND(O47+X47+Y47+GK47,2),0) -> 0 | GP47: =IF(BI47=4,ROUND(O47+X47+Y47+GK47,2)+GX47,0) -> 0 | GR47: 0 | GS47: 3 | GT47: 0 | GV47: =ROUND(GT47,2) -> 0 | GW47: 1 | GX47: =ROUND(GV47*GW47*I47,2) -> 0 | HA47: 0 | HB47: 0 | IK47: 0
A48: 17 | B48: 1 | C48: =ROW(SmtRes!A108) -> 108 | D48: =ROW(EtalonRes!A118) -> 118 | E48: 19 | F48: 15-04-005-04 | G48: Окраска поливинилацетатными водоэмульсионными составами улучшенная по штукатурке потолков | H48: 100 м2 | I48: =ROUND(486.7/100,9) -> 4.867 | J48: 0 | O48: =ROUND(CP48,2) -> 25667.55 | P48: =ROUND(CQ48*I48,2) -> 8802.84 | Q48: =ROUND(CR48*I48,2) -> 411.91 | R48: =ROUND(CS48*I48,2) -> 78.71 | S48: =ROUND(CT48*I48,2) -> 16452.8 | T48: =ROUND(CU48*I48,2) -> 0 | U48: =CV48*I48 -> 301.68099 | V48: =CW48*I48 -> 1.095075 | W48: =ROUND(CX48*I48,2) -> 0 | X48: =ROUND(CY48,2) -> 15704.93 | Y48: =ROUND(CZ48,2) -> 7769.81 | AA48: 39278658 | AB48: =ROUND((AC48+AD48+AF48),2) -> 867.4 | AC48: =ROUND((ES48),2) -> 297.48 | AD48: =ROUND(((((ET48*1.25))-((EU48*1.25)))+AE48),2) -> 13.92 | AE48: =ROUND(((EU48*1.25)),2) -> 2.66 | AF48: =ROUND(((EV48*1.15)),2) -> 556 | AG48: =ROUND((AP48),2) -> 0 | AH48: =((EW48*1.15)) -> 61.985 | AI48: =((EX48*1.25)) -> 0.225 | AJ48: =ROUND((AS48),2) -> 0 | AK48: 792.1 | AL48: 297.48 | AM48: 11.14 | AN48: 2.13 | AO48: 483.48 | AP48: 0 | AQ48: 53.9 | AR48: 0.18 | AS48: 0 | AT48: 95 | AU48: 47 | AV48: 1 | AW48: 1 | AZ48: 6.08 | BA48: 6.08 | BB48: 6.08 | BC48: 6.08 | BH48: 0 | BI48: 1 | BJ48: ФЕР-2001, 15-04-005-04, приказ Минстроя России №1039/пр от 30.12.2016г. | BM48: 15001 | BN48: 0 | BP48: 0 | BQ48: 2 | BR48: 0 | BS48: 6.08 | BT48: 1 | BU48: 1 | BV48: 1 | BW48: 1 | BX48: 1 | BZ48: 105 | CA48: 55 | CF48: 0 | CG48: 0 | CM48: 0 | CN48: Поправка: МДС 81-35.2004, п.4.7 Наименование: Работы, выполняемые при реконструкции зданий и сооружений работы, аналогичные технологическим процессам в новом строительстве (в том числе возведение новых конструктивных элементов) стоимость которых определена по соответствующим сборникам ФЕР, кроме сборника № 46 «Работы при реконструкции зданий и сооружений» | CO48: 0 | CP48: =(P48+Q48+S48) -> 25667.55 | CQ48: =AC48*BC48 -> 1808.6784 | CR48: =AD48*BB48 -> 84.6336 | CS48: =AE48*BS48 -> 16.1728 | CT48: =AF48*BA48 -> 3380.48 | CU48: =AG48 -> 0 | CV48: =AH48 -> 61.985 | CW48: =AI48 -> 0.225 | CX48: =AJ48 -> 0 | CY48: =(((S48+R48)*AT48)/100) -> 15704.934 | CZ48: =(((S48+R48)*AU48)/100) -> 7769.8097 | DE48: )*1,25 | DF48: )*1,25 | DG48: )*1,15 | DI48: )*1,15 | DJ48: )*1,25 | DN48: 0 | DO48: 0 | DP48: 1 | DQ48: 1 | DU48: 1005 | DV48: 100 м2 | DW48: 100 м2 | DX48: 100 | EE48: 39174529 | EF48: 2 | EG48: Общестроительные работы | EH48: 0 | EJ48: 1 | EK48: 15001 | EL48: Отделочные работы | EM48: ФЕР-15 | EO48: Поправка: МДС 81-35.2004, п.4.7 | EQ48: 0 | ER48: 792.1 | ES48: 297.48 | ET48: 11.14 | EU48: 2.13 | EV48: 483.48 | EW48: 53.9 | EX48: 0.18 | EY48: 0 | FQ48: 0 | FR48: =ROUND(IF(AND(BH48=3,BI48=3),P48,0),2) -> 0 | FS48: 0 | FT48: *0,9 | FU48: *0,85 | FX48: 94.5 | FY48: 46.75 | GD48: 0 | GF48: -1618789297 | GG48: 1 | GH48: 1 | GI48: 4 | GJ48: 0 | GK48: =ROUND(R48*(R12)/100,2) -> 0 | GL48: =ROUND(IF(AND(BH48=3,BI48=3,FS48<>0),P48,0),2) -> 0 | GM48: =ROUND(O48+X48+Y48+GK48,2)+GX48 -> 49142.29 | GN48: =IF(OR(BI48=0,BI48=1),ROUND(O48+X48+Y48+GK48,2),0) -> 49142.29 | GO48: =IF(BI48=2,ROUND(O48+X48+Y48+GK48,2),0) -> 0 | GP48: =IF(BI48=4,ROUND(O48+X48+Y48+GK48,2)+GX48,0) -> 0 | GR48: 0 | GS48: 3 | GT48: 0 | GV48: =ROUND(GT48,2) -> 0 | GW48: 1 | GX48: =ROUND(GV48*GW48*I48,2) -> 0 | HA48: 0 | HB48: 0 | IK48: 0
A49: 18 | B49: 1 | C49: 107 | E49: 19,1 | F49: 14.3.02.01-0224 | G49: Краска водоэмульсионная для внутренних работ ВАК-25 | H49: т | I49: =I48*J49 -> 0.335823 | J49: 0.069 | O49: =ROUND(CP49,2) -> 45909.27 | P49: =ROUND(CQ49*I49,2) -> 45909.27 | Q49: =ROUND(CR49*I49,2) -> 0 | R49: =ROUND(CS49*I49,2) -> 0 | S49: =ROUND(CT49*I49,2) -> 0 | T49: =ROUND(CU49*I49,2) -> 0 | U49: =CV49*I49 -> 0 | V49: =CW49*I49 -> 0 | W49: =ROUND(CX49*I49,2) -> 0 | X49: =ROUND(CY49,2) -> 0 | Y49: =ROUND(CZ49,2) -> 0 | AA49: 39278658 | AB49: =ROUND((AC49+AD49+AF49),2) -> 22484.66 | AC49: =ROUND((ES49),2) -> 22484.66 | AD49: =ROUND((((ET49)-(EU49))+AE49),2) -> 0 | AE49: =ROUND((EU49),2) -> 0 | AF49: =ROUND((EV49),2) -> 0 | AG49: =ROUND((AP49),2) -> 0 | AH49: =(EW49) -> 0 | AI49: =(EX49) -> 0 | AJ49: =ROUND((AS49),2) -> 0 | AK49: 22484.66 | AL49: 22484.66 | AM49: 0 | AN49: 0 | AO49: 0 | AP49: 0 | AQ49: 0 | AR49: 0 | AS49: 0 | AT49: 95 | AU49: 47 | AV49: 1 | AW49: 1 | AZ49: 6.08 | BA49: 1 | BB49: 1 | BC49: 6.08 | BH49: 3 | BI49: 1 | BJ49: ФССЦ-2001, 14.3.02.01-0224, приказ Минстроя России №1039/пр от 30.12.2016г. | BM49: 15001 | BN49: 0 | BP49: 0 | BQ49: 2 | BR49: 0 | BS49: 1 | BT49: 1 | BU49: 1 | BV49: 1 | BW49: 1 | BX49: 1 | BZ49: 105 | CA49: 55 | CF49: 0 | CG49: 0 | CM49: 0 | CO49: 0 | CP49: =(P49+Q49+S49) -> 45909.27 | CQ49: =AC49*BC49 -> 136706.73 | CR49: =AD49*BB49 -> 0 | CS49: =AE49*BS49 -> 0 | CT49: =AF49*BA49 -> 0 | CU49: =AG49 -> 0 | CV49: =AH49 -> 0 | CW49: =AI49 -> 0 | CX49: =AJ49 -> 0 | CY49: =(((S49+R49)*AT49)/100) -> 0 | CZ49: =(((S49+R49)*AU49)/100) -> 0 | DN49: 0 | DO49: 0 | DP49: 1 | DQ49: 1 | DU49: 1009 | DV49: т | DW49: т | DX49: 1000 | EE49: 39174529 | EF49: 2 | EG49: Общестроительные работы | EH49: 0 | EJ49: 1 | EK49: 15001 | EL49: Отделочные работы | EM49: ФЕР-15 | EQ49: 0 | ER49: 22484.66 | ES49: 22484.66 | ET49: 0 | EU49: 0 | EV49: 0 | EW49: 0 | EX49: 0 | FQ49: 0 | FR49: =ROUND(IF(AND(BH49=3,BI49=3),P49,0),2) -> 0 | FS49: 0 | FT49: *0,9 | FU49: *0,85 | FX49: 94.5 | FY49: 46.75 | GD49: 0 | GF49: 960802034 | GG49: 1 | GH49: 1 | GI49: 4 | GJ49: 0 | GK49: =ROUND(R49*(R12)/100,2) -> 0 | GL49: =ROUND(IF(AND(BH49=3,BI49=3,FS49<>0),P49,0),2) -> 0 | GM49: =ROUND(O49+X49+Y49+GK49,2)+GX49 -> 45909.27 | GN49: =IF(OR(BI49=0,BI49=1),ROUND(O49+X49+Y49+GK49,2),0) -> 45909.27 | GO49: =IF(BI49=2,ROUND(O49+X49+Y49+GK49,2),0) -> 0 | GP49: =IF(BI49=4,ROUND(O49+X49+Y49+GK49,2)+GX49,0) -> 0 | GR49: 0 | GS49: 3 | GT49: 0 | GV49: =ROUND(GT49,2) -> 0 | GW49: 1 | GX49: =ROUND(GV49*GW49*I49,2) -> 0 | HA49: 0 | HB49: 0 | IK49: 0
A50: 18 | B50: 1 | C50: 106 | E50: 19,2 | F50: 14.3.02.01 | G50: Краска водоэмульсионная | H50: т | I50: =I48*J50 -> 0.335823 | J50: 0.069 | O50: =ROUND(CP50,2) -> 0 | P50: =ROUND(CQ50*I50,2) -> 0 | Q50: =ROUND(CR50*I50,2) -> 0 | R50: =ROUND(CS50*I50,2) -> 0 | S50: =ROUND(CT50*I50,2) -> 0 | T50: =ROUND(CU50*I50,2) -> 0 | U50: =CV50*I50 -> 0 | V50: =CW50*I50 -> 0 | W50: =ROUND(CX50*I50,2) -> 0 | X50: =ROUND(CY50,2) -> 0 | Y50: =ROUND(CZ50,2) -> 0 | AA50: 39278658 | AB50: =ROUND((AC50+AD50+AF50),2) -> 0 | AC50: =ROUND((ES50),2) -> 0 | AD50: =ROUND((((ET50)-(EU50))+AE50),2) -> 0 | AE50: =ROUND((EU50),2) -> 0 | AF50: =ROUND((EV50),2) -> 0 | AG50: =ROUND((AP50),2) -> 0 | AH50: =(EW50) -> 0 | AI50: =(EX50) -> 0 | AJ50: =ROUND((AS50),2) -> 0 | AK50: 0 | AL50: 0 | AM50: 0 | AN50: 0 | AO50: 0 | AP50: 0 | AQ50: 0 | AR50: 0 | AS50: 0 | AT50: 95 | AU50: 47 | AV50: 1 | AW50: 1 | AZ50: 6.08 | BA50: 1 | BB50: 1 | BC50: 6.08 | BH50: 3 | BI50: 1 | BM50: 15001 | BN50: 0 | BP50: 0 | BQ50: 2 | BR50: 0 | BS50: 1 | BT50: 1 | BU50: 1 | BV50: 1 | BW50: 1 | BX50: 1 | BZ50: 105 | CA50: 55 | CF50: 0 | CG50: 0 | CM50: 0 | CO50: 0 | CP50: =(P50+Q50+S50) -> 0 | CQ50: =AC50*BC50 -> 0 | CR50: =AD50*BB50 -> 0 | CS50: =AE50*BS50 -> 0 | CT50: =AF50*BA50 -> 0 | CU50: =AG50 -> 0 | CV50: =AH50 -> 0 | CW50: =AI50 -> 0 | CX50: =AJ50 -> 0 | CY50: =(((S50+R50)*AT50)/100) -> 0 | CZ50: =(((S50+R50)*AU50)/100) -> 0 | DN50: 0 | DO50: 0 | DP50: 1 | DQ50: 1 | DU50: 1009 | DV50: т | DW50: т | DX50: 1000 | EE50: 39174529 | EF50: 2 | EG50: Общестроительные работы | EH50: 0 | EJ50: 1 | EK50: 15001 | EL50: Отделочные работы | EM50: ФЕР-15 | EQ50: 0 | ER50: 0 | ES50: 0 | ET50: 0 | EU50: 0 | EV50: 0 | EW50: 0 | EX50: 0 | FQ50: 0 | FR50: =ROUND(IF(AND(BH50=3,BI50=3),P50,0),2) -> 0 | FS50: 0 | FT50: *0,9 | FU50: *0,85 | FX50: 94.5 | FY50: 46.75 | GD50: 0 | GF50: 1891904026 | GG50: 1 | GH50: 1 | GI50: 4 | GJ50: 0 | GK50: =ROUND(R50*(R12)/100,2) -> 0 | GL50: =ROUND(IF(AND(BH50=3,BI50=3,FS50<>0),P50,0),2) -> 0 | GM50: =ROUND(O50+X50+Y50+GK50,2)+GX50 -> 0 | GN50: =IF(OR(BI50=0,BI50=1),ROUND(O50+X50+Y50+GK50,2),0) -> 0 | GO50: =IF(BI50=2,ROUND(O50+X50+Y50+GK50,2),0) -> 0 | GP50: =IF(BI50=4,ROUND(O50+X50+Y50+GK50,2)+GX50,0) -> 0 | GR50: 0 | GS50: 3 | GT50: 0 | GV50: =ROUND(GT50,2) -> 0 | GW50: 1 | GX50: =ROUND(GV50*GW50*I50,2) -> 0 | HA50: 0 | HB50: 0 | IK50: 0
A51: 17 | B51: 1 | C51: =ROW(SmtRes!A128) -> 128 | D51: =ROW(EtalonRes!A137) -> 137 | E51: 20 | F51: 09-06-001-02 | G51: Монтаж лотков, решеток, затворов из полосовой и тонколистовой стали | H51: т | I51: 0.497 | J51: 0 | O51: =ROUND(CP51,2) -> 2228.39 | P51: =ROUND(CQ51*I51,2) -> 247.66 | Q51: =ROUND(CR51*I51,2) -> 475.2 | R51: =ROUND(CS51*I51,2) -> 14.44 | S51: =ROUND(CT51*I51,2) -> 1505.53 | T51: =ROUND(CU51*I51,2) -> 0 | U51: =CV51*I51 -> 29.029024 | V51: =CW51*I51 -> 0.1925875 | W51: =ROUND(CX51*I51,2) -> 0 | X51: =ROUND(CY51,2) -> 1231.18 | Y51: =ROUND(CZ51,2) -> 1094.38 | AA51: 39278658 | AB51: =ROUND((AC51+AD51+AF51),2) -> 737.45 | AC51: =ROUND((ES51),2) -> 81.96 | AD51: =ROUND(((((ET51*1.25))-((EU51*1.25)))+AE51),2) -> 157.26 | AE51: =ROUND(((EU51*1.25)),2) -> 4.78 | AF51: =ROUND(((EV51*1.15)),2) -> 498.23 | AG51: =ROUND((AP51),2) -> 0 | AH51: =((EW51*1.15)) -> 58.4085 | AI51: =((EX51*1.25)) -> 0.3875 | AJ51: =ROUND((AS51),2) -> 0 | AK51: 641 | AL51: 81.96 | AM51: 125.8 | AN51: 3.82 | AO51: 433.24 | AP51: 0 | AQ51: 50.79 | AR51: 0.31 | AS51: 0 | AT51: 81 | AU51: 72 | AV51: 1 | AW51: 1 | AZ51: 6.08 | BA51: 6.08 | BB51: 6.08 | BC51: 6.08 | BH51: 0 | BI51: 1 | BJ51: ФЕР-2001, 09-06-001-02, приказ Минстроя России №1039/пр от 30.12.2016г. | BM51: 9001 | BN51: 0 | BP51: 0 | BQ51: 2 | BR51: 0 | BS51: 6.08 | BT51: 1 | BU51: 1 | BV51: 1 | BW51: 1 | BX51: 1 | BZ51: 90 | CA51: 85 | CF51: 0 | CG51: 0 | CM51: 0 | CN51: Поправка: МДС 81-35.2004, п.4.7 Наименование: Работы, выполняемые при реконструкции зданий и сооружений работы, аналогичные технологическим процессам в новом строительстве (в том числе возведение новых конструктивных элементов) стоимость которых определена по соответствующим сборникам ФЕР, кроме сборника № 46 «Работы при реконструкции зданий и сооружений» | CO51: 0 | CP51: =(P51+Q51+S51) -> 2228.39 | CQ51: =AC51*BC51 -> 498.3168 | CR51: =AD51*BB51 -> 956.1408 | CS51: =AE51*BS51 -> 29.0624 | CT51: =AF51*BA51 -> 3029.2384 | CU51: =AG51 -> 0 | CV51: =AH51 -> 58.4085 | CW51: =AI51 -> 0.3875 | CX51: =AJ51 -> 0 | CY51: =(((S51+R51)*AT51)/100) -> 1231.1757 | CZ51: =(((S51+R51)*AU51)/100) -> 1094.3784 | DE51: )*1,25 | DF51: )*1,25 | DG51: )*1,15 | DI51: )*1,15 | DJ51: )*1,25 | DN51: 0 | DO51: 0 | DP51: 1 | DQ51: 1 | DU51: 1009 | DV51: т | DW51: т | DX51: 1000 | EE51: 39174502 | EF51: 2 | EG51: Общестроительные работы | EH51: 0 | EJ51: 1 | EK51: 9001 | EL51: Металлические конструкции | EM51: ФЕР-09 | EO51: Поправка: МДС 81-35.2004, п.4.7 | EQ51: 0 | ER51: 641 | ES51: 81.96 | ET51: 125.8 | EU51: 3.82 | EV51: 433.24 | EW51: 50.79 | EX51: 0.31 | EY51: 0 | FQ51: 0 | FR51: =ROUND(IF(AND(BH51=3,BI51=3),P51,0),2) -> 0 | FS51: 0 | FT51: *0,9 | FU51: *0,85 | FX51: 81 | FY51: 72.25 | GD51: 0 | GF51: 1489324113 | GG51: 1 | GH51: 1 | GI51: 4 | GJ51: 0 | GK51: =ROUND(R51*(R12)/100,2) -> 0 | GL51: =ROUND(IF(AND(BH51=3,BI51=3,FS51<>0),P51,0),2) -> 0 | GM51: =ROUND(O51+X51+Y51+GK51,2)+GX51 -> 4553.95 | GN51: =IF(OR(BI51=0,BI51=1),ROUND(O51+X51+Y51+GK51,2),0) -> 4553.95 | GO51: =IF(BI51=2,ROUND(O51+X51+Y51+GK51,2),0) -> 0 | GP51: =IF(BI51=4,ROUND(O51+X51+Y51+GK51,2)+GX51,0) -> 0 | GR51: 0 | GS51: 3 | GT51: 0 | GV51: =ROUND(GT51,2) -> 0 | GW51: 1 | GX51: =ROUND(GV51*GW51*I51,2) -> 0 | HA51: 0 | HB51: 0 | IK51: 0
A52: 18 | B52: 1 | C52: 122 | E52: 20,1 | F52: 07.1.03.05-0011 | G52: Защитные оконные решетки из горячекатаных, холодногнутых профилей и труб | H52: т | I52: =I51*J52 -> 0.497 | J52: 1 | O52: =ROUND(CP52,2) -> 38911.93 | P52: =ROUND(CQ52*I52,2) -> 38911.93 | Q52: =ROUND(CR52*I52,2) -> 0 | R52: =ROUND(CS52*I52,2) -> 0 | S52: =ROUND(CT52*I52,2) -> 0 | T52: =ROUND(CU52*I52,2) -> 0 | U52: =CV52*I52 -> 0 | V52: =CW52*I52 -> 0 | W52: =ROUND(CX52*I52,2) -> 0 | X52: =ROUND(CY52,2) -> 0 | Y52: =ROUND(CZ52,2) -> 0 | AA52: 39278658 | AB52: =ROUND((AC52+AD52+AF52),2) -> 12877.24 | AC52: =ROUND((ES52),2) -> 12877.24 | AD52: =ROUND((((ET52)-(EU52))+AE52),2) -> 0 | AE52: =ROUND((EU52),2) -> 0 | AF52: =ROUND((EV52),2) -> 0 | AG52: =ROUND((AP52),2) -> 0 | AH52: =(EW52) -> 0 | AI52: =(EX52) -> 0 | AJ52: =ROUND((AS52),2) -> 0 | AK52: 12877.24 | AL52: 12877.24 | AM52: 0 | AN52: 0 | AO52: 0 | AP52: 0 | AQ52: 0 | AR52: 0 | AS52: 0 | AT52: 81 | AU52: 72 | AV52: 1 | AW52: 1 | AZ52: 6.08 | BA52: 1 | BB52: 1 | BC52: 6.08 | BH52: 3 | BI52: 1 | BJ52: ФССЦ-2001, 07.1.03.05-0011, приказ Минстроя России №1039/пр от 30.12.2016г. | BM52: 9001 | BN52: 0 | BP52: 0 | BQ52: 2 | BR52: 0 | BS52: 1 | BT52: 1 | BU52: 1 | BV52: 1 | BW52: 1 | BX52: 1 | BZ52: 90 | CA52: 85 | CF52: 0 | CG52: 0 | CM52: 0 | CO52: 0 | CP52: =(P52+Q52+S52) -> 38911.93 | CQ52: =AC52*BC52 -> 78293.619 | CR52: =AD52*BB52 -> 0 | CS52: =AE52*BS52 -> 0 | CT52: =AF52*BA52 -> 0 | CU52: =AG52 -> 0 | CV52: =AH52 -> 0 | CW52: =AI52 -> 0 | CX52: =AJ52 -> 0 | CY52: =(((S52+R52)*AT52)/100) -> 0 | CZ52: =(((S52+R52)*AU52)/100) -> 0 | DN52: 0 | DO52: 0 | DP52: 1 | DQ52: 1 | DU52: 1009 | DV52: т | DW52: т | DX52: 1000 | EE52: 39174502 | EF52: 2 | EG52: Общестроительные работы | EH52: 0 | EJ52: 1 | EK52: 9001 | EL52: Металлические конструкции | EM52: ФЕР-09 | EQ52: 0 | ER52: 12877.24 | ES52: 12877.24 | ET52: 0 | EU52: 0 | EV52: 0 | EW52: 0 | EX52: 0 | FQ52: 0 | FR52: =ROUND(IF(AND(BH52=3,BI52=3),P52,0),2) -> 0 | FS52: 0 | FT52: *0,9 | FU52: *0,85 | FX52: 81 | FY52: 72.25 | GD52: 0 | GF52: 253160920 | GG52: 1 | GH52: 1 | GI52: 4 | GJ52: 0 | GK52: =ROUND(R52*(R12)/100,2) -> 0 | GL52: =ROUND(IF(AND(BH52=3,BI52=3,FS52<>0),P52,0),2) -> 0 | GM52: =ROUND(O52+X52+Y52+GK52,2)+GX52 -> 38911.93 | GN52: =IF(OR(BI52=0,BI52=1),ROUND(O52+X52+Y52+GK52,2),0) -> 38911.93 | GO52: =IF(BI52=2,ROUND(O52+X52+Y52+GK52,2),0) -> 0 | GP52: =IF(BI52=4,ROUND(O52+X52+Y52+GK52,2)+GX52,0) -> 0 | GR52: 0 | GS52: 3 | GT52: 0 | GV52: =ROUND(GT52,2) -> 0 | GW52: 1 | GX52: =ROUND(GV52*GW52*I52,2) -> 0 | HA52: 0 | HB52: 0 | IK52: 0
A53: 18 | B53: 1 | C53: 123 | E53: 20,2 | F53: 07.2.07.13 | G53: Конструкции стальные | H53: т | I53: =I51*J53 -> 0.497 | J53: 1 | O53: =ROUND(CP53,2) -> 0 | P53: =ROUND(CQ53*I53,2) -> 0 | Q53: =ROUND(CR53*I53,2) -> 0 | R53: =ROUND(CS53*I53,2) -> 0 | S53: =ROUND(CT53*I53,2) -> 0 | T53: =ROUND(CU53*I53,2) -> 0 | U53: =CV53*I53 -> 0 | V53: =CW53*I53 -> 0 | W53: =ROUND(CX53*I53,2) -> 0 | X53: =ROUND(CY53,2) -> 0 | Y53: =ROUND(CZ53,2) -> 0 | AA53: 39278658 | AB53: =ROUND((AC53+AD53+AF53),2) -> 0 | AC53: =ROUND((ES53),2) -> 0 | AD53: =ROUND((((ET53)-(EU53))+AE53),2) -> 0 | AE53: =ROUND((EU53),2) -> 0 | AF53: =ROUND((EV53),2) -> 0 | AG53: =ROUND((AP53),2) -> 0 | AH53: =(EW53) -> 0 | AI53: =(EX53) -> 0 | AJ53: =ROUND((AS53),2) -> 0 | AK53: 0 | AL53: 0 | AM53: 0 | AN53: 0 | AO53: 0 | AP53: 0 | AQ53: 0 | AR53: 0 | AS53: 0 | AT53: 81 | AU53: 72 | AV53: 1 | AW53: 1 | AZ53: 6.08 | BA53: 1 | BB53: 1 | BC53: 6.08 | BH53: 3 | BI53: 1 | BM53: 9001 | BN53: 0 | BP53: 0 | BQ53: 2 | BR53: 0 | BS53: 1 | BT53: 1 | BU53: 1 | BV53: 1 | BW53: 1 | BX53: 1 | BZ53: 90 | CA53: 85 | CF53: 0 | CG53: 0 | CM53: 0 | CO53: 0 | CP53: =(P53+Q53+S53) -> 0 | CQ53: =AC53*BC53 -> 0 | CR53: =AD53*BB53 -> 0 | CS53: =AE53*BS53 -> 0 | CT53: =AF53*BA53 -> 0 | CU53: =AG53 -> 0 | CV53: =AH53 -> 0 | CW53: =AI53 -> 0 | CX53: =AJ53 -> 0 | CY53: =(((S53+R53)*AT53)/100) -> 0 | CZ53: =(((S53+R53)*AU53)/100) -> 0 | DN53: 0 | DO53: 0 | DP53: 1 | DQ53: 1 | DU53: 1009 | DV53: т | DW53: т | DX53: 1000 | EE53: 39174502 | EF53: 2 | EG53: Общестроительные работы | EH53: 0 | EJ53: 1 | EK53: 9001 | EL53: Металлические конструкции | EM53: ФЕР-09 | EQ53: 0 | ER53: 0 | ES53: 0 | ET53: 0 | EU53: 0 | EV53: 0 | EW53: 0 | EX53: 0 | FQ53: 0 | FR53: =ROUND(IF(AND(BH53=3,BI53=3),P53,0),2) -> 0 | FS53: 0 | FT53: *0,9 | FU53: *0,85 | FX53: 81 | FY53: 72.25 | GD53: 0 | GF53: 748648226 | GG53: 1 | GH53: 1 | GI53: 4 | GJ53: 0 | GK53: =ROUND(R53*(R12)/100,2) -> 0 | GL53: =ROUND(IF(AND(BH53=3,BI53=3,FS53<>0),P53,0),2) -> 0 | GM53: =ROUND(O53+X53+Y53+GK53,2)+GX53 -> 0 | GN53: =IF(OR(BI53=0,BI53=1),ROUND(O53+X53+Y53+GK53,2),0) -> 0 | GO53: =IF(BI53=2,ROUND(O53+X53+Y53+GK53,2),0) -> 0 | GP53: =IF(BI53=4,ROUND(O53+X53+Y53+GK53,2)+GX53,0) -> 0 | GR53: 0 | GS53: 3 | GT53: 0 | GV53: =ROUND(GT53,2) -> 0 | GW53: 1 | GX53: =ROUND(GV53*GW53*I53,2) -> 0 | HA53: 0 | HB53: 0 | IK53: 0
A54: 17 | B54: 1 | C54: =ROW(SmtRes!A137) -> 137 | D54: =ROW(EtalonRes!A145) -> 145 | E54: 21 | F54: 61-1-9 | G54: Сплошное выравнивание внутренних поверхностей (однослойное оштукатуривание) из сухих растворных смесей толщиной до 10 мм для последующей окраски или для оклейки обоями стен | H54: 100 м2 | I54: =ROUND(579/100,9) -> 5.79 | J54: 0 | O54: =ROUND(CP54,2) -> 11318.88 | P54: =ROUND(CQ54*I54,2) -> 44 | Q54: =ROUND(CR54*I54,2) -> 604.09 | R54: =ROUND(CS54*I54,2) -> 358.37 | S54: =ROUND(CT54*I54,2) -> 10670.79 | T54: =ROUND(CU54*I54,2) -> 0 | U54: =CV54*I54 -> 207.4557 | V54: =CW54*I54 -> 5.4426 | W54: =ROUND(CX54*I54,2) -> 0 | X54: =ROUND(CY54,2) -> 8713.04 | Y54: =ROUND(CZ54,2) -> 5514.58 | AA54: 39278658 | AB54: =ROUND((AC54+AD54+AF54),2) -> 321.53 | AC54: =ROUND((ES54),2) -> 1.25 | AD54: =ROUND((((ET54)-(EU54))+AE54),2) -> 17.16 | AE54: =ROUND((EU54),2) -> 10.18 | AF54: =ROUND((EV54),2) -> 303.12 | AG54: =ROUND((AP54),2) -> 0 | AH54: =(EW54) -> 35.83 | AI54: =(EX54) -> 0.94 | AJ54: =ROUND((AS54),2) -> 0 | AK54: 321.53 | AL54: 1.25 | AM54: 17.16 | AN54: 10.18 | AO54: 303.12 | AP54: 0 | AQ54: 35.83 | AR54: 0.94 | AS54: 0 | AT54: 79 | AU54: 50 | AV54: 1 | AW54: 1 | AZ54: 6.08 | BA54: 6.08 | BB54: 6.08 | BC54: 6.08 | BH54: 0 | BI54: 1 | BJ54: ФЕРр-2001, 61-1-9, приказ Минстроя России №1039/пр от 30.12.2016г. | BM54: 61001 | BN54: 0 | BP54: 0 | BQ54: 6 | BR54: 0 | BS54: 6.08 | BT54: 1 | BU54: 1 | BV54: 1 | BW54: 1 | BX54: 1 | BZ54: 79 | CA54: 50 | CF54: 0 | CG54: 0 | CM54: 0 | CO54: 0 | CP54: =(P54+Q54+S54) -> 11318.88 | CQ54: =AC54*BC54 -> 7.6 | CR54: =AD54*BB54 -> 104.3328 | CS54: =AE54*BS54 -> 61.8944 | CT54: =AF54*BA54 -> 1842.9696 | CU54: =AG54 -> 0 | CV54: =AH54 -> 35.83 | CW54: =AI54 -> 0.94 | CX54: =AJ54 -> 0 | CY54: =(((S54+R54)*AT54)/100) -> 8713.0364 | CZ54: =(((S54+R54)*AU54)/100) -> 5514.58 | DN54: 0 | DO54: 0 | DP54: 1 | DQ54: 1 | DU54: 1005 | DV54: 100 м2 | DW54: 100 м2 | DX54: 100 | EE54: 39174586 | EF54: 6 | EG54: Ремонтно-строительные работы | EH54: 0 | EJ54: 1 | EK54: 61001 | EL54: Штукатрурные работы | EM54: рФЕР-61 | EQ54: 0 | ER54: 321.53 | ES54: 1.25 | ET54: 17.16 | EU54: 10.18 | EV54: 303.12 | EW54: 35.83 | EX54: 0.94 | EY54: 0 | FQ54: 0 | FR54: =ROUND(IF(AND(BH54=3,BI54=3),P54,0),2) -> 0 | FS54: 0 | FX54: 79 | FY54: 50 | GD54: 0 | GF54: 237699517 | GG54: 1 | GH54: 1 | GI54: 4 | GJ54: 0 | GK54: =ROUND(R54*(R12)/100,2) -> 0 | GL54: =ROUND(IF(AND(BH54=3,BI54=3,FS54<>0),P54,0),2) -> 0 | GM54: =ROUND(O54+X54+Y54+GK54,2)+GX54 -> 25546.5 | GN54: =IF(OR(BI54=0,BI54=1),ROUND(O54+X54+Y54+GK54,2),0) -> 25546.5 | GO54: =IF(BI54=2,ROUND(O54+X54+Y54+GK54,2),0) -> 0 | GP54: =IF(BI54=4,ROUND(O54+X54+Y54+GK54,2)+GX54,0) -> 0 | GR54: 0 | GS54: 3 | GT54: 0 | GV54: =ROUND(GT54,2) -> 0 | GW54: 1 | GX54: =ROUND(GV54*GW54*I54,2) -> 0 | HA54: 0 | HB54: 0 | IK54: 0
A55: 18 | B55: 1 | C55: 136 | E55: 21,1 | F55: 04.3.02.12-0006 | G55: Смесь штукатурная "БИРСС 22" (марка М100) | H55: т | I55: =I54*J55 -> 4.95045 | J55: 0.855 | O55: =ROUND(CP55,2) -> 33503.2 | P55: =ROUND(CQ55*I55,2) -> 33503.2 | Q55: =ROUND(CR55*I55,2) -> 0 | R55: =ROUND(CS55*I55,2) -> 0 | S55: =ROUND(CT55*I55,2) -> 0 | T55: =ROUND(CU55*I55,2) -> 0 | U55: =CV55*I55 -> 0 | V55: =CW55*I55 -> 0 | W55: =ROUND(CX55*I55,2) -> 0 | X55: =ROUND(CY55,2) -> 0 | Y55: =ROUND(CZ55,2) -> 0 | AA55: 39278658 | AB55: =ROUND((AC55+AD55+AF55),2) -> 1113.11 | AC55: =ROUND((ES55),2) -> 1113.11 | AD55: =ROUND((((ET55)-(EU55))+AE55),2) -> 0 | AE55: =ROUND((EU55),2) -> 0 | AF55: =ROUND((EV55),2) -> 0 | AG55: =ROUND((AP55),2) -> 0 | AH55: =(EW55) -> 0 | AI55: =(EX55) -> 0 | AJ55: =ROUND((AS55),2) -> 0 | AK55: 1113.11 | AL55: 1113.11 | AM55: 0 | AN55: 0 | AO55: 0 | AP55: 0 | AQ55: 0 | AR55: 0 | AS55: 0 | AT55: 79 | AU55: 50 | AV55: 1 | AW55: 1 | AZ55: 6.08 | BA55: 1 | BB55: 1 | BC55: 6.08 | BH55: 3 | BI55: 1 | BJ55: ФССЦ-2001, 04.3.02.12-0006, приказ Минстроя России №1039/пр от 30.12.2016г. | BM55: 61001 | BN55: 0 | BP55: 0 | BQ55: 6 | BR55: 0 | BS55: 1 | BT55: 1 | BU55: 1 | BV55: 1 | BW55: 1 | BX55: 1 | BZ55: 79 | CA55: 50 | CF55: 0 | CG55: 0 | CM55: 0 | CO55: 0 | CP55: =(P55+Q55+S55) -> 33503.2 | CQ55: =AC55*BC55 -> 6767.7088 | CR55: =AD55*BB55 -> 0 | CS55: =AE55*BS55 -> 0 | CT55: =AF55*BA55 -> 0 | CU55: =AG55 -> 0 | CV55: =AH55 -> 0 | CW55: =AI55 -> 0 | CX55: =AJ55 -> 0 | CY55: =(((S55+R55)*AT55)/100) -> 0 | CZ55: =(((S55+R55)*AU55)/100) -> 0 | DN55: 0 | DO55: 0 | DP55: 1 | DQ55: 1 | DU55: 1009 | DV55: т | DW55: т | DX55: 1000 | EE55: 39174586 | EF55: 6 | EG55: Ремонтно-строительные работы | EH55: 0 | EJ55: 1 | EK55: 61001 | EL55: Штукатрурные работы | EM55: рФЕР-61 | EQ55: 0 | ER55: 1113.11 | ES55: 1113.11 | ET55: 0 | EU55: 0 | EV55: 0 | EW55: 0 | EX55: 0 | FQ55: 0 | FR55: =ROUND(IF(AND(BH55=3,BI55=3),P55,0),2) -> 0 | FS55: 0 | FX55: 79 | FY55: 50 | GD55: 0 | GF55: -2099882780 | GG55: 1 | GH55: 1 | GI55: 4 | GJ55: 0 | GK55: =ROUND(R55*(R12)/100,2) -> 0 | GL55: =ROUND(IF(AND(BH55=3,BI55=3,FS55<>0),P55,0),2) -> 0 | GM55: =ROUND(O55+X55+Y55+GK55,2)+GX55 -> 33503.2 | GN55: =IF(OR(BI55=0,BI55=1),ROUND(O55+X55+Y55+GK55,2),0) -> 33503.2 | GO55: =IF(BI55=2,ROUND(O55+X55+Y55+GK55,2),0) -> 0 | GP55: =IF(BI55=4,ROUND(O55+X55+Y55+GK55,2)+GX55,0) -> 0 | GR55: 0 | GS55: 3 | GT55: 0 | GV55: =ROUND(GT55,2) -> 0 | GW55: 1 | GX55: =ROUND(GV55*GW55*I55,2) -> 0 | HA55: 0 | HB55: 0 | IK55: 0
A56: 18 | B56: 1 | C56: 135 | E56: 21,2 | F56: 04.3.02.09 | G56: Смеси на цементной основе | H56: т | I56: =I54*J56 -> 4.95045 | J56: 0.855 | O56: =ROUND(CP56,2) -> 0 | P56: =ROUND(CQ56*I56,2) -> 0 | Q56: =ROUND(CR56*I56,2) -> 0 | R56: =ROUND(CS56*I56,2) -> 0 | S56: =ROUND(CT56*I56,2) -> 0 | T56: =ROUND(CU56*I56,2) -> 0 | U56: =CV56*I56 -> 0 | V56: =CW56*I56 -> 0 | W56: =ROUND(CX56*I56,2) -> 0 | X56: =ROUND(CY56,2) -> 0 | Y56: =ROUND(CZ56,2) -> 0 | AA56: 39278658 | AB56: =ROUND((AC56+AD56+AF56),2) -> 0 | AC56: =ROUND((ES56),2) -> 0 | AD56: =ROUND((((ET56)-(EU56))+AE56),2) -> 0 | AE56: =ROUND((EU56),2) -> 0 | AF56: =ROUND((EV56),2) -> 0 | AG56: =ROUND((AP56),2) -> 0 | AH56: =(EW56) -> 0 | AI56: =(EX56) -> 0 | AJ56: =ROUND((AS56),2) -> 0 | AK56: 0 | AL56: 0 | AM56: 0 | AN56: 0 | AO56: 0 | AP56: 0 | AQ56: 0 | AR56: 0 | AS56: 0 | AT56: 79 | AU56: 50 | AV56: 1 | AW56: 1 | AZ56: 6.08 | BA56: 1 | BB56: 1 | BC56: 6.08 | BH56: 3 | BI56: 1 | BM56: 61001 | BN56: 0 | BP56: 0 | BQ56: 6 | BR56: 0 | BS56: 1 | BT56: 1 | BU56: 1 | BV56: 1 | BW56: 1 | BX56: 1 | BZ56: 79 | CA56: 50 | CF56: 0 | CG56: 0 | CM56: 0 | CO56: 0 | CP56: =(P56+Q56+S56) -> 0 | CQ56: =AC56*BC56 -> 0 | CR56: =AD56*BB56 -> 0 | CS56: =AE56*BS56 -> 0 | CT56: =AF56*BA56 -> 0 | CU56: =AG56 -> 0 | CV56: =AH56 -> 0 | CW56: =AI56 -> 0 | CX56: =AJ56 -> 0 | CY56: =(((S56+R56)*AT56)/100) -> 0 | CZ56: =(((S56+R56)*AU56)/100) -> 0 | DN56: 0 | DO56: 0 | DP56: 1 | DQ56: 1 | DU56: 1009 | DV56: т | DW56: т | DX56: 1000 | EE56: 39174586 | EF56: 6 | EG56: Ремонтно-строительные работы | EH56: 0 | EJ56: 1 | EK56: 61001 | EL56: Штукатрурные работы | EM56: рФЕР-61 | EQ56: 0 | ER56: 0 | ES56: 0 | ET56: 0 | EU56: 0 | EV56: 0 | EW56: 0 | EX56: 0 | FQ56: 0 | FR56: =ROUND(IF(AND(BH56=3,BI56=3),P56,0),2) -> 0 | FS56: 0 | FX56: 79 | FY56: 50 | GD56: 0 | GF56: 1880203204 | GG56: 1 | GH56: 1 | GI56: 4 | GJ56: 0 | GK56: =ROUND(R56*(R12)/100,2) -> 0 | GL56: =ROUND(IF(AND(BH56=3,BI56=3,FS56<>0),P56,0),2) -> 0 | GM56: =ROUND(O56+X56+Y56+GK56,2)+GX56 -> 0 | GN56: =IF(OR(BI56=0,BI56=1),ROUND(O56+X56+Y56+GK56,2),0) -> 0 | GO56: =IF(BI56=2,ROUND(O56+X56+Y56+GK56,2),0) -> 0 | GP56: =IF(BI56=4,ROUND(O56+X56+Y56+GK56,2)+GX56,0) -> 0 | GR56: 0 | GS56: 3 | GT56: 0 | GV56: =ROUND(GT56,2) -> 0 | GW56: 1 | GX56: =ROUND(GV56*GW56*I56,2) -> 0 | HA56: 0 | HB56: 0 | IK56: 0
A57: 18 | B57: 1 | C57: 137 | E57: 21,3 | F57: 14.3.01.01-0001 | G57: Грунтовка: «Бетоконтакт», КНАУФ | H57: кг | I57: =I54*J57 -> 115.8 | J57: 20 | O57: =ROUND(CP57,2) -> 10624.33 | P57: =ROUND(CQ57*I57,2) -> 10624.33 | Q57: =ROUND(CR57*I57,2) -> 0 | R57: =ROUND(CS57*I57,2) -> 0 | S57: =ROUND(CT57*I57,2) -> 0 | T57: =ROUND(CU57*I57,2) -> 0 | U57: =CV57*I57 -> 0 | V57: =CW57*I57 -> 0 | W57: =ROUND(CX57*I57,2) -> 0 | X57: =ROUND(CY57,2) -> 0 | Y57: =ROUND(CZ57,2) -> 0 | AA57: 39278658 | AB57: =ROUND((AC57+AD57+AF57),2) -> 15.09 | AC57: =ROUND((ES57),2) -> 15.09 | AD57: =ROUND((((ET57)-(EU57))+AE57),2) -> 0 | AE57: =ROUND((EU57),2) -> 0 | AF57: =ROUND((EV57),2) -> 0 | AG57: =ROUND((AP57),2) -> 0 | AH57: =(EW57) -> 0 | AI57: =(EX57) -> 0 | AJ57: =ROUND((AS57),2) -> 0 | AK57: 15.09 | AL57: 15.09 | AM57: 0 | AN57: 0 | AO57: 0 | AP57: 0 | AQ57: 0 | AR57: 0 | AS57: 0 | AT57: 95 | AU57: 47 | AV57: 1 | AW57: 1 | AZ57: 6.08 | BA57: 1 | BB57: 1 | BC57: 6.08 | BH57: 3 | BI57: 1 | BJ57: ФССЦ-2001, 14.3.01.01-0001, приказ Минстроя России №1039/пр от 30.12.2016г. | BM57: 15001 | BN57: 0 | BP57: 0 | BQ57: 2 | BR57: 0 | BS57: 1 | BT57: 1 | BU57: 1 | BV57: 1 | BW57: 1 | BX57: 1 | BZ57: 105 | CA57: 55 | CF57: 0 | CG57: 0 | CM57: 0 | CO57: 0 | CP57: =(P57+Q57+S57) -> 10624.33 | CQ57: =AC57*BC57 -> 91.7472 | CR57: =AD57*BB57 -> 0 | CS57: =AE57*BS57 -> 0 | CT57: =AF57*BA57 -> 0 | CU57: =AG57 -> 0 | CV57: =AH57 -> 0 | CW57: =AI57 -> 0 | CX57: =AJ57 -> 0 | CY57: =(((S57+R57)*AT57)/100) -> 0 | CZ57: =(((S57+R57)*AU57)/100) -> 0 | DN57: 0 | DO57: 0 | DP57: 1 | DQ57: 1 | DU57: 1009 | DV57: кг | DW57: кг | DX57: 1 | EE57: 39174529 | EF57: 2 | EG57: Общестроительные работы | EH57: 0 | EJ57: 1 | EK57: 15001 | EL57: Отделочные работы | EM57: ФЕР-15 | EQ57: 0 | ER57: 15.09 | ES57: 15.09 | ET57: 0 | EU57: 0 | EV57: 0 | EW57: 0 | EX57: 0 | FQ57: 0 | FR57: =ROUND(IF(AND(BH57=3,BI57=3),P57,0),2) -> 0 | FS57: 0 | FT57: *0,9 | FU57: *0,85 | FX57: 94.5 | FY57: 46.75 | GD57: 0 | GF57: 1453462043 | GG57: 1 | GH57: 1 | GI57: 4 | GJ57: 0 | GK57: =ROUND(R57*(R12)/100,2) -> 0 | GL57: =ROUND(IF(AND(BH57=3,BI57=3,FS57<>0),P57,0),2) -> 0 | GM57: =ROUND(O57+X57+Y57+GK57,2)+GX57 -> 10624.33 | GN57: =IF(OR(BI57=0,BI57=1),ROUND(O57+X57+Y57+GK57,2),0) -> 10624.33 | GO57: =IF(BI57=2,ROUND(O57+X57+Y57+GK57,2),0) -> 0 | GP57: =IF(BI57=4,ROUND(O57+X57+Y57+GK57,2)+GX57,0) -> 0 | GR57: 0 | GS57: 3 | GT57: 0 | GV57: =ROUND(GT57,2) -> 0 | GW57: 1 | GX57: =ROUND(GV57*GW57*I57,2) -> 0 | HA57: 0 | HB57: 0 | IK57: 0
A58: 17 | B58: 1 | C58: =ROW(SmtRes!A144) -> 144 | D58: =ROW(EtalonRes!A151) -> 151 | E58: 22 | F58: 15-04-006-04 | G58: Покрытие поверхностей грунтовкой глубокого проникновения за 2 раза стен | H58: 100 м2 | I58: =ROUND(579/100,9) -> 5.79 | J58: 0 | O58: =ROUND(CP58,2) -> 6439.72 | P58: =ROUND(CQ58*I58,2) -> 12.67 | Q58: =ROUND(CR58*I58,2) -> 71.11 | R58: =ROUND(CS58*I58,2) -> 16.19 | S58: =ROUND(CT58*I58,2) -> 6355.94 | T58: =ROUND(CU58*I58,2) -> 0 | U58: =CV58*I58 -> 108.66672 | V58: =CW58*I58 -> 0.217125 | W58: =ROUND(CX58*I58,2) -> 0 | X58: =ROUND(CY58,2) -> 6053.52 | Y58: =ROUND(CZ58,2) -> 2994.9 | AA58: 39278658 | AB58: =ROUND((AC58+AD58+AF58),2) -> 182.93 | AC58: =ROUND((ES58),2) -> 0.36 | AD58: =ROUND(((((ET58*1.25))-((EU58*1.25)))+AE58),2) -> 2.02 | AE58: =ROUND(((EU58*1.25)),2) -> 0.46 | AF58: =ROUND(((EV58*1.15)),2) -> 180.55 | AG58: =ROUND((AP58),2) -> 0 | AH58: =((EW58*1.15)) -> 18.768 | AI58: =((EX58*1.25)) -> 0.0375 | AJ58: =ROUND((AS58),2) -> 0 | AK58: 158.98 | AL58: 0.36 | AM58: 1.62 | AN58: 0.37 | AO58: 157 | AP58: 0 | AQ58: 16.32 | AR58: 0.03 | AS58: 0 | AT58: 95 | AU58: 47 | AV58: 1 | AW58: 1 | AZ58: 6.08 | BA58: 6.08 | BB58: 6.08 | BC58: 6.08 | BH58: 0 | BI58: 1 | BJ58: ФЕР-2001, 15-04-006-04, приказ Минстроя России №1039/пр от 30.12.2016г. | BM58: 15001 | BN58: 0 | BP58: 0 | BQ58: 2 | BR58: 0 | BS58: 6.08 | BT58: 1 | BU58: 1 | BV58: 1 | BW58: 1 | BX58: 1 | BZ58: 105 | CA58: 55 | CF58: 0 | CG58: 0 | CM58: 0 | CN58: Поправка: МДС 81-35.2004, п.4.7 Наименование: Работы, выполняемые при реконструкции зданий и сооружений работы, аналогичные технологическим процессам в новом строительстве (в том числе возведение новых конструктивных элементов) стоимость которых определена по соответствующим сборникам ФЕР, кроме сборника № 46 «Работы при реконструкции зданий и сооружений» | CO58: 0 | CP58: =(P58+Q58+S58) -> 6439.72 | CQ58: =AC58*BC58 -> 2.1888 | CR58: =AD58*BB58 -> 12.2816 | CS58: =AE58*BS58 -> 2.7968 | CT58: =AF58*BA58 -> 1097.744 | CU58: =AG58 -> 0 | CV58: =AH58 -> 18.768 | CW58: =AI58 -> 0.0375 | CX58: =AJ58 -> 0 | CY58: =(((S58+R58)*AT58)/100) -> 6053.5235 | CZ58: =(((S58+R58)*AU58)/100) -> 2994.9011 | DE58: )*1,25 | DF58: )*1,25 | DG58: )*1,15 | DI58: )*1,15 | DJ58: )*1,25 | DN58: 0 | DO58: 0 | DP58: 1 | DQ58: 1 | DU58: 1005 | DV58: 100 м2 | DW58: 100 м2 | DX58: 100 | EE58: 39174529 | EF58: 2 | EG58: Общестроительные работы | EH58: 0 | EJ58: 1 | EK58: 15001 | EL58: Отделочные работы | EM58: ФЕР-15 | EO58: Поправка: МДС 81-35.2004, п.4.7 | EQ58: 0 | ER58: 158.98 | ES58: 0.36 | ET58: 1.62 | EU58: 0.37 | EV58: 157 | EW58: 16.32 | EX58: 0.03 | EY58: 0 | FQ58: 0 | FR58: =ROUND(IF(AND(BH58=3,BI58=3),P58,0),2) -> 0 | FS58: 0 | FT58: *0,9 | FU58: *0,85 | FX58: 94.5 | FY58: 46.75 | GD58: 0 | GF58: -816382651 | GG58: 1 | GH58: 1 | GI58: 4 | GJ58: 0 | GK58: =ROUND(R58*(R12)/100,2) -> 0 | GL58: =ROUND(IF(AND(BH58=3,BI58=3,FS58<>0),P58,0),2) -> 0 | GM58: =ROUND(O58+X58+Y58+GK58,2)+GX58 -> 15488.14 | GN58: =IF(OR(BI58=0,BI58=1),ROUND(O58+X58+Y58+GK58,2),0) -> 15488.14 | GO58: =IF(BI58=2,ROUND(O58+X58+Y58+GK58,2),0) -> 0 | GP58: =IF(BI58=4,ROUND(O58+X58+Y58+GK58,2)+GX58,0) -> 0 | GR58: 0 | GS58: 3 | GT58: 0 | GV58: =ROUND(GT58,2) -> 0 | GW58: 1 | GX58: =ROUND(GV58*GW58*I58,2) -> 0 | HA58: 0 | HB58: 0 | IK58: 0
A59: 18 | B59: 1 | C59: 143 | E59: 22,1 | F59: 14.3.01.01-0001 | G59: Грунтовка: «Бетоконтакт», КНАУФ | H59: кг | I59: =I58*J59 -> 115.8 | J59: 20 | O59: =ROUND(CP59,2) -> 10624.33 | P59: =ROUND(CQ59*I59,2) -> 10624.33 | Q59: =ROUND(CR59*I59,2) -> 0 | R59: =ROUND(CS59*I59,2) -> 0 | S59: =ROUND(CT59*I59,2) -> 0 | T59: =ROUND(CU59*I59,2) -> 0 | U59: =CV59*I59 -> 0 | V59: =CW59*I59 -> 0 | W59: =ROUND(CX59*I59,2) -> 0 | X59: =ROUND(CY59,2) -> 0 | Y59: =ROUND(CZ59,2) -> 0 | AA59: 39278658 | AB59: =ROUND((AC59+AD59+AF59),2) -> 15.09 | AC59: =ROUND((ES59),2) -> 15.09 | AD59: =ROUND((((ET59)-(EU59))+AE59),2) -> 0 | AE59: =ROUND((EU59),2) -> 0 | AF59: =ROUND((EV59),2) -> 0 | AG59: =ROUND((AP59),2) -> 0 | AH59: =(EW59) -> 0 | AI59: =(EX59) -> 0 | AJ59: =ROUND((AS59),2) -> 0 | AK59: 15.09 | AL59: 15.09 | AM59: 0 | AN59: 0 | AO59: 0 | AP59: 0 | AQ59: 0 | AR59: 0 | AS59: 0 | AT59: 95 | AU59: 47 | AV59: 1 | AW59: 1 | AZ59: 6.08 | BA59: 1 | BB59: 1 | BC59: 6.08 | BH59: 3 | BI59: 1 | BJ59: ФССЦ-2001, 14.3.01.01-0001, приказ Минстроя России №1039/пр от 30.12.2016г. | BM59: 15001 | BN59: 0 | BP59: 0 | BQ59: 2 | BR59: 0 | BS59: 1 | BT59: 1 | BU59: 1 | BV59: 1 | BW59: 1 | BX59: 1 | BZ59: 105 | CA59: 55 | CF59: 0 | CG59: 0 | CM59: 0 | CO59: 0 | CP59: =(P59+Q59+S59) -> 10624.33 | CQ59: =AC59*BC59 -> 91.7472 | CR59: =AD59*BB59 -> 0 | CS59: =AE59*BS59 -> 0 | CT59: =AF59*BA59 -> 0 | CU59: =AG59 -> 0 | CV59: =AH59 -> 0 | CW59: =AI59 -> 0 | CX59: =AJ59 -> 0 | CY59: =(((S59+R59)*AT59)/100) -> 0 | CZ59: =(((S59+R59)*AU59)/100) -> 0 | DN59: 0 | DO59: 0 | DP59: 1 | DQ59: 1 | DU59: 1009 | DV59: кг | DW59: кг | DX59: 1 | EE59: 39174529 | EF59: 2 | EG59: Общестроительные работы | EH59: 0 | EJ59: 1 | EK59: 15001 | EL59: Отделочные работы | EM59: ФЕР-15 | EQ59: 0 | ER59: 15.09 | ES59: 15.09 | ET59: 0 | EU59: 0 | EV59: 0 | EW59: 0 | EX59: 0 | FQ59: 0 | FR59: =ROUND(IF(AND(BH59=3,BI59=3),P59,0),2) -> 0 | FS59: 0 | FT59: *0,9 | FU59: *0,85 | FX59: 94.5 | FY59: 46.75 | GD59: 0 | GF59: 1453462043 | GG59: 1 | GH59: 1 | GI59: 4 | GJ59: 0 | GK59: =ROUND(R59*(R12)/100,2) -> 0 | GL59: =ROUND(IF(AND(BH59=3,BI59=3,FS59<>0),P59,0),2) -> 0 | GM59: =ROUND(O59+X59+Y59+GK59,2)+GX59 -> 10624.33 | GN59: =IF(OR(BI59=0,BI59=1),ROUND(O59+X59+Y59+GK59,2),0) -> 10624.33 | GO59: =IF(BI59=2,ROUND(O59+X59+Y59+GK59,2),0) -> 0 | GP59: =IF(BI59=4,ROUND(O59+X59+Y59+GK59,2)+GX59,0) -> 0 | GR59: 0 | GS59: 3 | GT59: 0 | GV59: =ROUND(GT59,2) -> 0 | GW59: 1 | GX59: =ROUND(GV59*GW59*I59,2) -> 0 | HA59: 0 | HB59: 0 | IK59: 0
A60: 18 | B60: 1 | C60: 144 | E60: 22,2 | F60: 14.4.01.21 | G60: Грунтовка | H60: т | I60: =I58*J60 -> 0.1158 | J60: 0.02 | O60: =ROUND(CP60,2) -> 0 | P60: =ROUND(CQ60*I60,2) -> 0 | Q60: =ROUND(CR60*I60,2) -> 0 | R60: =ROUND(CS60*I60,2) -> 0 | S60: =ROUND(CT60*I60,2) -> 0 | T60: =ROUND(CU60*I60,2) -> 0 | U60: =CV60*I60 -> 0 | V60: =CW60*I60 -> 0 | W60: =ROUND(CX60*I60,2) -> 0 | X60: =ROUND(CY60,2) -> 0 | Y60: =ROUND(CZ60,2) -> 0 | AA60: 39278658 | AB60: =ROUND((AC60+AD60+AF60),2) -> 0 | AC60: =ROUND((ES60),2) -> 0 | AD60: =ROUND((((ET60)-(EU60))+AE60),2) -> 0 | AE60: =ROUND((EU60),2) -> 0 | AF60: =ROUND((EV60),2) -> 0 | AG60: =ROUND((AP60),2) -> 0 | AH60: =(EW60) -> 0 | AI60: =(EX60) -> 0 | AJ60: =ROUND((AS60),2) -> 0 | AK60: 0 | AL60: 0 | AM60: 0 | AN60: 0 | AO60: 0 | AP60: 0 | AQ60: 0 | AR60: 0 | AS60: 0 | AT60: 95 | AU60: 47 | AV60: 1 | AW60: 1 | AZ60: 6.08 | BA60: 1 | BB60: 1 | BC60: 6.08 | BH60: 3 | BI60: 1 | BM60: 15001 | BN60: 0 | BP60: 0 | BQ60: 2 | BR60: 0 | BS60: 1 | BT60: 1 | BU60: 1 | BV60: 1 | BW60: 1 | BX60: 1 | BZ60: 105 | CA60: 55 | CF60: 0 | CG60: 0 | CM60: 0 | CO60: 0 | CP60: =(P60+Q60+S60) -> 0 | CQ60: =AC60*BC60 -> 0 | CR60: =AD60*BB60 -> 0 | CS60: =AE60*BS60 -> 0 | CT60: =AF60*BA60 -> 0 | CU60: =AG60 -> 0 | CV60: =AH60 -> 0 | CW60: =AI60 -> 0 | CX60: =AJ60 -> 0 | CY60: =(((S60+R60)*AT60)/100) -> 0 | CZ60: =(((S60+R60)*AU60)/100) -> 0 | DN60: 0 | DO60: 0 | DP60: 1 | DQ60: 1 | DU60: 1009 | DV60: т | DW60: т | DX60: 1000 | EE60: 39174529 | EF60: 2 | EG60: Общестроительные работы | EH60: 0 | EJ60: 1 | EK60: 15001 | EL60: Отделочные работы | EM60: ФЕР-15 | EQ60: 0 | ER60: 0 | ES60: 0 | ET60: 0 | EU60: 0 | EV60: 0 | EW60: 0 | EX60: 0 | FQ60: 0 | FR60: =ROUND(IF(AND(BH60=3,BI60=3),P60,0),2) -> 0 | FS60: 0 | FT60: *0,9 | FU60: *0,85 | FX60: 94.5 | FY60: 46.75 | GD60: 0 | GF60: -1212923053 | GG60: 1 | GH60: 1 | GI60: 4 | GJ60: 0 | GK60: =ROUND(R60*(R12)/100,2) -> 0 | GL60: =ROUND(IF(AND(BH60=3,BI60=3,FS60<>0),P60,0),2) -> 0 | GM60: =ROUND(O60+X60+Y60+GK60,2)+GX60 -> 0 | GN60: =IF(OR(BI60=0,BI60=1),ROUND(O60+X60+Y60+GK60,2),0) -> 0 | GO60: =IF(BI60=2,ROUND(O60+X60+Y60+GK60,2),0) -> 0 | GP60: =IF(BI60=4,ROUND(O60+X60+Y60+GK60,2)+GX60,0) -> 0 | GR60: 0 | GS60: 3 | GT60: 0 | GV60: =ROUND(GT60,2) -> 0 | GW60: 1 | GX60: =ROUND(GV60*GW60*I60,2) -> 0 | HA60: 0 | HB60: 0 | IK60: 0
A61: 17 | B61: 1 | C61: =ROW(SmtRes!A157) -> 157 | D61: =ROW(EtalonRes!A163) -> 163 | E61: 23 | F61: 62-16-5 | G61: Окрашивание водоэмульсионными составами поверхностей стен, ранее окрашенных масляной краской с расчисткой старой краски более 35% | H61: 100 м2 | I61: =ROUND(579/100,9) -> 5.79 | J61: 0 | O61: =ROUND(CP61,2) -> 28025.27 | P61: =ROUND(CQ61*I61,2) -> 17468.53 | Q61: =ROUND(CR61*I61,2) -> 248.89 | R61: =ROUND(CS61*I61,2) -> 72.17 | S61: =ROUND(CT61*I61,2) -> 10307.85 | T61: =ROUND(CU61*I61,2) -> 0 | U61: =CV61*I61 -> 196.2231 | V61: =CW61*I61 -> 0.9264 | W61: =ROUND(CX61*I61,2) -> 0 | X61: =ROUND(CY61,2) -> 8304.02 | Y61: =ROUND(CZ61,2) -> 5190.01 | AA61: 39278658 | AB61: =ROUND((AC61+AD61+AF61),2) -> 796.1 | AC61: =ROUND((ES61),2) -> 496.22 | AD61: =ROUND((((ET61)-(EU61))+AE61),2) -> 7.07 | AE61: =ROUND((EU61),2) -> 2.05 | AF61: =ROUND((EV61),2) -> 292.81 | AG61: =ROUND((AP61),2) -> 0 | AH61: =(EW61) -> 33.89 | AI61: =(EX61) -> 0.16 | AJ61: =ROUND((AS61),2) -> 0 | AK61: 796.1 | AL61: 496.22 | AM61: 7.07 | AN61: 2.05 | AO61: 292.81 | AP61: 0 | AQ61: 33.89 | AR61: 0.16 | AS61: 0 | AT61: 80 | AU61: 50 | AV61: 1 | AW61: 1 | AZ61: 6.08 | BA61: 6.08 | BB61: 6.08 | BC61: 6.08 | BH61: 0 | BI61: 1 | BJ61: ФЕРр-2001, 62-16-5, приказ Минстроя России №1039/пр от 30.12.2016г. | BM61: 62001 | BN61: 0 | BP61: 0 | BQ61: 6 | BR61: 0 | BS61: 6.08 | BT61: 1 | BU61: 1 | BV61: 1 | BW61: 1 | BX61: 1 | BZ61: 80 | CA61: 50 | CF61: 0 | CG61: 0 | CM61: 0 | CO61: 0 | CP61: =(P61+Q61+S61) -> 28025.27 | CQ61: =AC61*BC61 -> 3017.0176 | CR61: =AD61*BB61 -> 42.9856 | CS61: =AE61*BS61 -> 12.464 | CT61: =AF61*BA61 -> 1780.2848 | CU61: =AG61 -> 0 | CV61: =AH61 -> 33.89 | CW61: =AI61 -> 0.16 | CX61: =AJ61 -> 0 | CY61: =(((S61+R61)*AT61)/100) -> 8304.016 | CZ61: =(((S61+R61)*AU61)/100) -> 5190.01 | DN61: 0 | DO61: 0 | DP61: 1 | DQ61: 1 | DU61: 1005 | DV61: 100 м2 | DW61: 100 м2 | DX61: 100 | EE61: 39174587 | EF61: 6 | EG61: Ремонтно-строительные работы | EH61: 0 | EJ61: 1 | EK61: 62001 | EL61: Малярные работы | EM61: рФЕР-62 | EQ61: 0 | ER61: 796.1 | ES61: 496.22 | ET61: 7.07 | EU61: 2.05 | EV61: 292.81 | EW61: 33.89 | EX61: 0.16 | EY61: 0 | FQ61: 0 | FR61: =ROUND(IF(AND(BH61=3,BI61=3),P61,0),2) -> 0 | FS61: 0 | FX61: 80 | FY61: 50 | GD61: 0 | GF61: 1256979024 | GG61: 1 | GH61: 1 | GI61: 4 | GJ61: 0 | GK61: =ROUND(R61*(R12)/100,2) -> 0 | GL61: =ROUND(IF(AND(BH61=3,BI61=3,FS61<>0),P61,0),2) -> 0 | GM61: =ROUND(O61+X61+Y61+GK61,2)+GX61 -> 41519.3 | GN61: =IF(OR(BI61=0,BI61=1),ROUND(O61+X61+Y61+GK61,2),0) -> 41519.3 | GO61: =IF(BI61=2,ROUND(O61+X61+Y61+GK61,2),0) -> 0 | GP61: =IF(BI61=4,ROUND(O61+X61+Y61+GK61,2)+GX61,0) -> 0 | GR61: 0 | GS61: 3 | GT61: 0 | GV61: =ROUND(GT61,2) -> 0 | GW61: 1 | GX61: =ROUND(GV61*GW61*I61,2) -> 0 | HA61: 0 | HB61: 0 | IK61: 0
A62: 18 | B62: 1 | C62: 156 | E62: 23,1 | F62: 14.3.02.01-0224 | G62: Краска водоэмульсионная для внутренних работ ВАК-25 | H62: т | I62: =I61*J62 -> 0.41109 | J62: 0.071 | O62: =ROUND(CP62,2) -> 56198.77 | P62: =ROUND(CQ62*I62,2) -> 56198.77 | Q62: =ROUND(CR62*I62,2) -> 0 | R62: =ROUND(CS62*I62,2) -> 0 | S62: =ROUND(CT62*I62,2) -> 0 | T62: =ROUND(CU62*I62,2) -> 0 | U62: =CV62*I62 -> 0 | V62: =CW62*I62 -> 0 | W62: =ROUND(CX62*I62,2) -> 0 | X62: =ROUND(CY62,2) -> 0 | Y62: =ROUND(CZ62,2) -> 0 | AA62: 39278658 | AB62: =ROUND((AC62+AD62+AF62),2) -> 22484.66 | AC62: =ROUND((ES62),2) -> 22484.66 | AD62: =ROUND((((ET62)-(EU62))+AE62),2) -> 0 | AE62: =ROUND((EU62),2) -> 0 | AF62: =ROUND((EV62),2) -> 0 | AG62: =ROUND((AP62),2) -> 0 | AH62: =(EW62) -> 0 | AI62: =(EX62) -> 0 | AJ62: =ROUND((AS62),2) -> 0 | AK62: 22484.66 | AL62: 22484.66 | AM62: 0 | AN62: 0 | AO62: 0 | AP62: 0 | AQ62: 0 | AR62: 0 | AS62: 0 | AT62: 95 | AU62: 47 | AV62: 1 | AW62: 1 | AZ62: 6.08 | BA62: 1 | BB62: 1 | BC62: 6.08 | BH62: 3 | BI62: 1 | BJ62: ФССЦ-2001, 14.3.02.01-0224, приказ Минстроя России №1039/пр от 30.12.2016г. | BM62: 15001 | BN62: 0 | BP62: 0 | BQ62: 2 | BR62: 0 | BS62: 1 | BT62: 1 | BU62: 1 | BV62: 1 | BW62: 1 | BX62: 1 | BZ62: 105 | CA62: 55 | CF62: 0 | CG62: 0 | CM62: 0 | CO62: 0 | CP62: =(P62+Q62+S62) -> 56198.77 | CQ62: =AC62*BC62 -> 136706.73 | CR62: =AD62*BB62 -> 0 | CS62: =AE62*BS62 -> 0 | CT62: =AF62*BA62 -> 0 | CU62: =AG62 -> 0 | CV62: =AH62 -> 0 | CW62: =AI62 -> 0 | CX62: =AJ62 -> 0 | CY62: =(((S62+R62)*AT62)/100) -> 0 | CZ62: =(((S62+R62)*AU62)/100) -> 0 | DN62: 0 | DO62: 0 | DP62: 1 | DQ62: 1 | DU62: 1009 | DV62: т | DW62: т | DX62: 1000 | EE62: 39174529 | EF62: 2 | EG62: Общестроительные работы | EH62: 0 | EJ62: 1 | EK62: 15001 | EL62: Отделочные работы | EM62: ФЕР-15 | EQ62: 0 | ER62: 22484.66 | ES62: 22484.66 | ET62: 0 | EU62: 0 | EV62: 0 | EW62: 0 | EX62: 0 | FQ62: 0 | FR62: =ROUND(IF(AND(BH62=3,BI62=3),P62,0),2) -> 0 | FS62: 0 | FT62: *0,9 | FU62: *0,85 | FX62: 94.5 | FY62: 46.75 | GD62: 0 | GF62: 960802034 | GG62: 1 | GH62: 1 | GI62: 4 | GJ62: 0 | GK62: =ROUND(R62*(R12)/100,2) -> 0 | GL62: =ROUND(IF(AND(BH62=3,BI62=3,FS62<>0),P62,0),2) -> 0 | GM62: =ROUND(O62+X62+Y62+GK62,2)+GX62 -> 56198.77 | GN62: =IF(OR(BI62=0,BI62=1),ROUND(O62+X62+Y62+GK62,2),0) -> 56198.77 | GO62: =IF(BI62=2,ROUND(O62+X62+Y62+GK62,2),0) -> 0 | GP62: =IF(BI62=4,ROUND(O62+X62+Y62+GK62,2)+GX62,0) -> 0 | GR62: 0 | GS62: 3 | GT62: 0 | GV62: =ROUND(GT62,2) -> 0 | GW62: 1 | GX62: =ROUND(GV62*GW62*I62,2) -> 0 | HA62: 0 | HB62: 0 | IK62: 0
A63: 18 | B63: 1 | C63: 155 | E63: 23,2 | F63: 14.3.02.01 | G63: Краска водоэмульсионная | H63: т | I63: =I61*J63 -> 0.41109 | J63: 0.071 | O63: =ROUND(CP63,2) -> 0 | P63: =ROUND(CQ63*I63,2) -> 0 | Q63: =ROUND(CR63*I63,2) -> 0 | R63: =ROUND(CS63*I63,2) -> 0 | S63: =ROUND(CT63*I63,2) -> 0 | T63: =ROUND(CU63*I63,2) -> 0 | U63: =CV63*I63 -> 0 | V63: =CW63*I63 -> 0 | W63: =ROUND(CX63*I63,2) -> 0 | X63: =ROUND(CY63,2) -> 0 | Y63: =ROUND(CZ63,2) -> 0 | AA63: 39278658 | AB63: =ROUND((AC63+AD63+AF63),2) -> 0 | AC63: =ROUND((ES63),2) -> 0 | AD63: =ROUND((((ET63)-(EU63))+AE63),2) -> 0 | AE63: =ROUND((EU63),2) -> 0 | AF63: =ROUND((EV63),2) -> 0 | AG63: =ROUND((AP63),2) -> 0 | AH63: =(EW63) -> 0 | AI63: =(EX63) -> 0 | AJ63: =ROUND((AS63),2) -> 0 | AK63: 0 | AL63: 0 | AM63: 0 | AN63: 0 | AO63: 0 | AP63: 0 | AQ63: 0 | AR63: 0 | AS63: 0 | AT63: 80 | AU63: 50 | AV63: 1 | AW63: 1 | AZ63: 6.08 | BA63: 1 | BB63: 1 | BC63: 6.08 | BH63: 3 | BI63: 1 | BM63: 62001 | BN63: 0 | BP63: 0 | BQ63: 6 | BR63: 0 | BS63: 1 | BT63: 1 | BU63: 1 | BV63: 1 | BW63: 1 | BX63: 1 | BZ63: 80 | CA63: 50 | CF63: 0 | CG63: 0 | CM63: 0 | CO63: 0 | CP63: =(P63+Q63+S63) -> 0 | CQ63: =AC63*BC63 -> 0 | CR63: =AD63*BB63 -> 0 | CS63: =AE63*BS63 -> 0 | CT63: =AF63*BA63 -> 0 | CU63: =AG63 -> 0 | CV63: =AH63 -> 0 | CW63: =AI63 -> 0 | CX63: =AJ63 -> 0 | CY63: =(((S63+R63)*AT63)/100) -> 0 | CZ63: =(((S63+R63)*AU63)/100) -> 0 | DN63: 0 | DO63: 0 | DP63: 1 | DQ63: 1 | DU63: 1009 | DV63: т | DW63: т | DX63: 1000 | EE63: 39174587 | EF63: 6 | EG63: Ремонтно-строительные работы | EH63: 0 | EJ63: 1 | EK63: 62001 | EL63: Малярные работы | EM63: рФЕР-62 | EQ63: 0 | ER63: 0 | ES63: 0 | ET63: 0 | EU63: 0 | EV63: 0 | EW63: 0 | EX63: 0 | FQ63: 0 | FR63: =ROUND(IF(AND(BH63=3,BI63=3),P63,0),2) -> 0 | FS63: 0 | FX63: 80 | FY63: 50 | GD63: 0 | GF63: 1891904026 | GG63: 1 | GH63: 1 | GI63: 4 | GJ63: 0 | GK63: =ROUND(R63*(R12)/100,2) -> 0 | GL63: =ROUND(IF(AND(BH63=3,BI63=3,FS63<>0),P63,0),2) -> 0 | GM63: =ROUND(O63+X63+Y63+GK63,2)+GX63 -> 0 | GN63: =IF(OR(BI63=0,BI63=1),ROUND(O63+X63+Y63+GK63,2),0) -> 0 | GO63: =IF(BI63=2,ROUND(O63+X63+Y63+GK63,2),0) -> 0 | GP63: =IF(BI63=4,ROUND(O63+X63+Y63+GK63,2)+GX63,0) -> 0 | GR63: 0 | GS63: 3 | GT63: 0 | GV63: =ROUND(GT63,2) -> 0 | GW63: 1 | GX63: =ROUND(GV63*GW63*I63,2) -> 0 | HA63: 0 | HB63: 0 | IK63: 0
A64: 17 | B64: 1 | C64: =ROW(SmtRes!A166) -> 166 | D64: =ROW(EtalonRes!A171) -> 171 | E64: 24 | F64: 10-01-014-02 прим. | G64: Устройство чистых перегородок дощатых однослойных (короб из фанеры) | H64: 100 м2 | I64: =ROUND(10.2/100,9) -> 0.102 | J64: 0 | O64: =ROUND(CP64,2) -> 5185.6 | P64: =ROUND(CQ64*I64,2) -> 4320.41 | Q64: =ROUND(CR64*I64,2) -> 116.81 | R64: =ROUND(CS64*I64,2) -> 15.91 | S64: =ROUND(CT64*I64,2) -> 748.38 | T64: =ROUND(CU64*I64,2) -> 0 | U64: =CV64*I64 -> 15.214983 | V64: =CW64*I64 -> 0.205275 | W64: =ROUND(CX64*I64,2) -> 0 | X64: =ROUND(CY64,2) -> 810.15 | Y64: =ROUND(CZ64,2) -> 412.72 | AA64: 39278658 | AB64: =ROUND((AC64+AD64+AF64),2) -> 8361.71 | AC64: =ROUND((ES64),2) -> 6966.61 | AD64: =ROUND(((((ET64*1.25))-((EU64*1.25)))+AE64),2) -> 188.35 | AE64: =ROUND(((EU64*1.25)),2) -> 25.65 | AF64: =ROUND(((EV64*1.15)),2) -> 1206.75 | AG64: =ROUND((AP64),2) -> 0 | AH64: =((EW64*1.15)) -> 149.1665 | AI64: =((EX64*1.25)) -> 2.0125 | AJ64: =ROUND((AS64),2) -> 0 | AK64: 8166.64 | AL64: 6966.61 | AM64: 150.68 | AN64: 20.52 | AO64: 1049.35 | AP64: 0 | AQ64: 129.71 | AR64: 1.61 | AS64: 0 | AT64: 106 | AU64: 54 | AV64: 1 | AW64: 1 | AZ64: 6.08 | BA64: 6.08 | BB64: 6.08 | BC64: 6.08 | BH64: 0 | BI64: 1 | BJ64: ФЕР-2001, 10-01-014-02, приказ Минстроя России №1039/пр от 30.12.2016г. | BM64: 10001 | BN64: 0 | BP64: 0 | BQ64: 2 | BR64: 0 | BS64: 6.08 | BT64: 1 | BU64: 1 | BV64: 1 | BW64: 1 | BX64: 1 | BZ64: 118 | CA64: 63 | CF64: 0 | CG64: 0 | CM64: 0 | CN64: Поправка: МДС 81-35.2004, п.4.7 Наименование: Работы, выполняемые при реконструкции зданий и сооружений работы, аналогичные технологическим процессам в новом строительстве (в том числе возведение новых конструктивных элементов) стоимость которых определена по соответствующим сборникам ФЕР, кроме сборника № 46 «Работы при реконструкции зданий и сооружений» | CO64: 0 | CP64: =(P64+Q64+S64) -> 5185.6 | CQ64: =AC64*BC64 -> 42356.989 | CR64: =AD64*BB64 -> 1145.168 | CS64: =AE64*BS64 -> 155.952 | CT64: =AF64*BA64 -> 7337.04 | CU64: =AG64 -> 0 | CV64: =AH64 -> 149.1665 | CW64: =AI64 -> 2.0125 | CX64: =AJ64 -> 0 | CY64: =(((S64+R64)*AT64)/100) -> 810.1474 | CZ64: =(((S64+R64)*AU64)/100) -> 412.7166 | DE64: )*1,25 | DF64: )*1,25 | DG64: )*1,15 | DI64: )*1,15 | DJ64: )*1,25 | DN64: 0 | DO64: 0 | DP64: 1 | DQ64: 1 | DU64: 1005 | DV64: 100 м2 | DW64: 100 м2 | DX64: 100 | EE64: 39174503 | EF64: 2 | EG64: Общестроительные работы | EH64: 0 | EJ64: 1 | EK64: 10001 | EL64: Деревянные конструкции | EM64: ФЕР-10 | EO64: Поправка: МДС 81-35.2004, п.4.7 | EQ64: 0 | ER64: 8166.64 | ES64: 6966.61 | ET64: 150.68 | EU64: 20.52 | EV64: 1049.35 | EW64: 129.71 | EX64: 1.61 | EY64: 0 | FQ64: 0 | FR64: =ROUND(IF(AND(BH64=3,BI64=3),P64,0),2) -> 0 | FS64: 0 | FT64: *0,9 | FU64: *0,85 | FX64: 106.2 | FY64: 53.55 | GD64: 0 | GF64: -831045017 | GG64: 1 | GH64: 1 | GI64: 4 | GJ64: 0 | GK64: =ROUND(R64*(R12)/100,2) -> 0 | GL64: =ROUND(IF(AND(BH64=3,BI64=3,FS64<>0),P64,0),2) -> 0 | GM64: =ROUND(O64+X64+Y64+GK64,2)+GX64 -> 6408.47 | GN64: =IF(OR(BI64=0,BI64=1),ROUND(O64+X64+Y64+GK64,2),0) -> 6408.47 | GO64: =IF(BI64=2,ROUND(O64+X64+Y64+GK64,2),0) -> 0 | GP64: =IF(BI64=4,ROUND(O64+X64+Y64+GK64,2)+GX64,0) -> 0 | GR64: 0 | GS64: 3 | GT64: 0 | GV64: =ROUND(GT64,2) -> 0 | GW64: 1 | GX64: =ROUND(GV64*GW64*I64,2) -> 0 | HA64: 0 | HB64: 0 | IK64: 0
A65: 18 | B65: 1 | C65: 164 | E65: 24,1 | F65: 11.1.03.06-0090 | G65: Доски обрезные хвойных пород длиной 4-6,5 м, шириной 75-150 мм, толщиной 32-40 мм, II сорта | H65: м3 | I65: =I64*J65 -> -0.4692 | J65: -4.6 | O65: =ROUND(CP65,2) -> -4079.41 | P65: =ROUND(CQ65*I65,2) -> -4079.41 | Q65: =ROUND(CR65*I65,2) -> 0 | R65: =ROUND(CS65*I65,2) -> 0 | S65: =ROUND(CT65*I65,2) -> 0 | T65: =ROUND(CU65*I65,2) -> 0 | U65: =CV65*I65 -> 0 | V65: =CW65*I65 -> 0 | W65: =ROUND(CX65*I65,2) -> 0 | X65: =ROUND(CY65,2) -> 0 | Y65: =ROUND(CZ65,2) -> 0 | AA65: 39278658 | AB65: =ROUND((AC65+AD65+AF65),2) -> 1430 | AC65: =ROUND((ES65),2) -> 1430 | AD65: =ROUND((((ET65)-(EU65))+AE65),2) -> 0 | AE65: =ROUND((EU65),2) -> 0 | AF65: =ROUND((EV65),2) -> 0 | AG65: =ROUND((AP65),2) -> 0 | AH65: =(EW65) -> 0 | AI65: =(EX65) -> 0 | AJ65: =ROUND((AS65),2) -> 0 | AK65: 1430 | AL65: 1430 | AM65: 0 | AN65: 0 | AO65: 0 | AP65: 0 | AQ65: 0 | AR65: 0 | AS65: 0 | AT65: 106 | AU65: 54 | AV65: 1 | AW65: 1 | AZ65: 6.08 | BA65: 1 | BB65: 1 | BC65: 6.08 | BH65: 3 | BI65: 1 | BJ65: ФССЦ-2001, 11.1.03.06-0090, приказ Минстроя России №1039/пр от 30.12.2016г. | BM65: 10001 | BN65: 0 | BP65: 0 | BQ65: 2 | BR65: 1 | BS65: 1 | BT65: 1 | BU65: 1 | BV65: 1 | BW65: 1 | BX65: 1 | BZ65: 118 | CA65: 63 | CF65: 0 | CG65: 0 | CM65: 0 | CO65: 0 | CP65: =(P65+Q65+S65) -> -4079.41 | CQ65: =AC65*BC65 -> 8694.4 | CR65: =AD65*BB65 -> 0 | CS65: =AE65*BS65 -> 0 | CT65: =AF65*BA65 -> 0 | CU65: =AG65 -> 0 | CV65: =AH65 -> 0 | CW65: =AI65 -> 0 | CX65: =AJ65 -> 0 | CY65: =(((S65+R65)*AT65)/100) -> 0 | CZ65: =(((S65+R65)*AU65)/100) -> 0 | DN65: 0 | DO65: 0 | DP65: 1 | DQ65: 1 | DU65: 1007 | DV65: м3 | DW65: м3 | DX65: 1 | EE65: 39174503 | EF65: 2 | EG65: Общестроительные работы | EH65: 0 | EJ65: 1 | EK65: 10001 | EL65: Деревянные конструкции | EM65: ФЕР-10 | EQ65: 0 | ER65: 1430 | ES65: 1430 | ET65: 0 | EU65: 0 | EV65: 0 | EW65: 0 | EX65: 0 | FQ65: 0 | FR65: =ROUND(IF(AND(BH65=3,BI65=3),P65,0),2) -> 0 | FS65: 0 | FT65: *0,9 | FU65: *0,85 | FX65: 106.2 | FY65: 53.55 | GD65: 0 | GF65: -2001482958 | GG65: 1 | GH65: 1 | GI65: 4 | GJ65: 0 | GK65: =ROUND(R65*(R12)/100,2) -> 0 | GL65: =ROUND(IF(AND(BH65=3,BI65=3,FS65<>0),P65,0),2) -> 0 | GM65: =ROUND(O65+X65+Y65+GK65,2)+GX65 -> -4079.41 | GN65: =IF(OR(BI65=0,BI65=1),ROUND(O65+X65+Y65+GK65,2),0) -> -4079.41 | GO65: =IF(BI65=2,ROUND(O65+X65+Y65+GK65,2),0) -> 0 | GP65: =IF(BI65=4,ROUND(O65+X65+Y65+GK65,2)+GX65,0) -> 0 | GR65: 0 | GS65: 3 | GT65: 0 | GV65: =ROUND(GT65,2) -> 0 | GW65: 1 | GX65: =ROUND(GV65*GW65*I65,2) -> 0 | HA65: 0 | HB65: 0 | IK65: 0
A66: 18 | B66: 1 | C66: 165 | E66: 24,2 | F66: 11.2.11.04-0005 | G66: Фанера марки ФК, сорт ВВС, размер 1525х1525х12 мм | H66: м2 | I66: =I64*J66 -> 10.2 | J66: 100 | O66: =ROUND(CP66,2) -> 3428.24 | P66: =ROUND(CQ66*I66,2) -> 3428.24 | Q66: =ROUND(CR66*I66,2) -> 0 | R66: =ROUND(CS66*I66,2) -> 0 | S66: =ROUND(CT66*I66,2) -> 0 | T66: =ROUND(CU66*I66,2) -> 0 | U66: =CV66*I66 -> 0 | V66: =CW66*I66 -> 0 | W66: =ROUND(CX66*I66,2) -> 0 | X66: =ROUND(CY66,2) -> 0 | Y66: =ROUND(CZ66,2) -> 0 | AA66: 39278658 | AB66: =ROUND((AC66+AD66+AF66),2) -> 55.28 | AC66: =ROUND((ES66),2) -> 55.28 | AD66: =ROUND((((ET66)-(EU66))+AE66),2) -> 0 | AE66: =ROUND((EU66),2) -> 0 | AF66: =ROUND((EV66),2) -> 0 | AG66: =ROUND((AP66),2) -> 0 | AH66: =(EW66) -> 0 | AI66: =(EX66) -> 0 | AJ66: =ROUND((AS66),2) -> 0 | AK66: 55.28 | AL66: 55.28 | AM66: 0 | AN66: 0 | AO66: 0 | AP66: 0 | AQ66: 0 | AR66: 0 | AS66: 0 | AT66: 106 | AU66: 54 | AV66: 1 | AW66: 1 | AZ66: 6.08 | BA66: 1 | BB66: 1 | BC66: 6.08 | BH66: 3 | BI66: 1 | BJ66: ФССЦ-2001, 11.2.11.04-0005, приказ Минстроя России №1039/пр от 30.12.2016г. | BM66: 10001 | BN66: 0 | BP66: 0 | BQ66: 2 | BR66: 0 | BS66: 1 | BT66: 1 | BU66: 1 | BV66: 1 | BW66: 1 | BX66: 1 | BZ66: 118 | CA66: 63 | CF66: 0 | CG66: 0 | CM66: 0 | CO66: 0 | CP66: =(P66+Q66+S66) -> 3428.24 | CQ66: =AC66*BC66 -> 336.1024 | CR66: =AD66*BB66 -> 0 | CS66: =AE66*BS66 -> 0 | CT66: =AF66*BA66 -> 0 | CU66: =AG66 -> 0 | CV66: =AH66 -> 0 | CW66: =AI66 -> 0 | CX66: =AJ66 -> 0 | CY66: =(((S66+R66)*AT66)/100) -> 0 | CZ66: =(((S66+R66)*AU66)/100) -> 0 | DN66: 0 | DO66: 0 | DP66: 1 | DQ66: 1 | DU66: 1005 | DV66: м2 | DW66: м2 | DX66: 1 | EE66: 39174503 | EF66: 2 | EG66: Общестроительные работы | EH66: 0 | EJ66: 1 | EK66: 10001 | EL66: Деревянные конструкции | EM66: ФЕР-10 | EQ66: 0 | ER66: 55.28 | ES66: 55.28 | ET66: 0 | EU66: 0 | EV66: 0 | EW66: 0 | EX66: 0 | FQ66: 0 | FR66: =ROUND(IF(AND(BH66=3,BI66=3),P66,0),2) -> 0 | FS66: 0 | FT66: *0,9 | FU66: *0,85 | FX66: 106.2 | FY66: 53.55 | GD66: 0 | GF66: 1196158359 | GG66: 1 | GH66: 1 | GI66: 4 | GJ66: 0 | GK66: =ROUND(R66*(R12)/100,2) -> 0 | GL66: =ROUND(IF(AND(BH66=3,BI66=3,FS66<>0),P66,0),2) -> 0 | GM66: =ROUND(O66+X66+Y66+GK66,2)+GX66 -> 3428.24 | GN66: =IF(OR(BI66=0,BI66=1),ROUND(O66+X66+Y66+GK66,2),0) -> 3428.24 | GO66: =IF(BI66=2,ROUND(O66+X66+Y66+GK66,2),0) -> 0 | GP66: =IF(BI66=4,ROUND(O66+X66+Y66+GK66,2)+GX66,0) -> 0 | GR66: 0 | GS66: 3 | GT66: 0 | GV66: =ROUND(GT66,2) -> 0 | GW66: 1 | GX66: =ROUND(GV66*GW66*I66,2) -> 0 | HA66: 0 | HB66: 0 | IK66: 0
A67: 17 | B67: 1 | C67: =ROW(SmtRes!A173) -> 173 | D67: =ROW(EtalonRes!A177) -> 177 | E67: 25 | F67: 10-01-089-02 | G67: Антисептирование водными растворами перегородок | H67: 100 м2 | I67: =ROUND(172.4/100,9) -> 1.724 | J67: 0 | O67: =ROUND(CP67,2) -> 3746.76 | P67: =ROUND(CQ67*I67,2) -> 2809.99 | Q67: =ROUND(CR67*I67,2) -> 127.67 | R67: =ROUND(CS67*I67,2) -> 19.29 | S67: =ROUND(CT67*I67,2) -> 809.1 | T67: =ROUND(CU67*I67,2) -> 0 | U67: =CV67*I67 -> 15.226368 | V67: =CW67*I67 -> 0.2586 | W67: =ROUND(CX67*I67,2) -> 0 | X67: =ROUND(CY67,2) -> 878.09 | Y67: =ROUND(CZ67,2) -> 447.33 | AA67: 39278658 | AB67: =ROUND((AC67+AD67+AF67),2) -> 357.45 | AC67: =ROUND((ES67),2) -> 268.08 | AD67: =ROUND(((((ET67*1.25))-((EU67*1.25)))+AE67),2) -> 12.18 | AE67: =ROUND(((EU67*1.25)),2) -> 1.84 | AF67: =ROUND(((EV67*1.15)),2) -> 77.19 | AG67: =ROUND((AP67),2) -> 0 | AH67: =((EW67*1.15)) -> 8.832 | AI67: =((EX67*1.25)) -> 0.15 | AJ67: =ROUND((AS67),2) -> 0 | AK67: 344.94 | AL67: 268.08 | AM67: 9.74 | AN67: 1.47 | AO67: 67.12 | AP67: 0 | AQ67: 7.68 | AR67: 0.12 | AS67: 0 | AT67: 106 | AU67: 54 | AV67: 1 | AW67: 1 | AZ67: 6.08 | BA67: 6.08 | BB67: 6.08 | BC67: 6.08 | BH67: 0 | BI67: 1 | BJ67: ФЕР-2001, 10-01-089-02, приказ Минстроя России №1039/пр от 30.12.2016г. | BM67: 10001 | BN67: 0 | BP67: 0 | BQ67: 2 | BR67: 0 | BS67: 6.08 | BT67: 1 | BU67: 1 | BV67: 1 | BW67: 1 | BX67: 1 | BZ67: 118 | CA67: 63 | CF67: 0 | CG67: 0 | CM67: 0 | CN67: Поправка: МДС 81-35.2004, п.4.7 Наименование: Работы, выполняемые при реконструкции зданий и сооружений работы, аналогичные технологическим процессам в новом строительстве (в том числе возведение новых конструктивных элементов) стоимость которых определена по соответствующим сборникам ФЕР, кроме сборника № 46 «Работы при реконструкции зданий и сооружений» | CO67: 0 | CP67: =(P67+Q67+S67) -> 3746.76 | CQ67: =AC67*BC67 -> 1629.9264 | CR67: =AD67*BB67 -> 74.0544 | CS67: =AE67*BS67 -> 11.1872 | CT67: =AF67*BA67 -> 469.3152 | CU67: =AG67 -> 0 | CV67: =AH67 -> 8.832 | CW67: =AI67 -> 0.15 | CX67: =AJ67 -> 0 | CY67: =(((S67+R67)*AT67)/100) -> 878.0934 | CZ67: =(((S67+R67)*AU67)/100) -> 447.3306 | DE67: )*1,25 | DF67: )*1,25 | DG67: )*1,15 | DI67: )*1,15 | DJ67: )*1,25 | DN67: 0 | DO67: 0 | DP67: 1 | DQ67: 1 | DU67: 1005 | DV67: 100 м2 | DW67: 100 м2 | DX67: 100 | EE67: 39174503 | EF67: 2 | EG67: Общестроительные работы | EH67: 0 | EJ67: 1 | EK67: 10001 | EL67: Деревянные конструкции | EM67: ФЕР-10 | EO67: Поправка: МДС 81-35.2004, п.4.7 | EQ67: 0 | ER67: 344.94 | ES67: 268.08 | ET67: 9.74 | EU67: 1.47 | EV67: 67.12 | EW67: 7.68 | EX67: 0.12 | EY67: 0 | FQ67: 0 | FR67: =ROUND(IF(AND(BH67=3,BI67=3),P67,0),2) -> 0 | FS67: 0 | FT67: *0,9 | FU67: *0,85 | FX67: 106.2 | FY67: 53.55 | GD67: 0 | GF67: 370972931 | GG67: 1 | GH67: 1 | GI67: 4 | GJ67: 0 | GK67: =ROUND(R67*(R12)/100,2) -> 0 | GL67: =ROUND(IF(AND(BH67=3,BI67=3,FS67<>0),P67,0),2) -> 0 | GM67: =ROUND(O67+X67+Y67+GK67,2)+GX67 -> 5072.18 | GN67: =IF(OR(BI67=0,BI67=1),ROUND(O67+X67+Y67+GK67,2),0) -> 5072.18 | GO67: =IF(BI67=2,ROUND(O67+X67+Y67+GK67,2),0) -> 0 | GP67: =IF(BI67=4,ROUND(O67+X67+Y67+GK67,2)+GX67,0) -> 0 | GR67: 0 | GS67: 3 | GT67: 0 | GV67: =ROUND(GT67,2) -> 0 | GW67: 1 | GX67: =ROUND(GV67*GW67*I67,2) -> 0 | HA67: 0 | HB67: 0 | IK67: 0
A68: 18 | B68: 1 | C68: 173 | E68: 25,1 | F68: 14.2.06.01-0104 | G68: Антисептик «НОРТЕКС-ДЕЗИНФЕКТОР» для древесины | H68: кг | I68: =I67*J68 -> 24.136 | J68: 14 | O68: =ROUND(CP68,2) -> 2324.47 | P68: =ROUND(CQ68*I68,2) -> 2324.47 | Q68: =ROUND(CR68*I68,2) -> 0 | R68: =ROUND(CS68*I68,2) -> 0 | S68: =ROUND(CT68*I68,2) -> 0 | T68: =ROUND(CU68*I68,2) -> 0 | U68: =CV68*I68 -> 0 | V68: =CW68*I68 -> 0 | W68: =ROUND(CX68*I68,2) -> 0 | X68: =ROUND(CY68,2) -> 0 | Y68: =ROUND(CZ68,2) -> 0 | AA68: 39278658 | AB68: =ROUND((AC68+AD68+AF68),2) -> 15.84 | AC68: =ROUND((ES68),2) -> 15.84 | AD68: =ROUND((((ET68)-(EU68))+AE68),2) -> 0 | AE68: =ROUND((EU68),2) -> 0 | AF68: =ROUND((EV68),2) -> 0 | AG68: =ROUND((AP68),2) -> 0 | AH68: =(EW68) -> 0 | AI68: =(EX68) -> 0 | AJ68: =ROUND((AS68),2) -> 0 | AK68: 15.84 | AL68: 15.84 | AM68: 0 | AN68: 0 | AO68: 0 | AP68: 0 | AQ68: 0 | AR68: 0 | AS68: 0 | AT68: 106 | AU68: 54 | AV68: 1 | AW68: 1 | AZ68: 6.08 | BA68: 1 | BB68: 1 | BC68: 6.08 | BH68: 3 | BI68: 1 | BJ68: ФССЦ-2001, 14.2.06.01-0104, приказ Минстроя России №1039/пр от 30.12.2016г. | BM68: 10001 | BN68: 0 | BP68: 0 | BQ68: 2 | BR68: 0 | BS68: 1 | BT68: 1 | BU68: 1 | BV68: 1 | BW68: 1 | BX68: 1 | BZ68: 118 | CA68: 63 | CF68: 0 | CG68: 0 | CM68: 0 | CO68: 0 | CP68: =(P68+Q68+S68) -> 2324.47 | CQ68: =AC68*BC68 -> 96.3072 | CR68: =AD68*BB68 -> 0 | CS68: =AE68*BS68 -> 0 | CT68: =AF68*BA68 -> 0 | CU68: =AG68 -> 0 | CV68: =AH68 -> 0 | CW68: =AI68 -> 0 | CX68: =AJ68 -> 0 | CY68: =(((S68+R68)*AT68)/100) -> 0 | CZ68: =(((S68+R68)*AU68)/100) -> 0 | DN68: 0 | DO68: 0 | DP68: 1 | DQ68: 1 | DU68: 1009 | DV68: кг | DW68: кг | DX68: 1 | EE68: 39174503 | EF68: 2 | EG68: Общестроительные работы | EH68: 0 | EJ68: 1 | EK68: 10001 | EL68: Деревянные конструкции | EM68: ФЕР-10 | EQ68: 0 | ER68: 15.84 | ES68: 15.84 | ET68: 0 | EU68: 0 | EV68: 0 | EW68: 0 | EX68: 0 | FQ68: 0 | FR68: =ROUND(IF(AND(BH68=3,BI68=3),P68,0),2) -> 0 | FS68: 0 | FT68: *0,9 | FU68: *0,85 | FX68: 106.2 | FY68: 53.55 | GD68: 0 | GF68: 1872365097 | GG68: 1 | GH68: 1 | GI68: 4 | GJ68: 0 | GK68: =ROUND(R68*(R12)/100,2) -> 0 | GL68: =ROUND(IF(AND(BH68=3,BI68=3,FS68<>0),P68,0),2) -> 0 | GM68: =ROUND(O68+X68+Y68+GK68,2)+GX68 -> 2324.47 | GN68: =IF(OR(BI68=0,BI68=1),ROUND(O68+X68+Y68+GK68,2),0) -> 2324.47 | GO68: =IF(BI68=2,ROUND(O68+X68+Y68+GK68,2),0) -> 0 | GP68: =IF(BI68=4,ROUND(O68+X68+Y68+GK68,2)+GX68,0) -> 0 | GR68: 0 | GS68: 3 | GT68: 0 | GV68: =ROUND(GT68,2) -> 0 | GW68: 1 | GX68: =ROUND(GV68*GW68*I68,2) -> 0 | HA68: 0 | HB68: 0 | IK68: 0
A69: 18 | B69: 1 | C69: 171 | E69: 25,2 | F69: 01.3.05.23-0129 | G69: Натрий фтористый технический, марка А, сорт I | H69: т | I69: =I67*J69 -> -0.024136 | J69: -0.014 | O69: =ROUND(CP69,2) -> -2802.87 | P69: =ROUND(CQ69*I69,2) -> -2802.87 | Q69: =ROUND(CR69*I69,2) -> 0 | R69: =ROUND(CS69*I69,2) -> 0 | S69: =ROUND(CT69*I69,2) -> 0 | T69: =ROUND(CU69*I69,2) -> 0 | U69: =CV69*I69 -> 0 | V69: =CW69*I69 -> 0 | W69: =ROUND(CX69*I69,2) -> 0 | X69: =ROUND(CY69,2) -> 0 | Y69: =ROUND(CZ69,2) -> 0 | AA69: 39278658 | AB69: =ROUND((AC69+AD69+AF69),2) -> 19100 | AC69: =ROUND((ES69),2) -> 19100 | AD69: =ROUND((((ET69)-(EU69))+AE69),2) -> 0 | AE69: =ROUND((EU69),2) -> 0 | AF69: =ROUND((EV69),2) -> 0 | AG69: =ROUND((AP69),2) -> 0 | AH69: =(EW69) -> 0 | AI69: =(EX69) -> 0 | AJ69: =ROUND((AS69),2) -> 0 | AK69: 19100 | AL69: 19100 | AM69: 0 | AN69: 0 | AO69: 0 | AP69: 0 | AQ69: 0 | AR69: 0 | AS69: 0 | AT69: 106 | AU69: 54 | AV69: 1 | AW69: 1 | AZ69: 6.08 | BA69: 1 | BB69: 1 | BC69: 6.08 | BH69: 3 | BI69: 1 | BJ69: ФССЦ-2001, 01.3.05.23-0129, приказ Минстроя России №1039/пр от 30.12.2016г. | BM69: 10001 | BN69: 0 | BP69: 0 | BQ69: 2 | BR69: 1 | BS69: 1 | BT69: 1 | BU69: 1 | BV69: 1 | BW69: 1 | BX69: 1 | BZ69: 118 | CA69: 63 | CF69: 0 | CG69: 0 | CM69: 0 | CO69: 0 | CP69: =(P69+Q69+S69) -> -2802.87 | CQ69: =AC69*BC69 -> 116128 | CR69: =AD69*BB69 -> 0 | CS69: =AE69*BS69 -> 0 | CT69: =AF69*BA69 -> 0 | CU69: =AG69 -> 0 | CV69: =AH69 -> 0 | CW69: =AI69 -> 0 | CX69: =AJ69 -> 0 | CY69: =(((S69+R69)*AT69)/100) -> 0 | CZ69: =(((S69+R69)*AU69)/100) -> 0 | DN69: 0 | DO69: 0 | DP69: 1 | DQ69: 1 | DU69: 1009 | DV69: т | DW69: т | DX69: 1000 | EE69: 39174503 | EF69: 2 | EG69: Общестроительные работы | EH69: 0 | EJ69: 1 | EK69: 10001 | EL69: Деревянные конструкции | EM69: ФЕР-10 | EQ69: 0 | ER69: 19100 | ES69: 19100 | ET69: 0 | EU69: 0 | EV69: 0 | EW69: 0 | EX69: 0 | FQ69: 0 | FR69: =ROUND(IF(AND(BH69=3,BI69=3),P69,0),2) -> 0 | FS69: 0 | FT69: *0,9 | FU69: *0,85 | FX69: 106.2 | FY69: 53.55 | GD69: 0 | GF69: -1044631310 | GG69: 1 | GH69: 1 | GI69: 4 | GJ69: 0 | GK69: =ROUND(R69*(R12)/100,2) -> 0 | GL69: =ROUND(IF(AND(BH69=3,BI69=3,FS69<>0),P69,0),2) -> 0 | GM69: =ROUND(O69+X69+Y69+GK69,2)+GX69 -> -2802.87 | GN69: =IF(OR(BI69=0,BI69=1),ROUND(O69+X69+Y69+GK69,2),0) -> -2802.87 | GO69: =IF(BI69=2,ROUND(O69+X69+Y69+GK69,2),0) -> 0 | GP69: =IF(BI69=4,ROUND(O69+X69+Y69+GK69,2)+GX69,0) -> 0 | GR69: 0 | GS69: 3 | GT69: 0 | GV69: =ROUND(GT69,2) -> 0 | GW69: 1 | GX69: =ROUND(GV69*GW69*I69,2) -> 0 | HA69: 0 | HB69: 0 | IK69: 0
A70: 17 | B70: 1 | C70: =ROW(SmtRes!A184) -> 184 | D70: =ROW(EtalonRes!A187) -> 187 | E70: 26 | F70: 15-02-024-04 прим. | G70: Облицовка древесноволокнистыми листами стен при отделке под оклейку обоями | H70: 100 м2 | I70: =ROUND(76/100,9) -> 0.76 | J70: 0 | O70: =ROUND(CP70,2) -> 9569.54 | P70: =ROUND(CQ70*I70,2) -> 6422.36 | Q70: =ROUND(CR70*I70,2) -> 206.18 | R70: =ROUND(CS70*I70,2) -> 49.35 | S70: =ROUND(CT70*I70,2) -> 2941 | T70: =ROUND(CU70*I70,2) -> 0 | U70: =CV70*I70 -> 58.2084 | V70: =CW70*I70 -> 0.6555 | W70: =ROUND(CX70*I70,2) -> 0 | X70: =ROUND(CY70,2) -> 2840.83 | Y70: =ROUND(CZ70,2) -> 1405.46 | AA70: 39278658 | AB70: =ROUND((AC70+AD70+AF70),2) -> 2070.97 | AC70: =ROUND((ES70),2) -> 1389.88 | AD70: =ROUND(((((ET70*1.25))-((EU70*1.25)))+AE70),2) -> 44.62 | AE70: =ROUND(((EU70*1.25)),2) -> 10.68 | AF70: =ROUND(((EV70*1.15)),2) -> 636.47 | AG70: =ROUND((AP70),2) -> 0 | AH70: =((EW70*1.15)) -> 76.59 | AI70: =((EX70*1.25)) -> 0.8625 | AJ70: =ROUND((AS70),2) -> 0 | AK70: 1979.02 | AL70: 1389.88 | AM70: 35.69 | AN70: 8.54 | AO70: 553.45 | AP70: 0 | AQ70: 66.6 | AR70: 0.69 | AS70: 0 | AT70: 95 | AU70: 47 | AV70: 1 | AW70: 1 | AZ70: 6.08 | BA70: 6.08 | BB70: 6.08 | BC70: 6.08 | BH70: 0 | BI70: 1 | BJ70: ФЕР-2001, 15-02-024-04, приказ Минстроя России №1039/пр от 30.12.2016г. | BM70: 15001 | BN70: 0 | BP70: 0 | BQ70: 2 | BR70: 0 | BS70: 6.08 | BT70: 1 | BU70: 1 | BV70: 1 | BW70: 1 | BX70: 1 | BZ70: 105 | CA70: 55 | CF70: 0 | CG70: 0 | CM70: 0 | CN70: Поправка: МДС 81-35.2004, п.4.7 Наименование: Работы, выполняемые при реконструкции зданий и сооружений работы, аналогичные технологическим процессам в новом строительстве (в том числе возведение новых конструктивных элементов) стоимость которых определена по соответствующим сборникам ФЕР, кроме сборника № 46 «Работы при реконструкции зданий и сооружений» | CO70: 0 | CP70: =(P70+Q70+S70) -> 9569.54 | CQ70: =AC70*BC70 -> 8450.4704 | CR70: =AD70*BB70 -> 271.2896 | CS70: =AE70*BS70 -> 64.9344 | CT70: =AF70*BA70 -> 3869.7376 | CU70: =AG70 -> 0 | CV70: =AH70 -> 76.59 | CW70: =AI70 -> 0.8625 | CX70: =AJ70 -> 0 | CY70: =(((S70+R70)*AT70)/100) -> 2840.8325 | CZ70: =(((S70+R70)*AU70)/100) -> 1405.4645 | DE70: )*1,25 | DF70: )*1,25 | DG70: )*1,15 | DI70: )*1,15 | DJ70: )*1,25 | DN70: 0 | DO70: 0 | DP70: 1 | DQ70: 1 | DU70: 1005 | DV70: 100 м2 | DW70: 100 м2 | DX70: 100 | EE70: 39174529 | EF70: 2 | EG70: Общестроительные работы | EH70: 0 | EJ70: 1 | EK70: 15001 | EL70: Отделочные работы | EM70: ФЕР-15 | EO70: Поправка: МДС 81-35.2004, п.4.7 | EQ70: 0 | ER70: 1979.02 | ES70: 1389.88 | ET70: 35.69 | EU70: 8.54 | EV70: 553.45 | EW70: 66.6 | EX70: 0.69 | EY70: 0 | FQ70: 0 | FR70: =ROUND(IF(AND(BH70=3,BI70=3),P70,0),2) -> 0 | FS70: 0 | FT70: *0,9 | FU70: *0,85 | FX70: 94.5 | FY70: 46.75 | GD70: 0 | GF70: -756863196 | GG70: 1 | GH70: 1 | GI70: 4 | GJ70: 0 | GK70: =ROUND(R70*(R12)/100,2) -> 0 | GL70: =ROUND(IF(AND(BH70=3,BI70=3,FS70<>0),P70,0),2) -> 0 | GM70: =ROUND(O70+X70+Y70+GK70,2)+GX70 -> 13815.83 | GN70: =IF(OR(BI70=0,BI70=1),ROUND(O70+X70+Y70+GK70,2),0) -> 13815.83 | GO70: =IF(BI70=2,ROUND(O70+X70+Y70+GK70,2),0) -> 0 | GP70: =IF(BI70=4,ROUND(O70+X70+Y70+GK70,2)+GX70,0) -> 0 | GR70: 0 | GS70: 3 | GT70: 0 | GV70: =ROUND(GT70,2) -> 0 | GW70: 1 | GX70: =ROUND(GV70*GW70*I70,2) -> 0 | HA70: 0 | HB70: 0 | IK70: 0
A71: 18 | B71: 1 | C71: 182 | E71: 26,1 | F71: 11.2.08.01-0008 | G71: Плиты древесноволокнистые мокрого способа производства мягкие М-2 толщиной 12 мм | H71: 1000 м2 | I71: =I70*J71 -> -0.0798 | J71: -0.105 | O71: =ROUND(CP71,2) -> -2717.03 | P71: =ROUND(CQ71*I71,2) -> -2717.03 | Q71: =ROUND(CR71*I71,2) -> 0 | R71: =ROUND(CS71*I71,2) -> 0 | S71: =ROUND(CT71*I71,2) -> 0 | T71: =ROUND(CU71*I71,2) -> 0 | U71: =CV71*I71 -> 0 | V71: =CW71*I71 -> 0 | W71: =ROUND(CX71*I71,2) -> 0 | X71: =ROUND(CY71,2) -> 0 | Y71: =ROUND(CZ71,2) -> 0 | AA71: 39278658 | AB71: =ROUND((AC71+AD71+AF71),2) -> 5600 | AC71: =ROUND((ES71),2) -> 5600 | AD71: =ROUND((((ET71)-(EU71))+AE71),2) -> 0 | AE71: =ROUND((EU71),2) -> 0 | AF71: =ROUND((EV71),2) -> 0 | AG71: =ROUND((AP71),2) -> 0 | AH71: =(EW71) -> 0 | AI71: =(EX71) -> 0 | AJ71: =ROUND((AS71),2) -> 0 | AK71: 5600 | AL71: 5600 | AM71: 0 | AN71: 0 | AO71: 0 | AP71: 0 | AQ71: 0 | AR71: 0 | AS71: 0 | AT71: 95 | AU71: 47 | AV71: 1 | AW71: 1 | AZ71: 6.08 | BA71: 1 | BB71: 1 | BC71: 6.08 | BH71: 3 | BI71: 1 | BJ71: ФССЦ-2001, 11.2.08.01-0008, приказ Минстроя России №1039/пр от 30.12.2016г. | BM71: 15001 | BN71: 0 | BP71: 0 | BQ71: 2 | BR71: 1 | BS71: 1 | BT71: 1 | BU71: 1 | BV71: 1 | BW71: 1 | BX71: 1 | BZ71: 105 | CA71: 55 | CF71: 0 | CG71: 0 | CM71: 0 | CO71: 0 | CP71: =(P71+Q71+S71) -> -2717.03 | CQ71: =AC71*BC71 -> 34048 | CR71: =AD71*BB71 -> 0 | CS71: =AE71*BS71 -> 0 | CT71: =AF71*BA71 -> 0 | CU71: =AG71 -> 0 | CV71: =AH71 -> 0 | CW71: =AI71 -> 0 | CX71: =AJ71 -> 0 | CY71: =(((S71+R71)*AT71)/100) -> 0 | CZ71: =(((S71+R71)*AU71)/100) -> 0 | DN71: 0 | DO71: 0 | DP71: 1 | DQ71: 1 | DU71: 1005 | DV71: 1000 м2 | DW71: 1000 м2 | DX71: 1000 | EE71: 39174529 | EF71: 2 | EG71: Общестроительные работы | EH71: 0 | EJ71: 1 | EK71: 15001 | EL71: Отделочные работы | EM71: ФЕР-15 | EQ71: 0 | ER71: 5600 | ES71: 5600 | ET71: 0 | EU71: 0 | EV71: 0 | EW71: 0 | EX71: 0 | FQ71: 0 | FR71: =ROUND(IF(AND(BH71=3,BI71=3),P71,0),2) -> 0 | FS71: 0 | FT71: *0,9 | FU71: *0,85 | FX71: 94.5 | FY71: 46.75 | GD71: 0 | GF71: 1310136093 | GG71: 1 | GH71: 1 | GI71: 4 | GJ71: 0 | GK71: =ROUND(R71*(R12)/100,2) -> 0 | GL71: =ROUND(IF(AND(BH71=3,BI71=3,FS71<>0),P71,0),2) -> 0 | GM71: =ROUND(O71+X71+Y71+GK71,2)+GX71 -> -2717.03 | GN71: =IF(OR(BI71=0,BI71=1),ROUND(O71+X71+Y71+GK71,2),0) -> -2717.03 | GO71: =IF(BI71=2,ROUND(O71+X71+Y71+GK71,2),0) -> 0 | GP71: =IF(BI71=4,ROUND(O71+X71+Y71+GK71,2)+GX71,0) -> 0 | GR71: 0 | GS71: 3 | GT71: 0 | GV71: =ROUND(GT71,2) -> 0 | GW71: 1 | GX71: =ROUND(GV71*GW71*I71,2) -> 0 | HA71: 0 | HB71: 0 | IK71: 0
A72: 18 | B72: 1 | C72: 183 | E72: 26,2 | F72: 11.2.11.04-0007 | G72: Фанера марки ФК, сорт ВВС, размер 1525х1525х20 мм | H72: м2 | I72: =I70*J72 -> 76 | J72: 100 | O72: =ROUND(CP72,2) -> 41956.86 | P72: =ROUND(CQ72*I72,2) -> 41956.86 | Q72: =ROUND(CR72*I72,2) -> 0 | R72: =ROUND(CS72*I72,2) -> 0 | S72: =ROUND(CT72*I72,2) -> 0 | T72: =ROUND(CU72*I72,2) -> 0 | U72: =CV72*I72 -> 0 | V72: =CW72*I72 -> 0 | W72: =ROUND(CX72*I72,2) -> 0 | X72: =ROUND(CY72,2) -> 0 | Y72: =ROUND(CZ72,2) -> 0 | AA72: 39278658 | AB72: =ROUND((AC72+AD72+AF72),2) -> 90.8 | AC72: =ROUND((ES72),2) -> 90.8 | AD72: =ROUND((((ET72)-(EU72))+AE72),2) -> 0 | AE72: =ROUND((EU72),2) -> 0 | AF72: =ROUND((EV72),2) -> 0 | AG72: =ROUND((AP72),2) -> 0 | AH72: =(EW72) -> 0 | AI72: =(EX72) -> 0 | AJ72: =ROUND((AS72),2) -> 0 | AK72: 90.8 | AL72: 90.8 | AM72: 0 | AN72: 0 | AO72: 0 | AP72: 0 | AQ72: 0 | AR72: 0 | AS72: 0 | AT72: 95 | AU72: 47 | AV72: 1 | AW72: 1 | AZ72: 6.08 | BA72: 1 | BB72: 1 | BC72: 6.08 | BH72: 3 | BI72: 1 | BJ72: ФССЦ-2001, 11.2.11.04-0007, приказ Минстроя России №1039/пр от 30.12.2016г. | BM72: 15001 | BN72: 0 | BP72: 0 | BQ72: 2 | BR72: 0 | BS72: 1 | BT72: 1 | BU72: 1 | BV72: 1 | BW72: 1 | BX72: 1 | BZ72: 105 | CA72: 55 | CF72: 0 | CG72: 0 | CM72: 0 | CO72: 0 | CP72: =(P72+Q72+S72) -> 41956.86 | CQ72: =AC72*BC72 -> 552.064 | CR72: =AD72*BB72 -> 0 | CS72: =AE72*BS72 -> 0 | CT72: =AF72*BA72 -> 0 | CU72: =AG72 -> 0 | CV72: =AH72 -> 0 | CW72: =AI72 -> 0 | CX72: =AJ72 -> 0 | CY72: =(((S72+R72)*AT72)/100) -> 0 | CZ72: =(((S72+R72)*AU72)/100) -> 0 | DN72: 0 | DO72: 0 | DP72: 1 | DQ72: 1 | DU72: 1005 | DV72: м2 | DW72: м2 | DX72: 1 | EE72: 39174529 | EF72: 2 | EG72: Общестроительные работы | EH72: 0 | EJ72: 1 | EK72: 15001 | EL72: Отделочные работы | EM72: ФЕР-15 | EQ72: 0 | ER72: 90.8 | ES72: 90.8 | ET72: 0 | EU72: 0 | EV72: 0 | EW72: 0 | EX72: 0 | FQ72: 0 | FR72: =ROUND(IF(AND(BH72=3,BI72=3),P72,0),2) -> 0 | FS72: 0 | FT72: *0,9 | FU72: *0,85 | FX72: 94.5 | FY72: 46.75 | GD72: 0 | GF72: 1702074179 | GG72: 1 | GH72: 1 | GI72: 4 | GJ72: 0 | GK72: =ROUND(R72*(R12)/100,2) -> 0 | GL72: =ROUND(IF(AND(BH72=3,BI72=3,FS72<>0),P72,0),2) -> 0 | GM72: =ROUND(O72+X72+Y72+GK72,2)+GX72 -> 41956.86 | GN72: =IF(OR(BI72=0,BI72=1),ROUND(O72+X72+Y72+GK72,2),0) -> 41956.86 | GO72: =IF(BI72=2,ROUND(O72+X72+Y72+GK72,2),0) -> 0 | GP72: =IF(BI72=4,ROUND(O72+X72+Y72+GK72,2)+GX72,0) -> 0 | GR72: 0 | GS72: 3 | GT72: 0 | GV72: =ROUND(GT72,2) -> 0 | GW72: 1 | GX72: =ROUND(GV72*GW72*I72,2) -> 0 | HA72: 0 | HB72: 0 | IK72: 0
A73: 17 | B73: 1 | C73: =ROW(SmtRes!A188) -> 188 | D73: =ROW(EtalonRes!A190) -> 190 | E73: 27 | F73: 10-01-036-01 прим. | G73: Установка уголков ПВХ на клее | H73: 100 м | I73: =ROUND(48.5/100,9) -> 0.485 | J73: 0 | O73: =ROUND(CP73,2) -> 299.96 | P73: =ROUND(CQ73*I73,2) -> 106.16 | Q73: =ROUND(CR73*I73,2) -> 0 | R73: =ROUND(CS73*I73,2) -> 0 | S73: =ROUND(CT73*I73,2) -> 193.8 | T73: =ROUND(CU73*I73,2) -> 0 | U73: =CV73*I73 -> 3.736925 | V73: =CW73*I73 -> 0 | W73: =ROUND(CX73*I73,2) -> 0 | X73: =ROUND(CY73,2) -> 205.43 | Y73: =ROUND(CZ73,2) -> 104.65 | AA73: 39278658 | AB73: =ROUND((AC73+AD73+AF73),2) -> 101.72 | AC73: =ROUND((ES73),2) -> 36 | AD73: =ROUND(((((ET73*1.25))-((EU73*1.25)))+AE73),2) -> 0 | AE73: =ROUND(((EU73*1.25)),2) -> 0 | AF73: =ROUND(((EV73*1.15)),2) -> 65.72 | AG73: =ROUND((AP73),2) -> 0 | AH73: =((EW73*1.15)) -> 7.705 | AI73: =((EX73*1.25)) -> 0 | AJ73: =ROUND((AS73),2) -> 0 | AK73: 93.15 | AL73: 36 | AM73: 0 | AN73: 0 | AO73: 57.15 | AP73: 0 | AQ73: 6.7 | AR73: 0 | AS73: 0 | AT73: 106 | AU73: 54 | AV73: 1 | AW73: 1 | AZ73: 6.08 | BA73: 6.08 | BB73: 6.08 | BC73: 6.08 | BH73: 0 | BI73: 1 | BJ73: ФЕР-2001, 10-01-036-01, приказ Минстроя России №1039/пр от 30.12.2016г. | BM73: 10001 | BN73: 0 | BP73: 0 | BQ73: 2 | BR73: 0 | BS73: 6.08 | BT73: 1 | BU73: 1 | BV73: 1 | BW73: 1 | BX73: 1 | BZ73: 118 | CA73: 63 | CF73: 0 | CG73: 0 | CM73: 0 | CN73: Поправка: МДС 81-35.2004, п.4.7 Наименование: Работы, выполняемые при реконструкции зданий и сооружений работы, аналогичные технологическим процессам в новом строительстве (в том числе возведение новых конструктивных элементов) стоимость которых определена по соответствующим сборникам ФЕР, кроме сборника № 46 «Работы при реконструкции зданий и сооружений» | CO73: 0 | CP73: =(P73+Q73+S73) -> 299.96 | CQ73: =AC73*BC73 -> 218.88 | CR73: =AD73*BB73 -> 0 | CS73: =AE73*BS73 -> 0 | CT73: =AF73*BA73 -> 399.5776 | CU73: =AG73 -> 0 | CV73: =AH73 -> 7.705 | CW73: =AI73 -> 0 | CX73: =AJ73 -> 0 | CY73: =(((S73+R73)*AT73)/100) -> 205.428 | CZ73: =(((S73+R73)*AU73)/100) -> 104.652 | DE73: )*1,25 | DF73: )*1,25 | DG73: )*1,15 | DI73: )*1,15 | DJ73: )*1,25 | DN73: 0 | DO73: 0 | DP73: 1 | DQ73: 1 | DU73: 1003 | DV73: 100 м | DW73: 100 м | DX73: 100 | EE73: 39174503 | EF73: 2 | EG73: Общестроительные работы | EH73: 0 | EJ73: 1 | EK73: 10001 | EL73: Деревянные конструкции | EM73: ФЕР-10 | EO73: Поправка: МДС 81-35.2004, п.4.7 | EQ73: 0 | ER73: 93.15 | ES73: 36 | ET73: 0 | EU73: 0 | EV73: 57.15 | EW73: 6.7 | EX73: 0 | EY73: 0 | FQ73: 0 | FR73: =ROUND(IF(AND(BH73=3,BI73=3),P73,0),2) -> 0 | FS73: 0 | FT73: *0,9 | FU73: *0,85 | FX73: 106.2 | FY73: 53.55 | GD73: 0 | GF73: 1102471525 | GG73: 1 | GH73: 1 | GI73: 4 | GJ73: 0 | GK73: =ROUND(R73*(R12)/100,2) -> 0 | GL73: =ROUND(IF(AND(BH73=3,BI73=3,FS73<>0),P73,0),2) -> 0 | GM73: =ROUND(O73+X73+Y73+GK73,2)+GX73 -> 610.04 | GN73: =IF(OR(BI73=0,BI73=1),ROUND(O73+X73+Y73+GK73,2),0) -> 610.04 | GO73: =IF(BI73=2,ROUND(O73+X73+Y73+GK73,2),0) -> 0 | GP73: =IF(BI73=4,ROUND(O73+X73+Y73+GK73,2)+GX73,0) -> 0 | GR73: 0 | GS73: 3 | GT73: 0 | GV73: =ROUND(GT73,2) -> 0 | GW73: 1 | GX73: =ROUND(GV73*GW73*I73,2) -> 0 | HA73: 0 | HB73: 0 | IK73: 0
A74: 18 | B74: 1 | C74: 187 | E74: 27,1 | F74: 11.3.03.13-0043 | G74: Уголок деревянный, размером 20х20 мм | H74: 10 м | I74: =I73*J74 -> 4.85 | J74: 10 | O74: =ROUND(CP74,2) -> 754.89 | P74: =ROUND(CQ74*I74,2) -> 754.89 | Q74: =ROUND(CR74*I74,2) -> 0 | R74: =ROUND(CS74*I74,2) -> 0 | S74: =ROUND(CT74*I74,2) -> 0 | T74: =ROUND(CU74*I74,2) -> 0 | U74: =CV74*I74 -> 0 | V74: =CW74*I74 -> 0 | W74: =ROUND(CX74*I74,2) -> 0 | X74: =ROUND(CY74,2) -> 0 | Y74: =ROUND(CZ74,2) -> 0 | AA74: 39278658 | AB74: =ROUND((AC74+AD74+AF74),2) -> 25.6 | AC74: =ROUND((ES74),2) -> 25.6 | AD74: =ROUND((((ET74)-(EU74))+AE74),2) -> 0 | AE74: =ROUND((EU74),2) -> 0 | AF74: =ROUND((EV74),2) -> 0 | AG74: =ROUND((AP74),2) -> 0 | AH74: =(EW74) -> 0 | AI74: =(EX74) -> 0 | AJ74: =ROUND((AS74),2) -> 0 | AK74: 25.6 | AL74: 25.6 | AM74: 0 | AN74: 0 | AO74: 0 | AP74: 0 | AQ74: 0 | AR74: 0 | AS74: 0 | AT74: 106 | AU74: 54 | AV74: 1 | AW74: 1 | AZ74: 6.08 | BA74: 1 | BB74: 1 | BC74: 6.08 | BH74: 3 | BI74: 1 | BJ74: ФССЦ-2001, 11.3.03.13-0043, приказ Минстроя России №1039/пр от 30.12.2016г. | BM74: 10001 | BN74: 0 | BP74: 0 | BQ74: 2 | BR74: 0 | BS74: 1 | BT74: 1 | BU74: 1 | BV74: 1 | BW74: 1 | BX74: 1 | BZ74: 118 | CA74: 63 | CF74: 0 | CG74: 0 | CM74: 0 | CO74: 0 | CP74: =(P74+Q74+S74) -> 754.89 | CQ74: =AC74*BC74 -> 155.648 | CR74: =AD74*BB74 -> 0 | CS74: =AE74*BS74 -> 0 | CT74: =AF74*BA74 -> 0 | CU74: =AG74 -> 0 | CV74: =AH74 -> 0 | CW74: =AI74 -> 0 | CX74: =AJ74 -> 0 | CY74: =(((S74+R74)*AT74)/100) -> 0 | CZ74: =(((S74+R74)*AU74)/100) -> 0 | DN74: 0 | DO74: 0 | DP74: 1 | DQ74: 1 | DU74: 1003 | DV74: 10 м | DW74: 10 м | DX74: 10 | EE74: 39174503 | EF74: 2 | EG74: Общестроительные работы | EH74: 0 | EJ74: 1 | EK74: 10001 | EL74: Деревянные конструкции | EM74: ФЕР-10 | EQ74: 0 | ER74: 25.6 | ES74: 25.6 | ET74: 0 | EU74: 0 | EV74: 0 | EW74: 0 | EX74: 0 | FQ74: 0 | FR74: =ROUND(IF(AND(BH74=3,BI74=3),P74,0),2) -> 0 | FS74: 0 | FT74: *0,9 | FU74: *0,85 | FX74: 106.2 | FY74: 53.55 | GD74: 0 | GF74: -1799600013 | GG74: 1 | GH74: 1 | GI74: 4 | GJ74: 0 | GK74: =ROUND(R74*(R12)/100,2) -> 0 | GL74: =ROUND(IF(AND(BH74=3,BI74=3,FS74<>0),P74,0),2) -> 0 | GM74: =ROUND(O74+X74+Y74+GK74,2)+GX74 -> 754.89 | GN74: =IF(OR(BI74=0,BI74=1),ROUND(O74+X74+Y74+GK74,2),0) -> 754.89 | GO74: =IF(BI74=2,ROUND(O74+X74+Y74+GK74,2),0) -> 0 | GP74: =IF(BI74=4,ROUND(O74+X74+Y74+GK74,2)+GX74,0) -> 0 | GR74: 0 | GS74: 3 | GT74: 0 | GV74: =ROUND(GT74,2) -> 0 | GW74: 1 | GX74: =ROUND(GV74*GW74*I74,2) -> 0 | HA74: 0 | HB74: 0 | IK74: 0
A75: 18 | B75: 1 | C75: 186 | E75: 27,2 | F75: 11.3.03.13 | G75: Уголок ПВХ | H75: П.М | I75: =I73*J75 -> 48.5 | J75: 100 | O75: =ROUND(CP75,2) -> 0 | P75: =ROUND(CQ75*I75,2) -> 0 | Q75: =ROUND(CR75*I75,2) -> 0 | R75: =ROUND(CS75*I75,2) -> 0 | S75: =ROUND(CT75*I75,2) -> 0 | T75: =ROUND(CU75*I75,2) -> 0 | U75: =CV75*I75 -> 0 | V75: =CW75*I75 -> 0 | W75: =ROUND(CX75*I75,2) -> 0 | X75: =ROUND(CY75,2) -> 0 | Y75: =ROUND(CZ75,2) -> 0 | AA75: 39278658 | AB75: =ROUND((AC75+AD75+AF75),2) -> 0 | AC75: =ROUND((ES75),2) -> 0 | AD75: =ROUND((((ET75)-(EU75))+AE75),2) -> 0 | AE75: =ROUND((EU75),2) -> 0 | AF75: =ROUND((EV75),2) -> 0 | AG75: =ROUND((AP75),2) -> 0 | AH75: =(EW75) -> 0 | AI75: =(EX75) -> 0 | AJ75: =ROUND((AS75),2) -> 0 | AK75: 0 | AL75: 0 | AM75: 0 | AN75: 0 | AO75: 0 | AP75: 0 | AQ75: 0 | AR75: 0 | AS75: 0 | AT75: 106 | AU75: 54 | AV75: 1 | AW75: 1 | AZ75: 6.08 | BA75: 1 | BB75: 1 | BC75: 6.08 | BH75: 3 | BI75: 1 | BM75: 10001 | BN75: 0 | BP75: 0 | BQ75: 2 | BR75: 0 | BS75: 1 | BT75: 1 | BU75: 1 | BV75: 1 | BW75: 1 | BX75: 1 | BZ75: 118 | CA75: 63 | CF75: 0 | CG75: 0 | CM75: 0 | CO75: 0 | CP75: =(P75+Q75+S75) -> 0 | CQ75: =AC75*BC75 -> 0 | CR75: =AD75*BB75 -> 0 | CS75: =AE75*BS75 -> 0 | CT75: =AF75*BA75 -> 0 | CU75: =AG75 -> 0 | CV75: =AH75 -> 0 | CW75: =AI75 -> 0 | CX75: =AJ75 -> 0 | CY75: =(((S75+R75)*AT75)/100) -> 0 | CZ75: =(((S75+R75)*AU75)/100) -> 0 | DN75: 0 | DO75: 0 | DP75: 1 | DQ75: 1 | DU75: 1013 | DV75: П.М | DW75: П.М | DX75: 1 | EE75: 39174503 | EF75: 2 | EG75: Общестроительные работы | EH75: 0 | EJ75: 1 | EK75: 10001 | EL75: Деревянные конструкции | EM75: ФЕР-10 | EQ75: 0 | ER75: 0 | ES75: 0 | ET75: 0 | EU75: 0 | EV75: 0 | EW75: 0 | EX75: 0 | FQ75: 0 | FR75: =ROUND(IF(AND(BH75=3,BI75=3),P75,0),2) -> 0 | FS75: 0 | FT75: *0,9 | FU75: *0,85 | FX75: 106.2 | FY75: 53.55 | GD75: 0 | GF75: -1710570218 | GG75: 1 | GH75: 1 | GI75: 4 | GJ75: 0 | GK75: =ROUND(R75*(R12)/100,2) -> 0 | GL75: =ROUND(IF(AND(BH75=3,BI75=3,FS75<>0),P75,0),2) -> 0 | GM75: =ROUND(O75+X75+Y75+GK75,2)+GX75 -> 0 | GN75: =IF(OR(BI75=0,BI75=1),ROUND(O75+X75+Y75+GK75,2),0) -> 0 | GO75: =IF(BI75=2,ROUND(O75+X75+Y75+GK75,2),0) -> 0 | GP75: =IF(BI75=4,ROUND(O75+X75+Y75+GK75,2)+GX75,0) -> 0 | GR75: 0 | GS75: 3 | GT75: 0 | GV75: =ROUND(GT75,2) -> 0 | GW75: 1 | GX75: =ROUND(GV75*GW75*I75,2) -> 0 | HA75: 0 | HB75: 0 | IK75: 0
A76: 17 | B76: 1 | C76: =ROW(SmtRes!A197) -> 197 | D76: =ROW(EtalonRes!A198) -> 198 | E76: 28 | F76: 15-04-005-09 прим. | G76: Окраска поливинилацетатными водоэмульсионными составами высококачественная по сборным конструкциям стен, подготовленным под окраску | H76: 100 м2 | I76: =ROUND(21.04/100,9) -> 0.2104 | J76: 0 | O76: =ROUND(CP76,2) -> 940.63 | P76: =ROUND(CQ76*I76,2) -> 269.02 | Q76: =ROUND(CR76*I76,2) -> 14.67 | R76: =ROUND(CS76*I76,2) -> 2.85 | S76: =ROUND(CT76*I76,2) -> 656.94 | T76: =ROUND(CU76*I76,2) -> 0 | U76: =CV76*I76 -> 11.231783 | V76: =CW76*I76 -> 0.03945 | W76: =ROUND(CX76*I76,2) -> 0 | X76: =ROUND(CY76,2) -> 626.8 | Y76: =ROUND(CZ76,2) -> 310.1 | AA76: 39278658 | AB76: =ROUND((AC76+AD76+AF76),2) -> 735.31 | AC76: =ROUND((ES76),2) -> 210.3 | AD76: =ROUND(((((ET76*1.25))-((EU76*1.25)))+AE76),2) -> 11.47 | AE76: =ROUND(((EU76*1.25)),2) -> 2.23 | AF76: =ROUND(((EV76*1.15)),2) -> 513.54 | AG76: =ROUND((AP76),2) -> 0 | AH76: =((EW76*1.15)) -> 53.383 | AI76: =((EX76*1.25)) -> 0.1875 | AJ76: =ROUND((AS76),2) -> 0 | AK76: 666.03 | AL76: 210.3 | AM76: 9.17 | AN76: 1.78 | AO76: 446.56 | AP76: 0 | AQ76: 46.42 | AR76: 0.15 | AS76: 0 | AT76: 95 | AU76: 47 | AV76: 1 | AW76: 1 | AZ76: 6.08 | BA76: 6.08 | BB76: 6.08 | BC76: 6.08 | BH76: 0 | BI76: 1 | BJ76: ФЕР-2001, 15-04-005-09, приказ Минстроя России №1039/пр от 30.12.2016г. | BM76: 15001 | BN76: 0 | BP76: 0 | BQ76: 2 | BR76: 0 | BS76: 6.08 | BT76: 1 | BU76: 1 | BV76: 1 | BW76: 1 | BX76: 1 | BZ76: 105 | CA76: 55 | CF76: 0 | CG76: 0 | CM76: 0 | CN76: Поправка: МДС 81-35.2004, п.4.7 Наименование: Работы, выполняемые при реконструкции зданий и сооружений работы, аналогичные технологическим процессам в новом строительстве (в том числе возведение новых конструктивных элементов) стоимость которых определена по соответствующим сборникам ФЕР, кроме сборника № 46 «Работы при реконструкции зданий и сооружений» | CO76: 0 | CP76: =(P76+Q76+S76) -> 940.63 | CQ76: =AC76*BC76 -> 1278.624 | CR76: =AD76*BB76 -> 69.7376 | CS76: =AE76*BS76 -> 13.5584 | CT76: =AF76*BA76 -> 3122.3232 | CU76: =AG76 -> 0 | CV76: =AH76 -> 53.383 | CW76: =AI76 -> 0.1875 | CX76: =AJ76 -> 0 | CY76: =(((S76+R76)*AT76)/100) -> 626.8005 | CZ76: =(((S76+R76)*AU76)/100) -> 310.1013 | DE76: )*1,25 | DF76: )*1,25 | DG76: )*1,15 | DI76: )*1,15 | DJ76: )*1,25 | DN76: 0 | DO76: 0 | DP76: 1 | DQ76: 1 | DU76: 1005 | DV76: 100 м2 | DW76: 100 м2 | DX76: 100 | EE76: 39174529 | EF76: 2 | EG76: Общестроительные работы | EH76: 0 | EJ76: 1 | EK76: 15001 | EL76: Отделочные работы | EM76: ФЕР-15 | EO76: Поправка: МДС 81-35.2004, п.4.7 | EQ76: 0 | ER76: 666.03 | ES76: 210.3 | ET76: 9.17 | EU76: 1.78 | EV76: 446.56 | EW76: 46.42 | EX76: 0.15 | EY76: 0 | FQ76: 0 | FR76: =ROUND(IF(AND(BH76=3,BI76=3),P76,0),2) -> 0 | FS76: 0 | FT76: *0,9 | FU76: *0,85 | FX76: 94.5 | FY76: 46.75 | GD76: 0 | GF76: 879705943 | GG76: 1 | GH76: 1 | GI76: 4 | GJ76: 0 | GK76: =ROUND(R76*(R12)/100,2) -> 0 | GL76: =ROUND(IF(AND(BH76=3,BI76=3,FS76<>0),P76,0),2) -> 0 | GM76: =ROUND(O76+X76+Y76+GK76,2)+GX76 -> 1877.53 | GN76: =IF(OR(BI76=0,BI76=1),ROUND(O76+X76+Y76+GK76,2),0) -> 1877.53 | GO76: =IF(BI76=2,ROUND(O76+X76+Y76+GK76,2),0) -> 0 | GP76: =IF(BI76=4,ROUND(O76+X76+Y76+GK76,2)+GX76,0) -> 0 | GR76: 0 | GS76: 3 | GT76: 0 | GV76: =ROUND(GT76,2) -> 0 | GW76: 1 | GX76: =ROUND(GV76*GW76*I76,2) -> 0 | HA76: 0 | HB76: 0 | IK76: 0
A77: 18 | B77: 1 | C77: 196 | E77: 28,1 | F77: 14.3.02.01-0224 | G77: Краска водоэмульсионная для внутренних работ ВАК-25 | H77: т | I77: =I76*J77 -> 0.013255 | J77: 0.062999049 | O77: =ROUND(CP77,2) -> 1812.05 | P77: =ROUND(CQ77*I77,2) -> 1812.05 | Q77: =ROUND(CR77*I77,2) -> 0 | R77: =ROUND(CS77*I77,2) -> 0 | S77: =ROUND(CT77*I77,2) -> 0 | T77: =ROUND(CU77*I77,2) -> 0 | U77: =CV77*I77 -> 0 | V77: =CW77*I77 -> 0 | W77: =ROUND(CX77*I77,2) -> 0 | X77: =ROUND(CY77,2) -> 0 | Y77: =ROUND(CZ77,2) -> 0 | AA77: 39278658 | AB77: =ROUND((AC77+AD77+AF77),2) -> 22484.66 | AC77: =ROUND((ES77),2) -> 22484.66 | AD77: =ROUND((((ET77)-(EU77))+AE77),2) -> 0 | AE77: =ROUND((EU77),2) -> 0 | AF77: =ROUND((EV77),2) -> 0 | AG77: =ROUND((AP77),2) -> 0 | AH77: =(EW77) -> 0 | AI77: =(EX77) -> 0 | AJ77: =ROUND((AS77),2) -> 0 | AK77: 22484.66 | AL77: 22484.66 | AM77: 0 | AN77: 0 | AO77: 0 | AP77: 0 | AQ77: 0 | AR77: 0 | AS77: 0 | AT77: 95 | AU77: 47 | AV77: 1 | AW77: 1 | AZ77: 6.08 | BA77: 1 | BB77: 1 | BC77: 6.08 | BH77: 3 | BI77: 1 | BJ77: ФССЦ-2001, 14.3.02.01-0224, приказ Минстроя России №1039/пр от 30.12.2016г. | BM77: 15001 | BN77: 0 | BP77: 0 | BQ77: 2 | BR77: 0 | BS77: 1 | BT77: 1 | BU77: 1 | BV77: 1 | BW77: 1 | BX77: 1 | BZ77: 105 | CA77: 55 | CF77: 0 | CG77: 0 | CM77: 0 | CO77: 0 | CP77: =(P77+Q77+S77) -> 1812.05 | CQ77: =AC77*BC77 -> 136706.73 | CR77: =AD77*BB77 -> 0 | CS77: =AE77*BS77 -> 0 | CT77: =AF77*BA77 -> 0 | CU77: =AG77 -> 0 | CV77: =AH77 -> 0 | CW77: =AI77 -> 0 | CX77: =AJ77 -> 0 | CY77: =(((S77+R77)*AT77)/100) -> 0 | CZ77: =(((S77+R77)*AU77)/100) -> 0 | DN77: 0 | DO77: 0 | DP77: 1 | DQ77: 1 | DU77: 1009 | DV77: т | DW77: т | DX77: 1000 | EE77: 39174529 | EF77: 2 | EG77: Общестроительные работы | EH77: 0 | EJ77: 1 | EK77: 15001 | EL77: Отделочные работы | EM77: ФЕР-15 | EQ77: 0 | ER77: 22484.66 | ES77: 22484.66 | ET77: 0 | EU77: 0 | EV77: 0 | EW77: 0 | EX77: 0 | FQ77: 0 | FR77: =ROUND(IF(AND(BH77=3,BI77=3),P77,0),2) -> 0 | FS77: 0 | FT77: *0,9 | FU77: *0,85 | FX77: 94.5 | FY77: 46.75 | GD77: 0 | GF77: 960802034 | GG77: 1 | GH77: 1 | GI77: 4 | GJ77: 0 | GK77: =ROUND(R77*(R12)/100,2) -> 0 | GL77: =ROUND(IF(AND(BH77=3,BI77=3,FS77<>0),P77,0),2) -> 0 | GM77: =ROUND(O77+X77+Y77+GK77,2)+GX77 -> 1812.05 | GN77: =IF(OR(BI77=0,BI77=1),ROUND(O77+X77+Y77+GK77,2),0) -> 1812.05 | GO77: =IF(BI77=2,ROUND(O77+X77+Y77+GK77,2),0) -> 0 | GP77: =IF(BI77=4,ROUND(O77+X77+Y77+GK77,2)+GX77,0) -> 0 | GR77: 0 | GS77: 3 | GT77: 0 | GV77: =ROUND(GT77,2) -> 0 | GW77: 1 | GX77: =ROUND(GV77*GW77*I77,2) -> 0 | HA77: 0 | HB77: 0 | IK77: 0
A78: 18 | B78: 1 | C78: 195 | E78: 28,2 | F78: 14.3.02.01 | G78: Краска водоэмульсионная | H78: т | I78: =I76*J78 -> 0.013255 | J78: 0.062999049 | O78: =ROUND(CP78,2) -> 0 | P78: =ROUND(CQ78*I78,2) -> 0 | Q78: =ROUND(CR78*I78,2) -> 0 | R78: =ROUND(CS78*I78,2) -> 0 | S78: =ROUND(CT78*I78,2) -> 0 | T78: =ROUND(CU78*I78,2) -> 0 | U78: =CV78*I78 -> 0 | V78: =CW78*I78 -> 0 | W78: =ROUND(CX78*I78,2) -> 0 | X78: =ROUND(CY78,2) -> 0 | Y78: =ROUND(CZ78,2) -> 0 | AA78: 39278658 | AB78: =ROUND((AC78+AD78+AF78),2) -> 0 | AC78: =ROUND((ES78),2) -> 0 | AD78: =ROUND((((ET78)-(EU78))+AE78),2) -> 0 | AE78: =ROUND((EU78),2) -> 0 | AF78: =ROUND((EV78),2) -> 0 | AG78: =ROUND((AP78),2) -> 0 | AH78: =(EW78) -> 0 | AI78: =(EX78) -> 0 | AJ78: =ROUND((AS78),2) -> 0 | AK78: 0 | AL78: 0 | AM78: 0 | AN78: 0 | AO78: 0 | AP78: 0 | AQ78: 0 | AR78: 0 | AS78: 0 | AT78: 95 | AU78: 47 | AV78: 1 | AW78: 1 | AZ78: 6.08 | BA78: 1 | BB78: 1 | BC78: 6.08 | BH78: 3 | BI78: 1 | BM78: 15001 | BN78: 0 | BP78: 0 | BQ78: 2 | BR78: 0 | BS78: 1 | BT78: 1 | BU78: 1 | BV78: 1 | BW78: 1 | BX78: 1 | BZ78: 105 | CA78: 55 | CF78: 0 | CG78: 0 | CM78: 0 | CO78: 0 | CP78: =(P78+Q78+S78) -> 0 | CQ78: =AC78*BC78 -> 0 | CR78: =AD78*BB78 -> 0 | CS78: =AE78*BS78 -> 0 | CT78: =AF78*BA78 -> 0 | CU78: =AG78 -> 0 | CV78: =AH78 -> 0 | CW78: =AI78 -> 0 | CX78: =AJ78 -> 0 | CY78: =(((S78+R78)*AT78)/100) -> 0 | CZ78: =(((S78+R78)*AU78)/100) -> 0 | DN78: 0 | DO78: 0 | DP78: 1 | DQ78: 1 | DU78: 1009 | DV78: т | DW78: т | DX78: 1000 | EE78: 39174529 | EF78: 2 | EG78: Общестроительные работы | EH78: 0 | EJ78: 1 | EK78: 15001 | EL78: Отделочные работы | EM78: ФЕР-15 | EQ78: 0 | ER78: 0 | ES78: 0 | ET78: 0 | EU78: 0 | EV78: 0 | EW78: 0 | EX78: 0 | FQ78: 0 | FR78: =ROUND(IF(AND(BH78=3,BI78=3),P78,0),2) -> 0 | FS78: 0 | FT78: *0,9 | FU78: *0,85 | FX78: 94.5 | FY78: 46.75 | GD78: 0 | GF78: 1891904026 | GG78: 1 | GH78: 1 | GI78: 4 | GJ78: 0 | GK78: =ROUND(R78*(R12)/100,2) -> 0 | GL78: =ROUND(IF(AND(BH78=3,BI78=3,FS78<>0),P78,0),2) -> 0 | GM78: =ROUND(O78+X78+Y78+GK78,2)+GX78 -> 0 | GN78: =IF(OR(BI78=0,BI78=1),ROUND(O78+X78+Y78+GK78,2),0) -> 0 | GO78: =IF(BI78=2,ROUND(O78+X78+Y78+GK78,2),0) -> 0 | GP78: =IF(BI78=4,ROUND(O78+X78+Y78+GK78,2)+GX78,0) -> 0 | GR78: 0 | GS78: 3 | GT78: 0 | GV78: =ROUND(GT78,2) -> 0 | GW78: 1 | GX78: =ROUND(GV78*GW78*I78,2) -> 0 | HA78: 0 | HB78: 0 | IK78: 0
A79: 17 | B79: 1 | C79: =ROW(SmtRes!A206) -> 206 | D79: =ROW(EtalonRes!A207) -> 207 | E79: 29 | F79: 15-02-018-01 | G79: Штукатурка внутренних поверхностей наружных откосов, цементно-известковым или цементным раствором по камню и бетону, когда остальные поверхности не оштукатуриваются простая | H79: 100 м2 | I79: 0.0355 | J79: 0 | O79: =ROUND(CP79,2) -> 432.58 | P79: =ROUND(CQ79*I79,2) -> 197.54 | Q79: =ROUND(CR79*I79,2) -> 31.34 | R79: =ROUND(CS79*I79,2) -> 18.7 | S79: =ROUND(CT79*I79,2) -> 203.7 | T79: =ROUND(CU79*I79,2) -> 0 | U79: =CV79*I79 -> 3.693846 | V79: =CW79*I79 -> 0.3310375 | W79: =ROUND(CX79*I79,2) -> 0 | X79: =ROUND(CY79,2) -> 211.28 | Y79: =ROUND(CZ79,2) -> 104.53 | AA79: 39278658 | AB79: =ROUND((AC79+AD79+AF79),2) -> 2004.19 | AC79: =ROUND((ES79),2) -> 915.22 | AD79: =ROUND(((((ET79*1.25))-((EU79*1.25)))+AE79),2) -> 145.22 | AE79: =ROUND(((EU79*1.25)),2) -> 86.64 | AF79: =ROUND(((EV79*1.15)),2) -> 943.75 | AG79: =ROUND((AP79),2) -> 0 | AH79: =((EW79*1.15)) -> 104.052 | AI79: =((EX79*1.25)) -> 9.325 | AJ79: =ROUND((AS79),2) -> 0 | AK79: 1852.04 | AL79: 915.22 | AM79: 116.17 | AN79: 69.31 | AO79: 820.65 | AP79: 0 | AQ79: 90.48 | AR79: 7.46 | AS79: 0 | AT79: 95 | AU79: 47 | AV79: 1 | AW79: 1 | AZ79: 6.08 | BA79: 6.08 | BB79: 6.08 | BC79: 6.08 | BH79: 0 | BI79: 1 | BJ79: ФЕР-2001, 15-02-018-01, приказ Минстроя России №1039/пр от 30.12.2016г. | BM79: 15001 | BN79: 0 | BP79: 0 | BQ79: 2 | BR79: 0 | BS79: 6.08 | BT79: 1 | BU79: 1 | BV79: 1 | BW79: 1 | BX79: 1 | BZ79: 105 | CA79: 55 | CF79: 0 | CG79: 0 | CM79: 0 | CN79: Поправка: МДС 81-35.2004, п.4.7 Наименование: Работы, выполняемые при реконструкции зданий и сооружений работы, аналогичные технологическим процессам в новом строительстве (в том числе возведение новых конструктивных элементов) стоимость которых определена по соответствующим сборникам ФЕР, кроме сборника № 46 «Работы при реконструкции зданий и сооружений» | CO79: 0 | CP79: =(P79+Q79+S79) -> 432.58 | CQ79: =AC79*BC79 -> 5564.5376 | CR79: =AD79*BB79 -> 882.9376 | CS79: =AE79*BS79 -> 526.7712 | CT79: =AF79*BA79 -> 5738 | CU79: =AG79 -> 0 | CV79: =AH79 -> 104.052 | CW79: =AI79 -> 9.325 | CX79: =AJ79 -> 0 | CY79: =(((S79+R79)*AT79)/100) -> 211.28 | CZ79: =(((S79+R79)*AU79)/100) -> 104.528 | DE79: )*1,25 | DF79: )*1,25 | DG79: )*1,15 | DI79: )*1,15 | DJ79: )*1,25 | DN79: 0 | DO79: 0 | DP79: 1 | DQ79: 1 | DU79: 1005 | DV79: 100 м2 | DW79: 100 м2 | DX79: 100 | EE79: 39174529 | EF79: 2 | EG79: Общестроительные работы | EH79: 0 | EJ79: 1 | EK79: 15001 | EL79: Отделочные работы | EM79: ФЕР-15 | EO79: Поправка: МДС 81-35.2004, п.4.7 | EQ79: 0 | ER79: 1852.04 | ES79: 915.22 | ET79: 116.17 | EU79: 69.31 | EV79: 820.65 | EW79: 90.48 | EX79: 7.46 | EY79: 0 | FQ79: 0 | FR79: =ROUND(IF(AND(BH79=3,BI79=3),P79,0),2) -> 0 | FS79: 0 | FT79: *0,9 | FU79: *0,85 | FX79: 94.5 | FY79: 46.75 | GD79: 0 | GF79: -847915952 | GG79: 1 | GH79: 1 | GI79: 4 | GJ79: 0 | GK79: =ROUND(R79*(R12)/100,2) -> 0 | GL79: =ROUND(IF(AND(BH79=3,BI79=3,FS79<>0),P79,0),2) -> 0 | GM79: =ROUND(O79+X79+Y79+GK79,2)+GX79 -> 748.39 | GN79: =IF(OR(BI79=0,BI79=1),ROUND(O79+X79+Y79+GK79,2),0) -> 748.39 | GO79: =IF(BI79=2,ROUND(O79+X79+Y79+GK79,2),0) -> 0 | GP79: =IF(BI79=4,ROUND(O79+X79+Y79+GK79,2)+GX79,0) -> 0 | GR79: 0 | GS79: 3 | GT79: 0 | GV79: =ROUND(GT79,2) -> 0 | GW79: 1 | GX79: =ROUND(GV79*GW79*I79,2) -> 0 | HA79: 0 | HB79: 0 | IK79: 0
A80: 17 | B80: 1 | C80: =ROW(SmtRes!A213) -> 213 | D80: =ROW(EtalonRes!A215) -> 215 | E80: 30 | F80: 15-01-050-04 | G80: Облицовка оконных и дверных откосов декоративным бумажно-слоистым пластиком или листами из синтетических материалов на клее | H80: 100 м2 | I80: 0.0355 | J80: 0 | O80: =ROUND(CP80,2) -> 388.94 | P80: =ROUND(CQ80*I80,2) -> 0.08 | Q80: =ROUND(CR80*I80,2) -> 9.54 | R80: =ROUND(CS80*I80,2) -> 1.86 | S80: =ROUND(CT80*I80,2) -> 379.32 | T80: =ROUND(CU80*I80,2) -> 0 | U80: =CV80*I80 -> 6.7961377 | V80: =CW80*I80 -> 0.0257375 | W80: =ROUND(CX80*I80,2) -> 0 | X80: =ROUND(CY80,2) -> 362.12 | Y80: =ROUND(CZ80,2) -> 179.15 | AA80: 39278658 | AB80: =ROUND((AC80+AD80+AF80),2) -> 1801.98 | AC80: =ROUND((ES80),2) -> 0.36 | AD80: =ROUND(((((ET80*1.25))-((EU80*1.25)))+AE80),2) -> 44.2 | AE80: =ROUND(((EU80*1.25)),2) -> 8.6 | AF80: =ROUND(((EV80*1.15)),2) -> 1757.42 | AG80: =ROUND((AP80),2) -> 0 | AH80: =((EW80*1.15)) -> 191.4405 | AI80: =((EX80*1.25)) -> 0.725 | AJ80: =ROUND((AS80),2) -> 0 | AK80: 1563.91 | AL80: 0.36 | AM80: 35.36 | AN80: 6.88 | AO80: 1528.19 | AP80: 0 | AQ80: 166.47 | AR80: 0.58 | AS80: 0 | AT80: 95 | AU80: 47 | AV80: 1 | AW80: 1 | AZ80: 6.08 | BA80: 6.08 | BB80: 6.08 | BC80: 6.08 | BH80: 0 | BI80: 1 | BJ80: ФЕР-2001, 15-01-050-04, приказ Минстроя России №1039/пр от 30.12.2016г. | BM80: 15001 | BN80: 0 | BP80: 0 | BQ80: 2 | BR80: 0 | BS80: 6.08 | BT80: 1 | BU80: 1 | BV80: 1 | BW80: 1 | BX80: 1 | BZ80: 105 | CA80: 55 | CF80: 0 | CG80: 0 | CM80: 0 | CN80: Поправка: МДС 81-35.2004, п.4.7 Наименование: Работы, выполняемые при реконструкции зданий и сооружений работы, аналогичные технологическим процессам в новом строительстве (в том числе возведение новых конструктивных элементов) стоимость которых определена по соответствующим сборникам ФЕР, кроме сборника № 46 «Работы при реконструкции зданий и сооружений» | CO80: 0 | CP80: =(P80+Q80+S80) -> 388.94 | CQ80: =AC80*BC80 -> 2.1888 | CR80: =AD80*BB80 -> 268.736 | CS80: =AE80*BS80 -> 52.288 | CT80: =AF80*BA80 -> 10685.114 | CU80: =AG80 -> 0 | CV80: =AH80 -> 191.4405 | CW80: =AI80 -> 0.725 | CX80: =AJ80 -> 0 | CY80: =(((S80+R80)*AT80)/100) -> 362.121 | CZ80: =(((S80+R80)*AU80)/100) -> 179.1546 | DE80: )*1,25 | DF80: )*1,25 | DG80: )*1,15 | DI80: )*1,15 | DJ80: )*1,25 | DN80: 0 | DO80: 0 | DP80: 1 | DQ80: 1 | DU80: 1005 | DV80: 100 м2 | DW80: 100 м2 | DX80: 100 | EE80: 39174529 | EF80: 2 | EG80: Общестроительные работы | EH80: 0 | EJ80: 1 | EK80: 15001 | EL80: Отделочные работы | EM80: ФЕР-15 | EO80: Поправка: МДС 81-35.2004, п.4.7 | EQ80: 0 | ER80: 1563.91 | ES80: 0.36 | ET80: 35.36 | EU80: 6.88 | EV80: 1528.19 | EW80: 166.47 | EX80: 0.58 | EY80: 0 | FQ80: 0 | FR80: =ROUND(IF(AND(BH80=3,BI80=3),P80,0),2) -> 0 | FS80: 0 | FT80: *0,9 | FU80: *0,85 | FX80: 94.5 | FY80: 46.75 | GD80: 0 | GF80: 251333065 | GG80: 1 | GH80: 1 | GI80: 4 | GJ80: 0 | GK80: =ROUND(R80*(R12)/100,2) -> 0 | GL80: =ROUND(IF(AND(BH80=3,BI80=3,FS80<>0),P80,0),2) -> 0 | GM80: =ROUND(O80+X80+Y80+GK80,2)+GX80 -> 930.21 | GN80: =IF(OR(BI80=0,BI80=1),ROUND(O80+X80+Y80+GK80,2),0) -> 930.21 | GO80: =IF(BI80=2,ROUND(O80+X80+Y80+GK80,2),0) -> 0 | GP80: =IF(BI80=4,ROUND(O80+X80+Y80+GK80,2)+GX80,0) -> 0 | GR80: 0 | GS80: 3 | GT80: 0 | GV80: =ROUND(GT80,2) -> 0 | GW80: 1 | GX80: =ROUND(GV80*GW80*I80,2) -> 0 | HA80: 0 | HB80: 0 | IK80: 0
A81: 18 | B81: 1 | C81: 213 | E81: 30,1 | F81: 11.3.03.05-0001 | G81: Панели пластиковые для откосов "Реас Пласт" шириной 0,4 м, длиной 3,0 м, белые матовые, лакированные | H81: м2 | I81: =I80*J81 -> 3.7275 | J81: 105 | O81: =ROUND(CP81,2) -> 779.16 | P81: =ROUND(CQ81*I81,2) -> 779.16 | Q81: =ROUND(CR81*I81,2) -> 0 | R81: =ROUND(CS81*I81,2) -> 0 | S81: =ROUND(CT81*I81,2) -> 0 | T81: =ROUND(CU81*I81,2) -> 0 | U81: =CV81*I81 -> 0 | V81: =CW81*I81 -> 0 | W81: =ROUND(CX81*I81,2) -> 0 | X81: =ROUND(CY81,2) -> 0 | Y81: =ROUND(CZ81,2) -> 0 | AA81: 39278658 | AB81: =ROUND((AC81+AD81+AF81),2) -> 34.38 | AC81: =ROUND((ES81),2) -> 34.38 | AD81: =ROUND((((ET81)-(EU81))+AE81),2) -> 0 | AE81: =ROUND((EU81),2) -> 0 | AF81: =ROUND((EV81),2) -> 0 | AG81: =ROUND((AP81),2) -> 0 | AH81: =(EW81) -> 0 | AI81: =(EX81) -> 0 | AJ81: =ROUND((AS81),2) -> 0 | AK81: 34.38 | AL81: 34.38 | AM81: 0 | AN81: 0 | AO81: 0 | AP81: 0 | AQ81: 0 | AR81: 0 | AS81: 0 | AT81: 95 | AU81: 47 | AV81: 1 | AW81: 1 | AZ81: 6.08 | BA81: 1 | BB81: 1 | BC81: 6.08 | BH81: 3 | BI81: 1 | BJ81: ФССЦ-2001, 11.3.03.05-0001, приказ Минстроя России №1039/пр от 30.12.2016г. | BM81: 15001 | BN81: 0 | BP81: 0 | BQ81: 2 | BR81: 0 | BS81: 1 | BT81: 1 | BU81: 1 | BV81: 1 | BW81: 1 | BX81: 1 | BZ81: 105 | CA81: 55 | CF81: 0 | CG81: 0 | CM81: 0 | CO81: 0 | CP81: =(P81+Q81+S81) -> 779.16 | CQ81: =AC81*BC81 -> 209.0304 | CR81: =AD81*BB81 -> 0 | CS81: =AE81*BS81 -> 0 | CT81: =AF81*BA81 -> 0 | CU81: =AG81 -> 0 | CV81: =AH81 -> 0 | CW81: =AI81 -> 0 | CX81: =AJ81 -> 0 | CY81: =(((S81+R81)*AT81)/100) -> 0 | CZ81: =(((S81+R81)*AU81)/100) -> 0 | DN81: 0 | DO81: 0 | DP81: 1 | DQ81: 1 | DU81: 1005 | DV81: м2 | DW81: м2 | DX81: 1 | EE81: 39174529 | EF81: 2 | EG81: Общестроительные работы | EH81: 0 | EJ81: 1 | EK81: 15001 | EL81: Отделочные работы | EM81: ФЕР-15 | EQ81: 0 | ER81: 34.38 | ES81: 34.38 | ET81: 0 | EU81: 0 | EV81: 0 | EW81: 0 | EX81: 0 | FQ81: 0 | FR81: =ROUND(IF(AND(BH81=3,BI81=3),P81,0),2) -> 0 | FS81: 0 | FT81: *0,9 | FU81: *0,85 | FX81: 94.5 | FY81: 46.75 | GD81: 0 | GF81: -956992290 | GG81: 1 | GH81: 1 | GI81: 4 | GJ81: 0 | GK81: =ROUND(R81*(R12)/100,2) -> 0 | GL81: =ROUND(IF(AND(BH81=3,BI81=3,FS81<>0),P81,0),2) -> 0 | GM81: =ROUND(O81+X81+Y81+GK81,2)+GX81 -> 779.16 | GN81: =IF(OR(BI81=0,BI81=1),ROUND(O81+X81+Y81+GK81,2),0) -> 779.16 | GO81: =IF(BI81=2,ROUND(O81+X81+Y81+GK81,2),0) -> 0 | GP81: =IF(BI81=4,ROUND(O81+X81+Y81+GK81,2)+GX81,0) -> 0 | GR81: 0 | GS81: 3 | GT81: 0 | GV81: =ROUND(GT81,2) -> 0 | GW81: 1 | GX81: =ROUND(GV81*GW81*I81,2) -> 0 | HA81: 0 | HB81: 0 | IK81: 0
A82: 18 | B82: 1 | C82: 211 | E82: 30,2 | F82: 01.6.01.11 | G82: Листы облицовочные декоративные | H82: м2 | I82: =I80*J82 -> 3.7275 | J82: 105 | O82: =ROUND(CP82,2) -> 0 | P82: =ROUND(CQ82*I82,2) -> 0 | Q82: =ROUND(CR82*I82,2) -> 0 | R82: =ROUND(CS82*I82,2) -> 0 | S82: =ROUND(CT82*I82,2) -> 0 | T82: =ROUND(CU82*I82,2) -> 0 | U82: =CV82*I82 -> 0 | V82: =CW82*I82 -> 0 | W82: =ROUND(CX82*I82,2) -> 0 | X82: =ROUND(CY82,2) -> 0 | Y82: =ROUND(CZ82,2) -> 0 | AA82: 39278658 | AB82: =ROUND((AC82+AD82+AF82),2) -> 0 | AC82: =ROUND((ES82),2) -> 0 | AD82: =ROUND((((ET82)-(EU82))+AE82),2) -> 0 | AE82: =ROUND((EU82),2) -> 0 | AF82: =ROUND((EV82),2) -> 0 | AG82: =ROUND((AP82),2) -> 0 | AH82: =(EW82) -> 0 | AI82: =(EX82) -> 0 | AJ82: =ROUND((AS82),2) -> 0 | AK82: 0 | AL82: 0 | AM82: 0 | AN82: 0 | AO82: 0 | AP82: 0 | AQ82: 0 | AR82: 0 | AS82: 0 | AT82: 95 | AU82: 47 | AV82: 1 | AW82: 1 | AZ82: 6.08 | BA82: 1 | BB82: 1 | BC82: 6.08 | BH82: 3 | BI82: 1 | BM82: 15001 | BN82: 0 | BP82: 0 | BQ82: 2 | BR82: 0 | BS82: 1 | BT82: 1 | BU82: 1 | BV82: 1 | BW82: 1 | BX82: 1 | BZ82: 105 | CA82: 55 | CF82: 0 | CG82: 0 | CM82: 0 | CO82: 0 | CP82: =(P82+Q82+S82) -> 0 | CQ82: =AC82*BC82 -> 0 | CR82: =AD82*BB82 -> 0 | CS82: =AE82*BS82 -> 0 | CT82: =AF82*BA82 -> 0 | CU82: =AG82 -> 0 | CV82: =AH82 -> 0 | CW82: =AI82 -> 0 | CX82: =AJ82 -> 0 | CY82: =(((S82+R82)*AT82)/100) -> 0 | CZ82: =(((S82+R82)*AU82)/100) -> 0 | DN82: 0 | DO82: 0 | DP82: 1 | DQ82: 1 | DU82: 1005 | DV82: м2 | DW82: м2 | DX82: 1 | EE82: 39174529 | EF82: 2 | EG82: Общестроительные работы | EH82: 0 | EJ82: 1 | EK82: 15001 | EL82: Отделочные работы | EM82: ФЕР-15 | EQ82: 0 | ER82: 0 | ES82: 0 | ET82: 0 | EU82: 0 | EV82: 0 | EW82: 0 | EX82: 0 | FQ82: 0 | FR82: =ROUND(IF(AND(BH82=3,BI82=3),P82,0),2) -> 0 | FS82: 0 | FT82: *0,9 | FU82: *0,85 | FX82: 94.5 | FY82: 46.75 | GD82: 0 | GF82: -112006704 | GG82: 1 | GH82: 1 | GI82: 4 | GJ82: 0 | GK82: =ROUND(R82*(R12)/100,2) -> 0 | GL82: =ROUND(IF(AND(BH82=3,BI82=3,FS82<>0),P82,0),2) -> 0 | GM82: =ROUND(O82+X82+Y82+GK82,2)+GX82 -> 0 | GN82: =IF(OR(BI82=0,BI82=1),ROUND(O82+X82+Y82+GK82,2),0) -> 0 | GO82: =IF(BI82=2,ROUND(O82+X82+Y82+GK82,2),0) -> 0 | GP82: =IF(BI82=4,ROUND(O82+X82+Y82+GK82,2)+GX82,0) -> 0 | GR82: 0 | GS82: 3 | GT82: 0 | GV82: =ROUND(GT82,2) -> 0 | GW82: 1 | GX82: =ROUND(GV82*GW82*I82,2) -> 0 | HA82: 0 | HB82: 0 | IK82: 0
A83: 17 | B83: 1 | C83: =ROW(SmtRes!A222) -> 222 | D83: =ROW(EtalonRes!A223) -> 223 | E83: 31 | F83: 10-01-014-04 прим. | G83: Устройство чистых перегородок каркасных с обшивкой фанерой с одной стороны (Экран) | H83: 100 м2 | I83: =ROUND(105/100,9) -> 1.05 | J83: 0 | O83: =ROUND(CP83,2) -> 27049.46 | P83: =ROUND(CQ83*I83,2) -> 20109.73 | Q83: =ROUND(CR83*I83,2) -> 89.12 | R83: =ROUND(CS83*I83,2) -> 15.7 | S83: =ROUND(CT83*I83,2) -> 6850.61 | T83: =ROUND(CU83*I83,2) -> 0 | U83: =CV83*I83 -> 130.41 | V83: =CW83*I83 -> 0.223125 | W83: =ROUND(CX83*I83,2) -> 0 | X83: =ROUND(CY83,2) -> 7278.29 | Y83: =ROUND(CZ83,2) -> 3707.81 | AA83: 39278658 | AB83: =ROUND((AC83+AD83+AF83),2) -> 4237.07 | AC83: =ROUND((ES83),2) -> 3150.02 | AD83: =ROUND(((((ET83*1.25))-((EU83*1.25)))+AE83),2) -> 13.96 | AE83: =ROUND(((EU83*1.25)),2) -> 2.46 | AF83: =ROUND(((EV83*1.15)),2) -> 1073.09 | AG83: =ROUND((AP83),2) -> 0 | AH83: =((EW83*1.15)) -> 124.2 | AI83: =((EX83*1.25)) -> 0.2125 | AJ83: =ROUND((AS83),2) -> 0 | AK83: 4094.31 | AL83: 3150.02 | AM83: 11.17 | AN83: 1.97 | AO83: 933.12 | AP83: 0 | AQ83: 108 | AR83: 0.17 | AS83: 0 | AT83: 106 | AU83: 54 | AV83: 1 | AW83: 1 | AZ83: 6.08 | BA83: 6.08 | BB83: 6.08 | BC83: 6.08 | BH83: 0 | BI83: 1 | BJ83: ФЕР-2001, 10-01-014-04, приказ Минстроя России №1039/пр от 30.12.2016г. | BM83: 10001 | BN83: 0 | BP83: 0 | BQ83: 2 | BR83: 0 | BS83: 6.08 | BT83: 1 | BU83: 1 | BV83: 1 | BW83: 1 | BX83: 1 | BZ83: 118 | CA83: 63 | CF83: 0 | CG83: 0 | CM83: 0 | CN83: Поправка: МДС 81-35.2004, п.4.7 Наименование: Работы, выполняемые при реконструкции зданий и сооружений работы, аналогичные технологическим процессам в новом строительстве (в том числе возведение новых конструктивных элементов) стоимость которых определена по соответствующим сборникам ФЕР, кроме сборника № 46 «Работы при реконструкции зданий и сооружений» | CO83: 0 | CP83: =(P83+Q83+S83) -> 27049.46 | CQ83: =AC83*BC83 -> 19152.122 | CR83: =AD83*BB83 -> 84.8768 | CS83: =AE83*BS83 -> 14.9568 | CT83: =AF83*BA83 -> 6524.3872 | CU83: =AG83 -> 0 | CV83: =AH83 -> 124.2 | CW83: =AI83 -> 0.2125 | CX83: =AJ83 -> 0 | CY83: =(((S83+R83)*AT83)/100) -> 7278.2886 | CZ83: =(((S83+R83)*AU83)/100) -> 3707.8074 | DE83: )*1,25 | DF83: )*1,25 | DG83: )*1,15 | DI83: )*1,15 | DJ83: )*1,25 | DN83: 0 | DO83: 0 | DP83: 1 | DQ83: 1 | DU83: 1005 | DV83: 100 м2 | DW83: 100 м2 | DX83: 100 | EE83: 39174503 | EF83: 2 | EG83: Общестроительные работы | EH83: 0 | EJ83: 1 | EK83: 10001 | EL83: Деревянные конструкции | EM83: ФЕР-10 | EO83: Поправка: МДС 81-35.2004, п.4.7 | EQ83: 0 | ER83: 4094.31 | ES83: 3150.02 | ET83: 11.17 | EU83: 1.97 | EV83: 933.12 | EW83: 108 | EX83: 0.17 | EY83: 0 | FQ83: 0 | FR83: =ROUND(IF(AND(BH83=3,BI83=3),P83,0),2) -> 0 | FS83: 0 | FT83: *0,9 | FU83: *0,85 | FX83: 106.2 | FY83: 53.55 | GD83: 0 | GF83: 1632191291 | GG83: 1 | GH83: 1 | GI83: 4 | GJ83: 0 | GK83: =ROUND(R83*(R12)/100,2) -> 0 | GL83: =ROUND(IF(AND(BH83=3,BI83=3,FS83<>0),P83,0),2) -> 0 | GM83: =ROUND(O83+X83+Y83+GK83,2)+GX83 -> 38035.56 | GN83: =IF(OR(BI83=0,BI83=1),ROUND(O83+X83+Y83+GK83,2),0) -> 38035.56 | GO83: =IF(BI83=2,ROUND(O83+X83+Y83+GK83,2),0) -> 0 | GP83: =IF(BI83=4,ROUND(O83+X83+Y83+GK83,2)+GX83,0) -> 0 | GR83: 0 | GS83: 3 | GT83: 0 | GV83: =ROUND(GT83,2) -> 0 | GW83: 1 | GX83: =ROUND(GV83*GW83*I83,2) -> 0 | HA83: 0 | HB83: 0 | IK83: 0
A84: 18 | B84: 1 | C84: 221 | E84: 31,1 | F84: 11.2.11.05-0001 | G84: Фанера клееная марки ФК и ФБА, сорт В/ВВ толщиной 3 мм | H84: м3 | I84: =I83*J84 -> -0.357 | J84: -0.34 | O84: =ROUND(CP84,2) -> -10548.92 | P84: =ROUND(CQ84*I84,2) -> -10548.92 | Q84: =ROUND(CR84*I84,2) -> 0 | R84: =ROUND(CS84*I84,2) -> 0 | S84: =ROUND(CT84*I84,2) -> 0 | T84: =ROUND(CU84*I84,2) -> 0 | U84: =CV84*I84 -> 0 | V84: =CW84*I84 -> 0 | W84: =ROUND(CX84*I84,2) -> 0 | X84: =ROUND(CY84,2) -> 0 | Y84: =ROUND(CZ84,2) -> 0 | AA84: 39278658 | AB84: =ROUND((AC84+AD84+AF84),2) -> 4860 | AC84: =ROUND((ES84),2) -> 4860 | AD84: =ROUND((((ET84)-(EU84))+AE84),2) -> 0 | AE84: =ROUND((EU84),2) -> 0 | AF84: =ROUND((EV84),2) -> 0 | AG84: =ROUND((AP84),2) -> 0 | AH84: =(EW84) -> 0 | AI84: =(EX84) -> 0 | AJ84: =ROUND((AS84),2) -> 0 | AK84: 4860 | AL84: 4860 | AM84: 0 | AN84: 0 | AO84: 0 | AP84: 0 | AQ84: 0 | AR84: 0 | AS84: 0 | AT84: 106 | AU84: 54 | AV84: 1 | AW84: 1 | AZ84: 6.08 | BA84: 1 | BB84: 1 | BC84: 6.08 | BH84: 3 | BI84: 1 | BJ84: ФССЦ-2001, 11.2.11.05-0001, приказ Минстроя России №1039/пр от 30.12.2016г. | BM84: 10001 | BN84: 0 | BP84: 0 | BQ84: 2 | BR84: 1 | BS84: 1 | BT84: 1 | BU84: 1 | BV84: 1 | BW84: 1 | BX84: 1 | BZ84: 118 | CA84: 63 | CF84: 0 | CG84: 0 | CM84: 0 | CO84: 0 | CP84: =(P84+Q84+S84) -> -10548.92 | CQ84: =AC84*BC84 -> 29548.8 | CR84: =AD84*BB84 -> 0 | CS84: =AE84*BS84 -> 0 | CT84: =AF84*BA84 -> 0 | CU84: =AG84 -> 0 | CV84: =AH84 -> 0 | CW84: =AI84 -> 0 | CX84: =AJ84 -> 0 | CY84: =(((S84+R84)*AT84)/100) -> 0 | CZ84: =(((S84+R84)*AU84)/100) -> 0 | DN84: 0 | DO84: 0 | DP84: 1 | DQ84: 1 | DU84: 1007 | DV84: м3 | DW84: м3 | DX84: 1 | EE84: 39174503 | EF84: 2 | EG84: Общестроительные работы | EH84: 0 | EJ84: 1 | EK84: 10001 | EL84: Деревянные конструкции | EM84: ФЕР-10 | EQ84: 0 | ER84: 4860 | ES84: 4860 | ET84: 0 | EU84: 0 | EV84: 0 | EW84: 0 | EX84: 0 | FQ84: 0 | FR84: =ROUND(IF(AND(BH84=3,BI84=3),P84,0),2) -> 0 | FS84: 0 | FT84: *0,9 | FU84: *0,85 | FX84: 106.2 | FY84: 53.55 | GD84: 0 | GF84: 470198126 | GG84: 1 | GH84: 1 | GI84: 4 | GJ84: 0 | GK84: =ROUND(R84*(R12)/100,2) -> 0 | GL84: =ROUND(IF(AND(BH84=3,BI84=3,FS84<>0),P84,0),2) -> 0 | GM84: =ROUND(O84+X84+Y84+GK84,2)+GX84 -> -10548.92 | GN84: =IF(OR(BI84=0,BI84=1),ROUND(O84+X84+Y84+GK84,2),0) -> -10548.92 | GO84: =IF(BI84=2,ROUND(O84+X84+Y84+GK84,2),0) -> 0 | GP84: =IF(BI84=4,ROUND(O84+X84+Y84+GK84,2)+GX84,0) -> 0 | GR84: 0 | GS84: 3 | GT84: 0 | GV84: =ROUND(GT84,2) -> 0 | GW84: 1 | GX84: =ROUND(GV84*GW84*I84,2) -> 0 | HA84: 0 | HB84: 0 | IK84: 0
A85: 18 | B85: 1 | C85: 220 | E85: 31,2 | F85: 11.2.03.01-0015 | G85: Сетчатые панели панели ограждений | H85: м2 | I85: =I83*J85 -> 105 | J85: 100 | O85: =ROUND(CP85,2) -> 49986.72 | P85: =ROUND(CQ85*I85,2) -> 49986.72 | Q85: =ROUND(CR85*I85,2) -> 0 | R85: =ROUND(CS85*I85,2) -> 0 | S85: =ROUND(CT85*I85,2) -> 0 | T85: =ROUND(CU85*I85,2) -> 0 | U85: =CV85*I85 -> 0 | V85: =CW85*I85 -> 0 | W85: =ROUND(CX85*I85,2) -> 0 | X85: =ROUND(CY85,2) -> 0 | Y85: =ROUND(CZ85,2) -> 0 | AA85: 39278658 | AB85: =ROUND((AC85+AD85+AF85),2) -> 78.3 | AC85: =ROUND((ES85),2) -> 78.3 | AD85: =ROUND((((ET85)-(EU85))+AE85),2) -> 0 | AE85: =ROUND((EU85),2) -> 0 | AF85: =ROUND((EV85),2) -> 0 | AG85: =ROUND((AP85),2) -> 0 | AH85: =(EW85) -> 0 | AI85: =(EX85) -> 0 | AJ85: =ROUND((AS85),2) -> 0 | AK85: 78.3 | AL85: 78.3 | AM85: 0 | AN85: 0 | AO85: 0 | AP85: 0 | AQ85: 0 | AR85: 0 | AS85: 0 | AT85: 106 | AU85: 54 | AV85: 1 | AW85: 1 | AZ85: 6.08 | BA85: 1 | BB85: 1 | BC85: 6.08 | BH85: 3 | BI85: 1 | BJ85: ФССЦ-2001, 11.2.03.01-0015, приказ Минстроя России №1039/пр от 30.12.2016г. | BM85: 10001 | BN85: 0 | BP85: 0 | BQ85: 2 | BR85: 0 | BS85: 1 | BT85: 1 | BU85: 1 | BV85: 1 | BW85: 1 | BX85: 1 | BZ85: 118 | CA85: 63 | CF85: 0 | CG85: 0 | CM85: 0 | CO85: 0 | CP85: =(P85+Q85+S85) -> 49986.72 | CQ85: =AC85*BC85 -> 476.064 | CR85: =AD85*BB85 -> 0 | CS85: =AE85*BS85 -> 0 | CT85: =AF85*BA85 -> 0 | CU85: =AG85 -> 0 | CV85: =AH85 -> 0 | CW85: =AI85 -> 0 | CX85: =AJ85 -> 0 | CY85: =(((S85+R85)*AT85)/100) -> 0 | CZ85: =(((S85+R85)*AU85)/100) -> 0 | DN85: 0 | DO85: 0 | DP85: 1 | DQ85: 1 | DU85: 1005 | DV85: м2 | DW85: м2 | DX85: 1 | EE85: 39174503 | EF85: 2 | EG85: Общестроительные работы | EH85: 0 | EJ85: 1 | EK85: 10001 | EL85: Деревянные конструкции | EM85: ФЕР-10 | EQ85: 0 | ER85: 78.3 | ES85: 78.3 | ET85: 0 | EU85: 0 | EV85: 0 | EW85: 0 | EX85: 0 | FQ85: 0 | FR85: =ROUND(IF(AND(BH85=3,BI85=3),P85,0),2) -> 0 | FS85: 0 | FT85: *0,9 | FU85: *0,85 | FX85: 106.2 | FY85: 53.55 | GD85: 0 | GF85: -1891309318 | GG85: 1 | GH85: 1 | GI85: 4 | GJ85: 0 | GK85: =ROUND(R85*(R12)/100,2) -> 0 | GL85: =ROUND(IF(AND(BH85=3,BI85=3,FS85<>0),P85,0),2) -> 0 | GM85: =ROUND(O85+X85+Y85+GK85,2)+GX85 -> 49986.72 | GN85: =IF(OR(BI85=0,BI85=1),ROUND(O85+X85+Y85+GK85,2),0) -> 49986.72 | GO85: =IF(BI85=2,ROUND(O85+X85+Y85+GK85,2),0) -> 0 | GP85: =IF(BI85=4,ROUND(O85+X85+Y85+GK85,2)+GX85,0) -> 0 | GR85: 0 | GS85: 3 | GT85: 0 | GV85: =ROUND(GT85,2) -> 0 | GW85: 1 | GX85: =ROUND(GV85*GW85*I85,2) -> 0 | HA85: 0 | HB85: 0 | IK85: 0
A86: 17 | B86: 1 | C86: =ROW(SmtRes!A229) -> 229 | D86: =ROW(EtalonRes!A229) -> 229 | E86: 32 | F86: 11-01-011-03 | G86: Устройство стяжек бетонных толщиной 20 мм | H86: 100 м2 | I86: =ROUND(294/100,9) -> 2.94 | J86: 0 | O86: =ROUND(CP86,2) -> 7610.18 | P86: =ROUND(CQ86*I86,2) -> 152.65 | Q86: =ROUND(CR86*I86,2) -> 939.7 | R86: =ROUND(CS86*I86,2) -> 383.24 | S86: =ROUND(CT86*I86,2) -> 6517.83 | T86: =ROUND(CU86*I86,2) -> 0 | U86: =CV86*I86 -> 137.43765 | V86: =CW86*I86 -> 4.66725 | W86: =ROUND(CX86*I86,2) -> 0 | X86: =ROUND(CY86,2) -> 7660.19 | Y86: =ROUND(CZ86,2) -> 4416.68 | AA86: 39278658 | AB86: =ROUND((AC86+AD86+AF86),2) -> 425.74 | AC86: =ROUND((ES86),2) -> 8.54 | AD86: =ROUND(((((ET86*1.25))-((EU86*1.25)))+AE86),2) -> 52.57 | AE86: =ROUND(((EU86*1.25)),2) -> 21.44 | AF86: =ROUND(((EV86*1.15)),2) -> 364.63 | AG86: =ROUND((AP86),2) -> 0 | AH86: =((EW86*1.15)) -> 46.7475 | AI86: =((EX86*1.25)) -> 1.5875 | AJ86: =ROUND((AS86),2) -> 0 | AK86: 367.66 | AL86: 8.54 | AM86: 42.05 | AN86: 17.15 | AO86: 317.07 | AP86: 0 | AQ86: 40.65 | AR86: 1.27 | AS86: 0 | AT86: 111 | AU86: 64 | AV86: 1 | AW86: 1 | AZ86: 6.08 | BA86: 6.08 | BB86: 6.08 | BC86: 6.08 | BH86: 0 | BI86: 1 | BJ86: ФЕР-2001, 11-01-011-03, приказ Минстроя России №1039/пр от 30.12.2016г. | BM86: 11001 | BN86: 0 | BP86: 0 | BQ86: 2 | BR86: 0 | BS86: 6.08 | BT86: 1 | BU86: 1 | BV86: 1 | BW86: 1 | BX86: 1 | BZ86: 123 | CA86: 75 | CF86: 0 | CG86: 0 | CM86: 0 | CN86: Поправка: МДС 81-35.2004, п.4.7 Наименование: Работы, выполняемые при реконструкции зданий и сооружений работы, аналогичные технологическим процессам в новом строительстве (в том числе возведение новых конструктивных элементов) стоимость которых определена по соответствующим сборникам ФЕР, кроме сборника № 46 «Работы при реконструкции зданий и сооружений» | CO86: 0 | CP86: =(P86+Q86+S86) -> 7610.18 | CQ86: =AC86*BC86 -> 51.9232 | CR86: =AD86*BB86 -> 319.6256 | CS86: =AE86*BS86 -> 130.3552 | CT86: =AF86*BA86 -> 2216.9504 | CU86: =AG86 -> 0 | CV86: =AH86 -> 46.7475 | CW86: =AI86 -> 1.5875 | CX86: =AJ86 -> 0 | CY86: =(((S86+R86)*AT86)/100) -> 7660.1877 | CZ86: =(((S86+R86)*AU86)/100) -> 4416.6848 | DE86: )*1,25 | DF86: )*1,25 | DG86: )*1,15 | DI86: )*1,15 | DJ86: )*1,25 | DN86: 0 | DO86: 0 | DP86: 1 | DQ86: 1 | DU86: 1005 | DV86: 100 м2 | DW86: 100 м2 | DX86: 100 | EE86: 39174504 | EF86: 2 | EG86: Общестроительные работы | EH86: 0 | EJ86: 1 | EK86: 11001 | EL86: Полы | EM86: ФЕР-11 | EO86: Поправка: МДС 81-35.2004, п.4.7 | EQ86: 0 | ER86: 367.66 | ES86: 8.54 | ET86: 42.05 | EU86: 17.15 | EV86: 317.07 | EW86: 40.65 | EX86: 1.27 | EY86: 0 | FQ86: 0 | FR86: =ROUND(IF(AND(BH86=3,BI86=3),P86,0),2) -> 0 | FS86: 0 | FT86: *0,9 | FU86: *0,85 | FX86: 110.7 | FY86: 63.75 | GD86: 0 | GF86: 1315376555 | GG86: 1 | GH86: 1 | GI86: 4 | GJ86: 0 | GK86: =ROUND(R86*(R12)/100,2) -> 0 | GL86: =ROUND(IF(AND(BH86=3,BI86=3,FS86<>0),P86,0),2) -> 0 | GM86: =ROUND(O86+X86+Y86+GK86,2)+GX86 -> 19687.05 | GN86: =IF(OR(BI86=0,BI86=1),ROUND(O86+X86+Y86+GK86,2),0) -> 19687.05 | GO86: =IF(BI86=2,ROUND(O86+X86+Y86+GK86,2),0) -> 0 | GP86: =IF(BI86=4,ROUND(O86+X86+Y86+GK86,2)+GX86,0) -> 0 | GR86: 0 | GS86: 3 | GT86: 0 | GV86: =ROUND(GT86,2) -> 0 | GW86: 1 | GX86: =ROUND(GV86*GW86*I86,2) -> 0 | HA86: 0 | HB86: 0 | IK86: 0
A87: 18 | B87: 1 | C87: 228 | E87: 32,1 | F87: 04.1.02.05-0007 | G87: Бетон тяжелый, класс В20 (М250) | H87: м3 | I87: =I86*J87 -> 5.9976 | J87: 2.04 | O87: =ROUND(CP87,2) -> 24249.5 | P87: =ROUND(CQ87*I87,2) -> 24249.5 | Q87: =ROUND(CR87*I87,2) -> 0 | R87: =ROUND(CS87*I87,2) -> 0 | S87: =ROUND(CT87*I87,2) -> 0 | T87: =ROUND(CU87*I87,2) -> 0 | U87: =CV87*I87 -> 0 | V87: =CW87*I87 -> 0 | W87: =ROUND(CX87*I87,2) -> 0 | X87: =ROUND(CY87,2) -> 0 | Y87: =ROUND(CZ87,2) -> 0 | AA87: 39278658 | AB87: =ROUND((AC87+AD87+AF87),2) -> 665 | AC87: =ROUND((ES87),2) -> 665 | AD87: =ROUND((((ET87)-(EU87))+AE87),2) -> 0 | AE87: =ROUND((EU87),2) -> 0 | AF87: =ROUND((EV87),2) -> 0 | AG87: =ROUND((AP87),2) -> 0 | AH87: =(EW87) -> 0 | AI87: =(EX87) -> 0 | AJ87: =ROUND((AS87),2) -> 0 | AK87: 665 | AL87: 665 | AM87: 0 | AN87: 0 | AO87: 0 | AP87: 0 | AQ87: 0 | AR87: 0 | AS87: 0 | AT87: 111 | AU87: 64 | AV87: 1 | AW87: 1 | AZ87: 6.08 | BA87: 1 | BB87: 1 | BC87: 6.08 | BH87: 3 | BI87: 1 | BJ87: ФССЦ-2001, 04.1.02.05-0007, приказ Минстроя России №1039/пр от 30.12.2016г. | BM87: 11001 | BN87: 0 | BP87: 0 | BQ87: 2 | BR87: 0 | BS87: 1 | BT87: 1 | BU87: 1 | BV87: 1 | BW87: 1 | BX87: 1 | BZ87: 123 | CA87: 75 | CF87: 0 | CG87: 0 | CM87: 0 | CO87: 0 | CP87: =(P87+Q87+S87) -> 24249.5 | CQ87: =AC87*BC87 -> 4043.2 | CR87: =AD87*BB87 -> 0 | CS87: =AE87*BS87 -> 0 | CT87: =AF87*BA87 -> 0 | CU87: =AG87 -> 0 | CV87: =AH87 -> 0 | CW87: =AI87 -> 0 | CX87: =AJ87 -> 0 | CY87: =(((S87+R87)*AT87)/100) -> 0 | CZ87: =(((S87+R87)*AU87)/100) -> 0 | DN87: 0 | DO87: 0 | DP87: 1 | DQ87: 1 | DU87: 1007 | DV87: м3 | DW87: м3 | DX87: 1 | EE87: 39174504 | EF87: 2 | EG87: Общестроительные работы | EH87: 0 | EJ87: 1 | EK87: 11001 | EL87: Полы | EM87: ФЕР-11 | EQ87: 0 | ER87: 665 | ES87: 665 | ET87: 0 | EU87: 0 | EV87: 0 | EW87: 0 | EX87: 0 | FQ87: 0 | FR87: =ROUND(IF(AND(BH87=3,BI87=3),P87,0),2) -> 0 | FS87: 0 | FT87: *0,9 | FU87: *0,85 | FX87: 110.7 | FY87: 63.75 | GD87: 0 | GF87: 1329812617 | GG87: 1 | GH87: 1 | GI87: 4 | GJ87: 0 | GK87: =ROUND(R87*(R12)/100,2) -> 0 | GL87: =ROUND(IF(AND(BH87=3,BI87=3,FS87<>0),P87,0),2) -> 0 | GM87: =ROUND(O87+X87+Y87+GK87,2)+GX87 -> 24249.5 | GN87: =IF(OR(BI87=0,BI87=1),ROUND(O87+X87+Y87+GK87,2),0) -> 24249.5 | GO87: =IF(BI87=2,ROUND(O87+X87+Y87+GK87,2),0) -> 0 | GP87: =IF(BI87=4,ROUND(O87+X87+Y87+GK87,2)+GX87,0) -> 0 | GR87: 0 | GS87: 3 | GT87: 0 | GV87: =ROUND(GT87,2) -> 0 | GW87: 1 | GX87: =ROUND(GV87*GW87*I87,2) -> 0 | HA87: 0 | HB87: 0 | IK87: 0
A88: 18 | B88: 1 | C88: 229 | E88: 32,2 | F88: 04.1.02.06 | G88: Бетон тяжелый | H88: м3 | I88: =I86*J88 -> 5.9976 | J88: 2.04 | O88: =ROUND(CP88,2) -> 0 | P88: =ROUND(CQ88*I88,2) -> 0 | Q88: =ROUND(CR88*I88,2) -> 0 | R88: =ROUND(CS88*I88,2) -> 0 | S88: =ROUND(CT88*I88,2) -> 0 | T88: =ROUND(CU88*I88,2) -> 0 | U88: =CV88*I88 -> 0 | V88: =CW88*I88 -> 0 | W88: =ROUND(CX88*I88,2) -> 0 | X88: =ROUND(CY88,2) -> 0 | Y88: =ROUND(CZ88,2) -> 0 | AA88: 39278658 | AB88: =ROUND((AC88+AD88+AF88),2) -> 0 | AC88: =ROUND((ES88),2) -> 0 | AD88: =ROUND((((ET88)-(EU88))+AE88),2) -> 0 | AE88: =ROUND((EU88),2) -> 0 | AF88: =ROUND((EV88),2) -> 0 | AG88: =ROUND((AP88),2) -> 0 | AH88: =(EW88) -> 0 | AI88: =(EX88) -> 0 | AJ88: =ROUND((AS88),2) -> 0 | AK88: 0 | AL88: 0 | AM88: 0 | AN88: 0 | AO88: 0 | AP88: 0 | AQ88: 0 | AR88: 0 | AS88: 0 | AT88: 111 | AU88: 64 | AV88: 1 | AW88: 1 | AZ88: 6.08 | BA88: 1 | BB88: 1 | BC88: 6.08 | BH88: 3 | BI88: 1 | BM88: 11001 | BN88: 0 | BP88: 0 | BQ88: 2 | BR88: 0 | BS88: 1 | BT88: 1 | BU88: 1 | BV88: 1 | BW88: 1 | BX88: 1 | BZ88: 123 | CA88: 75 | CF88: 0 | CG88: 0 | CM88: 0 | CO88: 0 | CP88: =(P88+Q88+S88) -> 0 | CQ88: =AC88*BC88 -> 0 | CR88: =AD88*BB88 -> 0 | CS88: =AE88*BS88 -> 0 | CT88: =AF88*BA88 -> 0 | CU88: =AG88 -> 0 | CV88: =AH88 -> 0 | CW88: =AI88 -> 0 | CX88: =AJ88 -> 0 | CY88: =(((S88+R88)*AT88)/100) -> 0 | CZ88: =(((S88+R88)*AU88)/100) -> 0 | DN88: 0 | DO88: 0 | DP88: 1 | DQ88: 1 | DU88: 1007 | DV88: м3 | DW88: м3 | DX88: 1 | EE88: 39174504 | EF88: 2 | EG88: Общестроительные работы | EH88: 0 | EJ88: 1 | EK88: 11001 | EL88: Полы | EM88: ФЕР-11 | EQ88: 0 | ER88: 0 | ES88: 0 | ET88: 0 | EU88: 0 | EV88: 0 | EW88: 0 | EX88: 0 | FQ88: 0 | FR88: =ROUND(IF(AND(BH88=3,BI88=3),P88,0),2) -> 0 | FS88: 0 | FT88: *0,9 | FU88: *0,85 | FX88: 110.7 | FY88: 63.75 | GD88: 0 | GF88: -355906858 | GG88: 1 | GH88: 1 | GI88: 4 | GJ88: 0 | GK88: =ROUND(R88*(R12)/100,2) -> 0 | GL88: =ROUND(IF(AND(BH88=3,BI88=3,FS88<>0),P88,0),2) -> 0 | GM88: =ROUND(O88+X88+Y88+GK88,2)+GX88 -> 0 | GN88: =IF(OR(BI88=0,BI88=1),ROUND(O88+X88+Y88+GK88,2),0) -> 0 | GO88: =IF(BI88=2,ROUND(O88+X88+Y88+GK88,2),0) -> 0 | GP88: =IF(BI88=4,ROUND(O88+X88+Y88+GK88,2)+GX88,0) -> 0 | GR88: 0 | GS88: 3 | GT88: 0 | GV88: =ROUND(GT88,2) -> 0 | GW88: 1 | GX88: =ROUND(GV88*GW88*I88,2) -> 0 | HA88: 0 | HB88: 0 | IK88: 0
A89: 17 | B89: 1 | C89: =ROW(SmtRes!A235) -> 235 | D89: =ROW(EtalonRes!A234) -> 234 | E89: 33 | F89: 11-01-011-04 | G89: Устройство стяжек на каждые 5 мм изменения толщины стяжки добавлять или исключать к расценке 11-01-011-03 | H89: 100 м2 | I89: =ROUND(294/100,9) -> 2.94 | J89: 0 | O89: =ROUND(CP89,2) -> 505.33 | P89: =ROUND(CQ89*I89,2) -> 0 | Q89: =ROUND(CR89*I89,2) -> 344.99 | R89: =ROUND(CS89*I89,2) -> 126.91 | S89: =ROUND(CT89*I89,2) -> 160.34 | T89: =ROUND(CU89*I89,2) -> 0 | U89: =CV89*I89 -> 3.381 | V89: =CW89*I89 -> 1.5435 | W89: =ROUND(CX89*I89,2) -> 0 | X89: =ROUND(CY89,2) -> 318.85 | Y89: =ROUND(CZ89,2) -> 183.84 | AA89: 39278658 | AB89: =ROUND((AC89+AD89+AF89),2) -> 28.27 | AC89: =ROUND(((ES89*2)),2) -> 0 | AD89: =ROUND(((((ET89*1.25*2))-((EU89*1.25*2)))+AE89),2) -> 19.3 | AE89: =ROUND(((EU89*1.25*2)),2) -> 7.1 | AF89: =ROUND(((EV89*1.15*2)),2) -> 8.97 | AG89: =ROUND((AP89),2) -> 0 | AH89: =((EW89*1.15*2)) -> 1.15 | AI89: =((EX89*1.25*2)) -> 0.525 | AJ89: =ROUND((AS89),2) -> 0 | AK89: 11.62 | AL89: 0 | AM89: 7.72 | AN89: 2.84 | AO89: 3.9 | AP89: 0 | AQ89: 0.5 | AR89: 0.21 | AS89: 0 | AT89: 111 | AU89: 64 | AV89: 1 | AW89: 1 | AZ89: 6.08 | BA89: 6.08 | BB89: 6.08 | BC89: 6.08 | BH89: 0 | BI89: 1 | BJ89: ФЕР-2001, 11-01-011-04, приказ Минстроя России №1039/пр от 30.12.2016г. | BM89: 11001 | BN89: 0 | BP89: 0 | BQ89: 2 | BR89: 0 | BS89: 6.08 | BT89: 1 | BU89: 1 | BV89: 1 | BW89: 1 | BX89: 1 | BZ89: 123 | CA89: 75 | CF89: 0 | CG89: 0 | CM89: 0 | CN89: Поправка: МДС 81-35.2004, п.4.7 Наименование: Работы, выполняемые при реконструкции зданий и сооружений работы, аналогичные технологическим процессам в новом строительстве (в том числе возведение новых конструктивных элементов) стоимость которых определена по соответствующим сборникам ФЕР, кроме сборника № 46 «Работы при реконструкции зданий и сооружений» | CO89: 0 | CP89: =(P89+Q89+S89) -> 505.33 | CQ89: =AC89*BC89 -> 0 | CR89: =AD89*BB89 -> 117.344 | CS89: =AE89*BS89 -> 43.168 | CT89: =AF89*BA89 -> 54.5376 | CU89: =AG89 -> 0 | CV89: =AH89 -> 1.15 | CW89: =AI89 -> 0.525 | CX89: =AJ89 -> 0 | CY89: =(((S89+R89)*AT89)/100) -> 318.8475 | CZ89: =(((S89+R89)*AU89)/100) -> 183.84 | DD89: *2 | DE89: )*1,25*2 | DF89: )*1,25*2 | DG89: )*1,15*2 | DI89: )*1,15*2 | DJ89: )*1,25*2 | DN89: 0 | DO89: 0 | DP89: 1 | DQ89: 1 | DU89: 1005 | DV89: 100 м2 | DW89: 100 м2 | DX89: 100 | EE89: 39174504 | EF89: 2 | EG89: Общестроительные работы | EH89: 0 | EJ89: 1 | EK89: 11001 | EL89: Полы | EM89: ФЕР-11 | EO89: Поправка: МДС 81-35.2004, п.4.7 | EQ89: 0 | ER89: 11.62 | ES89: 0 | ET89: 7.72 | EU89: 2.84 | EV89: 3.9 | EW89: 0.5 | EX89: 0.21 | EY89: 0 | FQ89: 0 | FR89: =ROUND(IF(AND(BH89=3,BI89=3),P89,0),2) -> 0 | FS89: 0 | FT89: *0,9 | FU89: *0,85 | FX89: 110.7 | FY89: 63.75 | GD89: 0 | GF89: 689531466 | GG89: 1 | GH89: 1 | GI89: 4 | GJ89: 0 | GK89: =ROUND(R89*(R12)/100,2) -> 0 | GL89: =ROUND(IF(AND(BH89=3,BI89=3,FS89<>0),P89,0),2) -> 0 | GM89: =ROUND(O89+X89+Y89+GK89,2)+GX89 -> 1008.02 | GN89: =IF(OR(BI89=0,BI89=1),ROUND(O89+X89+Y89+GK89,2),0) -> 1008.02 | GO89: =IF(BI89=2,ROUND(O89+X89+Y89+GK89,2),0) -> 0 | GP89: =IF(BI89=4,ROUND(O89+X89+Y89+GK89,2)+GX89,0) -> 0 | GR89: 0 | GS89: 3 | GT89: 0 | GV89: =ROUND(GT89,2) -> 0 | GW89: 1 | GX89: =ROUND(GV89*GW89*I89,2) -> 0 | HA89: 0 | HB89: 0 | IK89: 0
